Workbook
Name ___________________________rc: #REF!
Name ___________________________rc: #REF!
Name __________________________APU221: #REF!
Name __________________________APU221: #REF!
Name __________________________PJ50: #REF!
Name __________________________PJ50: #REF!
Name __________________________pj51: #REF!
Name __________________________pj51: #REF!
Name __________________________rc: #REF!
Name __________________________rc: #REF!
Name _________________________APU221: #REF!
Name _________________________APU221: #REF!
Name _________________________PJ50: #REF!
Name _________________________PJ50: #REF!
Name _________________________pj51: #REF!
Name _________________________pj51: #REF!
Name _________________________rc: #REF!
Name _________________________rc: #REF!
Name ________________________rc: #REF!
Name ________________________rc: #REF!
Name _______________________APU221: #REF!
Name _______________________APU221: #REF!
Name _______________________PJ50: #REF!
Name _______________________PJ50: #REF!
Name _______________________pj51: #REF!
Name _______________________pj51: #REF!
Name _______________________rc: #REF!
Name _______________________rc: #REF!
Name ______________________APU221: #REF!
Name ______________________APU221: #REF!
Name ______________________PJ50: #REF!
Name ______________________PJ50: #REF!
Name ______________________pj51: #REF!
Name ______________________pj51: #REF!
Name ______________________rc: #REF!
Name ______________________rc: #REF!
Name _____________________APU221: #REF!
Name _____________________APU221: #REF!
Name _____________________PJ50: #REF!
Name _____________________PJ50: #REF!
Name _____________________pj51: #REF!
Name _____________________pj51: #REF!
Name _____________________rc: #REF!
Name _____________________rc: #REF!
Name ____________________APU221: #REF!
Name ____________________APU221: #REF!
Name ____________________PJ50: #REF!
Name ____________________PJ50: #REF!
Name ____________________pj51: #REF!
Name ____________________pj51: #REF!
Name ____________________rc: #REF!
Name ____________________rc: #REF!
Name ___________________rc: #REF!
Name ___________________rc: #REF!
Name __________________APU221: #REF!
Name __________________APU221: #REF!
Name __________________PJ50: #REF!
Name __________________PJ50: #REF!
Name __________________pj51: #REF!
Name __________________pj51: #REF!

Sheet PPTO HOJA
A3: REPUBLICA DE COLOMBIA
A4: DEPARTAMENTO DE ANTIOQUIA
A5: MUNICIPIO DE ARBOLETES
A7: CONSTRUCCION DE OBRAS CIVILES COMPLEMENTARIAS PARA EL CORRECTO FUNCIONAMIENTO DEL PROYECTO DENOMINADO “PARQUE GEOLÓGICO, NATURAL, AMBIENTAL, CULTURAL Y TURÍSTICO, VOLCÁN DE LODO DE ARBOLETES”, QUE SE LLEVARÁ A CABO EN EL MUNICIPIO DE ARBOLETES-ANTIOQUIA | G7: CONCEPTO INVERVENTORÍA
A8: PRESUPUESTO | E8: CONSORCIO VOLCÁN | G8: INTERVENTORÍA
A9: Nº | B9: DESCRIPCIÓN | C9: UNID. | D9: CANT. | E9: VALOR UNITARIO | F9: VALOR TOTAL | G9: VALOR UNITARIO | H9: VALOR TOTAL
A11: 1 | B11: MOVIMIENTOS DE TIERRA | F11: =+SUM(F12:F15) -> 19112108 | H11: =+SUM(H12:H15) -> 15213132
A12: 1.01 | B12: Excavación manual en material común bajo cualquier grado de humedad | C12: m3 | D12: 115.14 | E12: =+'1.01'!J43 -> 41268 | F12: =ROUND(D12*E12,0) -> 4751598 | G12: =+'1.01'!U43 -> 41268 | H12: =ROUND(D12*G12,0) -> 4751598
A13: =A12+0.01 -> 1.02 | B13: Relleno con material mixto para cimentación de tubería | C13: m3 | D13: 9.9500097 | E13: =+'1.02'!J43 -> 249302 | F13: =ROUND(D13*E13,0) -> 2480557 | G13: =+'1.02'!$U$43 -> 177063 | H13: =ROUND(D13*G13,0) -> 1761779
A14: =A13+0.01 -> 1.03 | B14: Relleno con material seleccionado tipo afirmado | C14: m3 | D14: 34.923981 | E14: =+'1.03'!J43 -> 295704 | F14: =ROUND(D14*E14,0) -> 10327161 | G14: =+'1.03'!U43 -> 210982 | H14: =ROUND(D14*G14,0) -> 7368331
A15: =A14+0.01 -> 1.04 | B15: Relleno con material seleccionado de excavación | C15: m3 | D15: 51.03 | E15: =+'1.04'!J43 -> 30429 | F15: =ROUND(D15*E15,0) -> 1552792 | G15: ='1.04'!U43 -> 26091 | H15: =ROUND(D15*G15,0) -> 1331424
A16: 2 | B16: SISTEMA SANITARIO | F16: =+SUM(F17:F24) -> 10843805 | H16: =+SUM(H17:H24) -> 10624974
A17: =A16+0.01 -> 2.01 | B17: S/I Tubería Sanitaria Ø 2" PVC-S | C17: m | D17: 1.6 | E17: =+'2.01'!J43 -> 28287 | F17: =ROUND(D17*E17,0) -> 45259 | G17: =+'2.01'!U43 -> 28123 | H17: =ROUND(D17*G17,0) -> 44997
A18: =A17+0.01 -> 2.02 | B18: S/I Tubería Sanitaria Ø 3" PVC-S | C18: m | D18: 1 | E18: =+'2.02'!J43 -> 38736 | F18: =ROUND(D18*E18,0) -> 38736 | G18: =+'2.02'!U43 -> 37448 | H18: =ROUND(D18*G18,0) -> 37448
A19: =+A18+0.01 -> 2.03 | B19: S/I Tubería Sanitaria Ø 4" PVC-S | C19: m | D19: 29.85 | E19: =+'2.03'!J43 -> 50478 | F19: =ROUND(D19*E19,0) -> 1506768 | G19: =+'2.03'!U43 -> 49581 | H19: =ROUND(D19*G19,0) -> 1479993
A20: 2.04 | B20: S/I Codo 90° PVC-S Ø2" | C20: und | D20: 4 | E20: =+'2.04'!J43 -> 6684 | F20: =ROUND(D20*E20,0) -> 26736 | G20: =+'2.04'!U43 -> 6473 | H20: =ROUND(D20*G20,0) -> 25892
A21: 2.05 | B21: S/I Codo 90° PVC-S Ø3" | C21: und | D21: 2 | E21: =+'2.05'!J43 -> 12520 | F21: =ROUND(D21*E21,0) -> 25040 | G21: =+'2.05'!U43 -> 12381 | H21: =ROUND(D21*G21,0) -> 24762
A22: 2.06 | B22: S/I Codo 90° PVC-S Ø4" | C22: und | D22: 6 | E22: =+'2.06'!J43 -> 20791 | F22: =ROUND(D22*E22,0) -> 124746 | G22: =+'2.06'!U43 -> 20493 | H22: =ROUND(D22*G22,0) -> 122958
A23: 2.07 | B23: Caja de registro en concreto reforzado de resistencia 28 Mpa de seción hidráulica interna de 0.30m x 0.30m x 0.80m, incluye tapa, refuerzo, mortero impermeabilizante, excavacion y relleno | C23: und | D23: 4 | E23: =+'2.07'!J45 -> 946521 | F23: =ROUND(D23*E23,0) -> 3786084 | G23: =+'2.07'!U45 -> 901356 | H23: =ROUND(D23*G23,0) -> 3605424
A24: =+A23+0.01 -> 2.08 | B24: Caja de registro en concreto reforzado de resistencia 28 Mpa de seción hidráulica interna de 0.50m x 0.50m x 0.90m, incluye tapa, refuerzo, mortero impermeabilizante, excavacion y relleno | C24: und | D24: 4 | E24: =+'2.08'!J44 -> 1322609 | F24: =ROUND(D24*E24,0) -> 5290436 | G24: =+'2.08'!U44 -> 1320875 | H24: =ROUND(D24*G24,0) -> 5283500
A25: =A16+1 -> 3 | B25: SISTEMA HIDRÁULICO | F25: =SUM(F26:F31) -> 792434 | H25: =SUM(H26:H31) -> 782047
A26: 3.01 | B26: S/I Tubería Presión PVC-P Ø 1 1/2" RDE 21 | C26: m | D26: 11 | E26: =+'3.01'!J43 -> 22164 | F26: =ROUND(D26*E26,0) -> 243804 | G26: =+'3.01'!U43 -> 22087 | H26: =ROUND(D26*G26,0) -> 242957
A27: =A26+0.01 -> 3.02 | B27: S/I Tubería Presión PVC-P Ø 1 1/4" RDE 21 | C27: m | D27: 13.5 | E27: =+'3.02'!J43 -> 18352 | F27: =ROUND(D27*E27,0) -> 247752 | G27: =+'3.02'!U43 -> 18284 | H27: =ROUND(D27*G27,0) -> 246834
A28: =A27+0.01 -> 3.03 | B28: S/I Tubería Presión PVC-P Ø 3/4" RDE 21 | C28: m | D28: 14 | E28: =+'3.03'!J43 -> 9224 | F28: =ROUND(D28*E28,0) -> 129136 | G28: =+'3.03'!U43 -> 9170 | H28: =ROUND(D28*G28,0) -> 128380
A29: =A28+0.01 -> 3.04 | B29: S/I Codo 90° PVC-P Ø 1 1/2" | C29: und | D29: 6 | E29: =+'3.04'!J43 -> 12829 | F29: =ROUND(D29*E29,0) -> 76974 | G29: =+'3.04'!U43 -> 12558 | H29: =ROUND(D29*G29,0) -> 75348
A30: =A29+0.01 -> 3.05 | B30: S/I Codo 90° PVC-P Ø 1 1/4" | C30: und | D30: 8 | E30: =+'3.05'!J43 -> 7966 | F30: =ROUND(D30*E30,0) -> 63728 | G30: =+'3.05'!U43 -> 7610 | H30: =ROUND(D30*G30,0) -> 60880
A31: =A30+0.01 -> 3.06 | B31: S/I Codo 90° PVC-P Ø 3/4" | C31: und | D31: 8 | E31: =+'3.06'!J43 -> 3880 | F31: =ROUND(D31*E31,0) -> 31040 | G31: =+'3.06'!U43 -> 3456 | H31: =ROUND(D31*G31,0) -> 27648
A32: 4 | B32: SISTEMA DE DRENAJE | F32: =SUM(F33:F41) -> 22148502 | H32: =SUM(H33:H41) -> 18141617
A33: 4.01 | B33: S/I Tubería Sanitaria Ø 4" PVC-S | C33: m | D33: 117.5 | E33: =+'4.01'!J43 -> 50478 | F33: =ROUND(D33*E33,0) -> 5931165 | G33: =+'4.01'!U43 -> 49581 | H33: =ROUND(D33*G33,0) -> 5825768
A34: =A33+0.01 -> 4.02 | B34: S/I Tubería Sanitaria Corrugada Ø 160mm PVC-S8 | C34: m | D34: 17.75 | E34: =+'4.02'!J43 -> 70037 | F34: =ROUND(D34*E34,0) -> 1243157 | G34: =+'4.02'!U43 -> 67669 | H34: =ROUND(D34*G34,0) -> 1201125
A35: =A34+0.01 -> 4.03 | B35: S/I Yee Sanitaria CC 4" x 4" PVC - S | C35: und | D35: 16 | E35: =+'4.03'!J43 -> 42264 | F35: =ROUND(D35*E35,0) -> 676224 | G35: =+'4.03'!U43 -> 41966 | H35: =ROUND(D35*G35,0) -> 671456
A36: =A35+0.01 -> 4.04 | B36: S/I Codo 45° Ø 6" PVC - S | C36: und | D36: 1 | E36: =+'4.04'!J43 -> 83814 | F36: =ROUND(D36*E36,0) -> 83814 | G36: =+'4.04'!U43 -> 83470 | H36: =ROUND(D36*G36,0) -> 83470
A37: =A36+0.01 -> 4.05 | B37: S/I Codo 90° Ø 4" PVC - S | C37: und | D37: 1 | E37: =+'4.05'!J43 -> 20660 | F37: =ROUND(D37*E37,0) -> 20660 | G37: =+'4.05'!U43 -> 20055 | H37: =ROUND(D37*G37,0) -> 20055
A38: =A37+0.01 -> 4.06 | B38: S/I Codo 45° Ø 4" PVC - S | C38: und | D38: 4 | E38: =+'4.06'!J43 -> 24536 | F38: =ROUND(D38*E38,0) -> 98144 | G38: =+'4.06'!U43 -> 23931 | H38: =ROUND(D38*G38,0) -> 95724
A39: =A38+0.01 -> 4.07 | B39: Relleno con material tipo filtrante para drenaje francés | C39: m3 | D39: 6.8984071 | E39: =+'4.07'!J43 -> 303181 | F39: =ROUND(D39*E39,0) -> 2091466 | G39: =+'4.07'!U43 -> 213339 | H39: =ROUND(D39*G39,0) -> 1471699
A40: =A39+0.01 -> 4.08 | B40: Geotextil no tejido para drenaje francés (NT-2500) | C40: m2 | D40: 48 | E40: =+'4.08'!$J$45 -> 27657 | F40: =ROUND(D40*E40,0) -> 1327536 | G40: =+'4.08'!U45 -> 22670 | H40: =ROUND(D40*G40,0) -> 1088160
A41: =A40+0.01 -> 4.09 | B41: S/I Tubería Sanitaria descolgada Ø 4" PVC-S (Incluye codos 90° PVC-S 4", pintura color verde olivo semimate y abrazaderas metálicas 4") | C41: m | D41: 88 | E41: =+'4.09'!J47 -> 121322 | F41: =ROUND(D41*E41,0) -> 10676336 | G41: =+'4.09'!U47 -> 87320 | H41: =ROUND(D41*G41,0) -> 7684160
A42: 5 | B42: OBRAS CIVILES DE ESTRUCTURAS EN MADERA | F42: =SUM(F43:F52) -> 191221445 | H42: =SUM(H43:H52) -> 168026228
A43: 5.01 | B43: Suministro e Instalación de piedra Coralina en retal con especificaciones según planos arquitectónicos | C43: m2 | D43: 82.4 | E43: =+'5.01'!J43 -> 59504 | F43: =ROUND(D43*E43,0) -> 4903130 | G43: =+'5.01'!U43 -> 116259 | H43: =ROUND(D43*G43,0) -> 9579742
A44: 5.02 | B44: Mortero 1:4 para adherencia de Piedra Coralina | C44: m3 | D44: =D43*0.12 -> 9.888 | E44: =+'5.02'!J43 -> 894048 | F44: =+ROUND(D44*E44,0) -> 8840347
A45: 5.03 | B45: Malla Electrosoldada Ref XX84 o similar 15x15 cm | C45: kg | D45: 112.8 | E45: =+'5.03'!J43 -> 8714 | F45: =+ROUND(D45*E45,0) -> 982939
A46: 5.04 | B46: Levante en mampostería estructural en bloque de concreto de 20 cm x 20 cm x 40 cm (Incluye mortero 1:4 y relleno tipo Grouting) | C46: m2 | D46: 195.3 | E46: =+'5.04'!J43 -> 230545 | F46: =ROUND(D46*E46,0) -> 45025439 | G46: =+'5.04'!U43 -> 225172 | H46: =ROUND(D46*G46,0) -> 43976092
A47: 5.05 | B47: Relleno con subbase granular | C47: m3 | D47: 5.25 | E47: =+'5.05'!J43 -> 327955 | F47: =ROUND(D47*E47,0) -> 1721764 | G47: =+'5.05'!U43 -> 153750 | H47: =ROUND(D47*G47,0) -> 807188
A48: 5.06 | B48: Relleno con material triturado para cimentación | C48: m3 | D48: 5.25 | E48: =+'5.06'!J43 -> 303181 | F48: =ROUND(D48*E48,0) -> 1591700 | G48: =+'5.06'!U43 -> 203356 | H48: =ROUND(D48*G48,0) -> 1067619
A49: 5.07 | B49: Concreto de Resistencia 5000 PSI para cimentación | C49: m3 | D49: 29.6436 | E49: =+'5.07'!J45 -> 1381773 | F49: =ROUND(D49*E49,0) -> 40960726 | G49: =+'5.07'!U45 -> 1159315 | H49: =ROUND(D49*G49,0) -> 34366270
A50: 5.08 | B50: Concreto Ciclopeo de Resistencia de 3000 PSI para cimentación | C50: m3 | D50: 44.919 | E50: =+'5.08'!J42 -> 1021730 | F50: =ROUND(D50*E50,0) -> 45895090 | G50: =+'5.08'!U42 -> 1057975 | H50: =ROUND(D50*G50,0) -> 47523179
A51: 5.09 | B51: Acero de refuerzo fy 420 MPa | C51: kg | D51: 2988.4048 | E51: =+'5.09'!J45 -> 8819 | F51: =ROUND(D51*E51,0) -> 26354742 | G51: =+'5.09'!U45 -> 8582 | H51: =ROUND(D51*G51,0) -> 25646490
A52: 5.1 | B52: Anclaje en acero en estructuras de cimentación (Incluye perforación y epóxico para fijar acero de refuerzo en concreto endurecido) | C52: und | D52: 176 | E52: =+'5.10'!J43 -> 84918 | F52: =ROUND(D52*E52,0) -> 14945568 | G52: =+'5.10'!U43 -> 28748 | H52: =ROUND(D52*G52,0) -> 5059648
A53: 6 | B53: ESTRUCTURA DE ACCESO AL VOLCAN | F53: =SUM(F54:F67) -> 78309594 | H53: =SUM(H54:H67) -> 14648524
A54: 6.01 | B54: Excavación y perfilado manual de material común para profundidades < 1 metro | C54: m3 | D54: 10.704 | E54: =+'6.01'!J43 -> 55024 | F54: =ROUND(D54*E54,0) -> 588977 | G54: =+'6.01'!U43 -> 55024 | H54: =ROUND(D54*G54,0) -> 588977
A55: 6.02 | B55: Construcción de pilote tipo Casisson h = 0.00 < 1.00 m, diámetro interno de 1.20 m, Incluye anillo en concreto reforzado e=10 cm (diámetro total de 1.40 m). Incluye excavación varia en material común bajo cualquier grado de humedad, transporte y disposición final de los materiales y medido en su posición original. | C55: m | D55: 2 | E55: =+'6.02'!J44 -> 2669912 | F55: =ROUND(D55*E55,0) -> 5339824 | G55: =+'6.02'!U44 -> 1167438 | H55: =ROUND(D55*G55,0) -> 2334876
A56: 6.03 | B56: Construcción de pilote tipo Casisson h = 1.00 < 2.00 m, diámetro interno de 1.20 m, Incluye anillo en concreto reforzado e=10 cm (diámetro total de 1.40 m). Incluye excavación varia en material común bajo cualquier grado de humedad, transporte y disposición final de los materiales y medido en su posición original. | C56: m | D56: 2 | E56: =+'6.03'!J44 -> 2995494 | F56: =ROUND(D56*E56,0) -> 5990988
A57: 6.04 | B57: Construcción de pilote tipo Casisson h = 2.00 < 3.00 m, diámetro interno de 1.20 m, Incluye anillo en concreto reforzado e=10 cm (diámetro total de 1.40 m). Incluye excavación varia en material común bajo cualquier grado de humedad, transporte y disposición final de los materiales y medido en su posición original. | C57: m | D57: 2 | E57: =+'6.04'!J44 -> 3571956 | F57: =ROUND(D57*E57,0) -> 7143912
A58: 6.05 | B58: Construcción de pilote tipo Casisson h = 3.00 < 4.00 m, diámetro interno de 1.20 m, Incluye anillo en concreto reforzado e=10 cm (diámetro total de 1.40 m). Incluye excavación varia en material común bajo cualquier grado de humedad, transporte y disposición final de los materiales y medido en su posición original. | C58: m | D58: 2 | E58: =+'6.05'!J44 -> 3922721 | F58: =ROUND(D58*E58,0) -> 7845442
A59: 6.06 | B59: Construcción de pilote tipo Casisson h = 4.00 < 5.00 m, diámetro interno de 1.20 m, Incluye anillo en concreto reforzado e=10 cm (diámetro total de 1.40 m). Incluye excavación varia en material común bajo cualquier grado de humedad, transporte y disposición final de los materiales y medido en su posición original. | C59: m | D59: 2 | E59: =+'6.06'!J44 -> 4273485 | F59: =ROUND(D59*E59,0) -> 8546970
A60: 6.07 | B60: Construcción de pilote tipo Casisson h = 5.00 < 6.00 m, diámetro interno de 1.20 m, Incluye anillo en concreto reforzado e=10 cm (diámetro total de 1.40 m). Incluye excavación varia en material común bajo cualquier grado de humedad, transporte y disposición final de los materiales y medido en su posición original. | C60: m | D60: 2 | E60: =+'6.07'!J44 -> 4624250 | F60: =ROUND(D60*E60,0) -> 9248500
A61: 6.08 | B61: Construcción de pilote tipo Casisson h = 6.00 < 7.00 m, diámetro interno de 1.20 m, Incluye anillo en concreto reforzado e=10 cm (diámetro total de 1.40 m). Incluye excavación varia en material común bajo cualquier grado de humedad, transporte y disposición final de los materiales y medido en su posición original. | C61: m | D61: 2 | E61: =+'6.08'!J44 -> 4975014 | F61: =ROUND(D61*E61,0) -> 9950028
A62: 6.09 | B62: Construcción de pilote tipo Casisson h = 7.00 < 8.00 m, diámetro interno de 1.20 m, Incluye anillo en concreto reforzado e=10 cm (diámetro total de 1.40 m). Incluye excavación varia en material común bajo cualquier grado de humedad, transporte y disposición final de los materiales y medido en su posición original. | C62: m | D62: 2 | E62: =+'6.09'!J44 -> 5805214 | F62: =ROUND(D62*E62,0) -> 11610428
A63: 6.1 | B63: Mortero 1:4 para adherencia de zapata con cimentación | C63: m3 | D63: 0.144 | E63: =+'6.10'!J43 -> 894048 | F63: =ROUND(D63*E63,0) -> 128743 | G63: =+'6.10'!U43 -> 609756 | H63: =ROUND(D63*G63,0) -> 87805
A64: 6.11 | B64: Concreto Ciclopeo de Resistencia de 5000 PSI para cimentación | C64: m3 | D64: 7.496 | E64: =+'6.11'!J42 -> 987027 | F64: =ROUND(D64*E64,0) -> 7398754 | G64: =+'6.11'!U42 -> 978664 | H64: =ROUND(D64*G64,0) -> 7336065
A65: 6.12 | B65: Concreto de Resistencia 2000 PSI para solado de estructura e=0.05m | C65: m2 | D65: 2.24 | E65: =+'6.12'!J43 -> 27112 | F65: =ROUND(D65*E65,0) -> 60731 | G65: =+'6.12'!J43 -> 27112 | H65: =ROUND(D65*G65,0) -> 60731
A66: 6.13 | B66: Concreto de Resistencia 5000 PSI para cimentación | C66: m3 | D66: 0.91 | E66: =+'6.13'!J45 -> 1381773 | F66: =ROUND(D66*E66,0) -> 1257413 | G66: =+'6.13'!U45 -> 1238629 | H66: =ROUND(D66*G66,0) -> 1127152
A67: 6.14 | B67: Acero de refuerzo fy 420 MPa | C67: kg | D67: 362.7264 | E67: =+'6.14'!J45 -> 8819 | F67: =ROUND(D67*E67,0) -> 3198884 | G67: =+'6.14'!U45 -> 8582 | H67: =ROUND(D67*G67,0) -> 3112918
A68: 7 | B68: COMPONENTE ELÉCTRICO | F68: =SUM(F69:F84) -> 374048014 | H68: =SUM(H69:H84) -> 368157086
A69: 7.01 | B69: Suministro e Instalación de equipo de medida en poste contador electronico 3x220/127 v, 5a homologado por la empresa de energía | C69: und | D69: 1 | E69: =+'7.01'!J48 -> 6386292 | F69: =ROUND(D69*E69,0) -> 6386292 | G69: =+'7.01'!U48 -> 6386292 | H69: =ROUND(D69*G69,0) -> 6386292
A70: =+A69+0.01 -> 7.02 | B70: Suministro e instalacion de cajas de paso de 10cm x 10cm para distribución y empalmes de conductores | C70: und | D70: 32 | E70: =+'7.02'!J46 -> 57079 | F70: =ROUND(D70*E70,0) -> 1826528 | G70: =+'7.02'!U46 -> 57079 | H70: =ROUND(D70*G70,0) -> 1826528
A71: =+A70+0.01 -> 7.03 | B71: Suministro e Instalacion de de gabinete principal tipo interior incluye: 1 totalizador de 250 amp, 2 totalizadores de 40 amp, 2 totalizadores de 40amp, 3 totalizadores de 50amp, 2 totalizadores de 80 amp , 5 reservas equipadas, barraje de 300 amp cableado y certificado | C71: und | D71: 1 | E71: =+'7.03'!J46 -> 23433168 | F71: =ROUND(D71*E71,0) -> 23433168 | G71: =+'7.03'!U46 -> 23433168 | H71: =ROUND(D71*G71,0) -> 23433168
A72: =+A71+0.01 -> 7.04 | B72: Construcción de cuarto electrico de 3mx3m para encerramiento y ubicación de gabinete general, tablero de distribución y rack de comunicaciones | C72: und | D72: 1 | E72: =+'7.04'!J56 -> 25340062 | F72: =ROUND(D72*E72,0) -> 25340062 | G72: =+'7.04'!U48 -> 20728504 | H72: =ROUND(D72*G72,0) -> 20728504
A73: =+A72+0.01 -> 7.05 | B73: Suministro e Instalación de tablero mb de 24 ctos monofásico con puerta | C73: und | D73: 2 | E73: =+'7.05'!J45 -> 1075315 | F73: =ROUND(D73*E73,0) -> 2150630 | G73: =+'7.05'!U47 -> 1075315 | H73: =ROUND(D73*G73,0) -> 2150630
A74: =+A73+0.01 -> 7.06 | B74: Suministro e Instalación de tablero mb de 18 ctos monofásico con puerta | C74: und | D74: 1 | E74: =+'7.06'!J46 -> 974515 | F74: =ROUND(D74*E74,0) -> 974515 | G74: =+'7.06'!U47 -> 974515 | H74: =ROUND(D74*G74,0) -> 974515
A75: =+A74+0.01 -> 7.07 | B75: Suministro e Instalación breakers enchufables monopolares de 1x20 amp | C75: und | D75: 66 | E75: =+'7.07'!J46 -> 27707 | F75: =ROUND(D75*E75,0) -> 1828662 | G75: =+'7.07'!U46 -> 27707 | H75: =ROUND(D75*G75,0) -> 1828662
A76: =+A75+0.01 -> 7.08 | B76: Suministro, Transporte e Instalacion de postes de concreto de 12 metros x 750 kgf para iluminacion exterior | C76: und | D76: 35 | E76: =+'7.08'!J46 -> 2943981 | F76: =ROUND(D76*E76,0) -> 103039335 | G76: =+'7.08'!U46 -> 2943981 | H76: =ROUND(D76*G76,0) -> 103039335
A77: =+A76+0.01 -> 7.09 | B77: Suministro e Instalacion de acometida para iluminación exterior en cable 2f#6 + 1n#6 +1t#8 aluminio serie 8 mil | C77: m | D77: 1200 | E77: =+'7.09'!J46 -> 68370 | F77: =ROUND(D77*E77,0) -> 82044000 | G77: =+'7.09'!U46 -> 68370 | H77: =ROUND(D77*G77,0) -> 82044000
A78: =+A77+0.01 -> 7.1 | B78: Suministro e Instalacion de reflectores tipo led 200 w | C78: und | D78: 35 | E78: =+'7.10'!J46 -> 318406 | F78: =ROUND(D78*E78,0) -> 11144210 | G78: =+'7.10'!U46 -> 318406 | H78: =ROUND(D78*G78,0) -> 11144210
A79: =+A78+0.01 -> 7.11 | B79: Suministro e Instalacion de led deco bolardo de 10w y estructura de anclaje para soportar bolardo de luminaria según especificaciones en el plano eléctrico | C79: und | D79: 155 | E79: =+'7.11'!J46 -> 318406 | F79: =ROUND(D79*E79,0) -> 49352930 | G79: =+'7.11'!U47 -> 310152 | H79: =ROUND(D79*G79,0) -> 48073560
A80: =+A79+0.01 -> 7.12 | B80: Suministros e Instalación de ductos en tuberia sch40 1-1/4" para alumbrado de senderos | C80: m | D80: 90 | E80: =+'7.12'!J46 -> 40406 | F80: =ROUND(D80*E80,0) -> 3636540 | G80: =+'7.12'!U46 -> 40406 | H80: =ROUND(D80*G80,0) -> 3636540
A81: =+A80+0.01 -> 7.13 | B81: Suministros e Instalación de ductos en tuberia sch40 1" para alumbrado de senderos | C81: m | D81: 120 | E81: =+'7.13'!J46 -> 34710 | F81: =ROUND(D81*E81,0) -> 4165200 | G81: =+'7.13'!U46 -> 34710 | H81: =ROUND(D81*G81,0) -> 4165200
A82: =+A81+0.01 -> 7.14 | B82: Suministros eInstalación de ductos en tuberia sch40 3/4" para alumbrado de senderos | C82: m | D82: 210 | E82: =+'7.14'!J46 -> 28032 | F82: =ROUND(D82*E82,0) -> 5886720 | G82: =+'7.14'!U46 -> 28032 | H82: =ROUND(D82*G82,0) -> 5886720
A83: =+A82+0.01 -> 7.15 | B83: Suministro e Instalacion de cable encauchetado 3x14 thnnw incluye accesorios de fijación en poste, para alimentacion desde acometida de iluminacion exterrior hasta reflectores led de 200w | C83: m | D83: 700 | E83: =+'7.15'!J46 -> 56565 | F83: =ROUND(D83*E83,0) -> 39595500 | G83: =+'7.15'!U46 -> 56565 | H83: =ROUND(D83*G83,0) -> 39595500
A84: =+A83+0.01 -> 7.16 | B84: Certificacion RETIE ( Distribución y transformacion), No incluye uso final de las instalaciones. | C84: und | D84: 1 | E84: =+'7.16'!J47 -> 13243722 | F84: =ROUND(D84*E84,0) -> 13243722 | G84: =+'7.16'!U47 -> 13243722 | H84: =ROUND(D84*G84,0) -> 13243722
A85: 8 | B85: RETIRO DE MATERIAL SOBRANTE | F85: =F86 -> 1870724 | H85: =H86 -> 1651893
A86: 8.01 | B86: Transporte de material sobrante proveniente de excavación, escombros, agregados sueltos y capa orgánica a 10.5 km | C86: m³/km | D86: 1122.21 | E86: =+'8.01'!J45 -> 1667 | F86: =ROUND(D86*E86,0) -> 1870724 | G86: =+'8.01'!U45 -> 1472 | H86: =ROUND(D86*G86,0) -> 1651893
A88: TOTAL COSTOS DIRECTOS | F88: =+F11+F16+F25+F32+F42+F53+F68+F85 -> 698346626 | H88: =+H85+H68+H42+H32+H25+H16+H11+H53 -> 597245501
A89: ADMINISTRACIÓN | E89: 0.25 | F89: =ROUND($F$88*E89,0) -> 174586657 | H89: =ROUND($H$88*E89,0) -> 149311375
A90: IMPREVISTOS | E90: 0 | F90: =ROUND($F$88*E90,0) -> 0
A91: UTILIDAD | E91: 0.05 | F91: =ROUND($F$88*E91,0) -> 34917331 | H91: =ROUND($H$88*E91,0) -> 29862275
A92: TOTAL COSTOS INDIRECTOS | F92: =SUM(F89:F91) -> 209503988 | H92: =SUM(H89:H91) -> 179173650
E93: PGIO 2% | F93: =ROUNDUP(SUM(F92+F88)*2%,0) -> 18157013 | H93: =ROUNDUP(SUM(H92+H88)*2%,0) -> 15528384
A94: TOTAL COSTO OBRA CIVIL | F94: =F88+F92+F93 -> 926007627 | H94: =H88+H92+H93 -> 791947535
F103: CONTRATISTA | G103: INTERVENTORÍA | H103: DIFERENCIA
D104: OBRA CIVIL | E104: Costo directo | F104: =+F85+F42+F32+F25+F16+F11+F53 -> 324298612 | G104: =+H85+H42+H32+H25+H16+H11+H53 -> 229088415
E105: AU incluido | F105: =+F104*E110 -> 4.3001996e+08 | G105: =+G104*E110 -> 3.0377124e+08 | H105: =+F105-G105 -> 1.2624872e+08
D106: ELECTRICO | E106: Costo directo | F106: =+F68 -> 374048014 | G106: =+H68 -> 368157086
E107: AU incluido | F107: =+F106*E110 -> 4.9598767e+08 | G107: =+G106*E110 -> 4.881763e+08 | H107: =+F107-G107 -> 7811370.5
E108: TOTAL | F108: =+F107+F105 -> 9.2600763e+08 | G108: =+G105+G107 -> 7.9194753e+08 | H108: =+F108-G108 -> 1.3406009e+08
E110: 1.326

Sheet AU + PGIO
A2: EMPRESA DE DESARROLLO URBANO DE LA CEJA
A3: =+'PPTO HOJA'!A7 -> CONSTRUCCION DE OBRAS CIVILES COMPLEMENTARIAS PARA EL CORRECTO FUNCIONAMIENTO DEL PROYECTO DENOMINADO “PARQUE GEOLÓGICO, NATURAL, AMBIENTAL, CULTURAL Y TURÍSTICO, VOLCÁN DE LODO DE ARBOLETES”, QUE SE LLEVARÁ A CABO EN EL MUNICIPIO DE ARBOLETES-ANTIOQUIA
A5: AU - PGIO
O6: 1.2
C7: COSTO DIRECTO DE OBRA (CD) | D7: =+'PPTO HOJA'!F88 -> 698346626 | N7: 4973212298 | O7: 0.26 | P7: 979572119
C8: TERMINO DE EJECUCIÓN DE OBRA ( MESES ) | D8: 2 | N8: 2.770611e+08 | O8: 0.01 | P8: 37675851
A9: A. ADMINISTRACIÓN | N9: 69265275 | O9: 0.05 | P9: 188379254
P10: 4973212298
A11: CANTIDAD | C11: DESCRIPCION DEL CARGO | D11: DEDICACIÓN MES | E11: SALARIO MENSUAL | F11: FACTOR PRESTACIONAL | G11: PLAZO CONSTRUCCION | H11: CANTIDAD DE PERSONAL / DEDICACION/SALARIO / PLAZO/FACTOR PRESTACIONAL | J11: 1 | P11: 0
A12: A | D12: C | E12: D | F12: E | G12: D | H12: F = A * B * C * D * E | P12: 51126445
A13: 1.1 PERSONAL PROFESIONAL Y ESPECIALISTAS | I13: 1.16 | P13: 0.010280367
A14: 1 | C14: Director de Obra | D14: 0.25 | E14: =4000000*1.19 -> 4760000 | F14: 1.8 | G14: =+D8 -> 2 | H14: =A14*D14*E14*F14*G14 -> 4284000 | J14: 3550000
A15: Funciones: | C15: (Dirigir, coordinar, verificar la ejecución de todas las actividades de obras en los plazos requeridos por el contratante. Esto incluye la coordinación de todas las áreas técnicas, así como las solicitudes provenientes de la parte administrativa, jurídica, legal y social en los que hubiere necesidad de su participación. Producción de informes de acuerdo a las solicitudes de la entidad contratante. Participación en comités. Entrega de productos, y seguimiento del plan de calidad de la empresa). Debe ser un Profesional de la Ingeniería (o Arquitectura), con los conocimientos técnicos mínimos necesarios para velar por la adecuada ejecución de la obra en concordancia con los Planos de Proyecto, con las normas Técnicas de Construcción vigentes, con la Planificación estipulada para la ejecución y, en general, con las condiciones acordadas legalmente con el Contratante de la obra.)
A16: 1 | C16: Residente de Obra | D16: 1 | E16: =1300000*1.16 -> 1508000 | F16: 1.8 | G16: =+G14 -> 2 | H16: =A16*D16*E16*F16*G16 -> 5428800 | J16: 3500000
A17: Funciones: | C17: (Planear, coordinar, verificar la correcta ejecución de todas las actividades de obras en los plazos requeridos por el contratante, de acuerdo con lo establecido en los terminos de referencia, dejar constancia de la correcta ejecución de las obras mediante registro fotográfico. Estará bajo la supervisión del Director de Obra. Debe ser un Profesional de la Ingeniería (o Arquitectura), con los conocimientos técnicos mínimos necesarios para velar por la adecuada ejecución de la obra en concordancia con los Planos de Proyecto, con las normas Técnicas de Construcción vigentes, con la Planificación estipulada para la ejecución y, en general, con las condiciones acordadas legalmente con el Contratante de la obra.)
A18: 0 | C18: Residente de Obra - Saneamiento Básico | D18: 0.5 | E18: =+E16 -> 1508000 | F18: 1.8 | G18: =+G16 -> 2 | H18: =A18*D18*E18*F18*G18 -> 0 | J18: 3500000
A19: Funciones: | C19: (Planear, coordinar, verificar la correcta ejecución de todas las actividades de obras en los plazos requeridos por el contratante, de acuerdo con lo establecido en los terminos de referencia, dejar constancia de la correcta ejecución de las obras mediante registro fotográfico. Estará bajo la supervisión del Director de Obra. Debe ser un Profesional de la Ingeniería (o Arquitectura), con los conocimientos técnicos mínimos necesarios para velar por la adecuada ejecución de la obra en concordancia con los Planos de Proyecto, con las normas Técnicas de Construcción vigentes, con la Planificación estipulada para la ejecución y, en general, con las condiciones acordadas legalmente con el Contratante de la obra.)
A20: 0 | C20: Profesional Ambiental | D20: 1 | E20: =+E16 -> 1508000 | F20: 1.8 | G20: =+G16 -> 2 | H20: =A20*D20*E20*F20*G20 -> 0 | J20: 3500000
A21: Funciones: | C21: (Profesional con capacidad de identificar, comprender, proponer, planificar e implementar medidas para prevenir, controlar o mitigar los peligros y/o impactos ambientales que se generen durante el desarrollo de la obra. Debe ser un profesional ambiental y/o sanitario, con los conocimientos técnico mínimos para velar por la adecuada ejecución de la obra en concordancia con los planos del proyecto, con las normas técnicas ambientales y de construcción vigente , con la planificación estipulada para la ejecución, y en general, con las condiciones acordadas legalmente con el contratante de la obra.
A22: 0 | C22: Inspector de Obra | D22: 1 | E22: =1160000*1.16 -> 1345600 | F22: 1.8 | G22: =+G16 -> 2 | H22: =A22*D22*E22*F22*G22 -> 0 | J22: 3500000
A23: Funciones: | C23: Apoyo al Residente de Obra en todas las funciones que este y/o el Director Designe (verificar la correcta ejecución de todas las actividades de obras en los plazos requeridos por el contratante, de acuerdo con lo establecido en los terminos de referencia, dejar constancia de la correcta ejecución de las obras mediante registro fotográfico. Debe ser un Tecnico en Construccion con experiencia acreditada, Profesional de la Ingeniería (o Arquitectura) con los conocimientos técnicos mínimos necesarios para velar por la adecuada ejecución de la obra en concordancia con los Planos de Proyecto, con las normas Técnicas de Construcción vigentes, con la Planificación estipulada para la ejecución y, en general, con las condiciones acordadas legalmente con el Contratante de la obra.)
A24: 0 | C24: Especialista en estructuras | D24: 0 | E24: 3290603.5 | F24: 1.69 | G24: 11 | H24: 0 | J24: 3500000
A25: Funciones: | C25: (Verificar la correcta ejecución de actividades correspondientes a las obras relacionadas con estructuras, esto incluye asesorar y tomar decisiones en cuanto a procesos constructivos, modificaciones a planos, planeación de actividades, formulación de ensayos. Estará bajo la supervisión del Director de Obra. Debe ser un Profesional de la Ingeniería especializado en el área de estructuras, con los conocimientos técnicos mínimos necesarios para velar por la adecuada ejecución de la obra en concordancia con los Planos de Proyecto, con las normas Técnicas de Construcción vigentes, en general, con las condiciones acordadas legalmente con el Contratante de la obra.)
A26: 1 | C26: Ingeniero Residente electrico | D26: 1 | E26: =+E20 -> 1508000 | F26: =+F22 -> 1.8 | G26: =+G22 -> 2 | H26: =A26*D26*E26*F26*G26 -> 5428800 | M26: Obras civiles
A27: Funciones: | C27: (Planear, coordinar, verificar la correcta ejecución de todas las actividades de obras en los plazos requeridos por el contratante, de acuerdo con lo establecido en los terminos de referencia, dejar constancia de la correcta ejecución de las obras mediante registro fotográfico. Estará bajo la supervisión del Ingeniero electrico. Debe ser un Profesional de la Ingeniería electrica, con los conocimientos técnicos mínimos necesarios para velar por la adecuada ejecución de la obra en concordancia con los Planos de Proyecto, con las normas Técnicas de Construcción vigentes, con la Planificación estipulada para la ejecución y, en general, con las condiciones acordadas legalmente con el Contratante de la obra.) | M27: Redes Electricas
A28: 0 | C28: Ingeniero esp. Hidraulico | D28: 0 | E28: 3290603.5 | F28: 1.69 | G28: 11 | H28: 0 | J28: 3500000 | M28: Saneamiento Ambiental
A29: Funciones: | C29: (Verificar la correcta ejecución de actividades correspondientes a las obras relacionadas con las instalaciones hidraulicas, esto incluye asesorar y tomar decisiones en cuanto a procesos constructivos, modificaciones a planos, planeación de actividades, formulación de ensayos. Estará bajo la supervisión del Director de Obra. Debe ser un Profesional de la Ingeniería hidraulica, con los conocimientos técnicos mínimos necesarios para velar por la adecuada ejecución de la obra en concordancia con los Planos de Proyecto, con las normas Técnicas de Construcción vigentes, en general, con las condiciones acordadas legalmente con el Contratante de la obra.)
A30: 0 | C30: Ingeniero Geotecnico | D30: 0 | E30: 3104340 | G30: 11 | H30: 0 | J30: 3500000
A31: Funciones: | C31: (Verificar la correcta ejecución de actividades correspondientes a las obras relacionadas a las cimentaciones o cualquier modificacion en el proyecto que afecte a las bases y suelos donde se realizará la obra, esto incluye asesorar y tomar decisiones en cuanto a procesos constructivos, modificaciones a planos, planeación de actividades, formulación de ensayos. Estará bajo la supervisión del Director de Obra. Debe ser un Profesional de la Ingeniería civil con especializacion, maestria o doctorado en Geotecnia, con los conocimientos técnicos mínimos necesarios para velar por la adecuada ejecución de la obra en concordancia con los Planos de Proyecto, con las normas Técnicas de Construcción vigentes, en general, con las condiciones acordadas legalmente con el Contratante de la obra.)
A32: 0 | C32: Ingeniero Ambiental | D32: 1 | E32: 2500000 | F32: 1.69 | G32: 11 | H32: 0
A33: Funciones: | C33: (Verificar la correcta ejecución de actividades correspondientes a las obras relacionadas con el tratamiento de agua potable y residuales, esto incluye asesorar y tomar decisiones en cuanto a procesos constructivos, modificaciones a planos, planeación de actividades, formulación de ensayos. Estará bajo la supervisión del Director de Obra. Debe ser un Profesional de la Ingeniería especializado en el área ambiental, con los conocimientos técnicos mínimos necesarios para velar por la adecuada ejecución de la obra en concordancia con los Planos de Proyecto, con las normas Técnicas de Construcción vigentes, en general, con las condiciones acordadas legalmente con el Contratante de la obra.)
A34: 0 | C34: Ingeniero Forestal | D34: 0.25 | E34: 2443722 | F34: 1.69 | G34: 11 | H34: 0
A35: Funciones: | C35: (Verificar la correcta ejecución de actividades correspondientes a las obras relacionadas con el componente forestal, esto incluye asesorar y tomar decisiones en cuanto a procesos constructivos, modificaciones a planos, planeación de actividades, formulación de ensayos. Estará bajo la supervisión del Director de Obra. Debe ser un Profesional de la Ingeniería Forestal, con los conocimientos técnicos mínimos necesarios para velar por la adecuada ejecución de la obra en concordancia con los Planos de Proyecto, con las normas Técnicas de Construcción vigentes, en general, con las condiciones acordadas legalmente con el Contratante de la obra.)
A36: 0 | C36: Trabajador(a) Social | D36: 1 | E36: =1800000*1.16 -> 2088000 | F36: 1.8 | G36: =+G22 -> 2 | H36: =A36*D36*E36*F36*G36 -> 0 | J36: 2000000
A37: Funciones: | C37: (Interactuar, comunicar, dirigir, mediar, y todas las demás funciones requeridas para servir de canal de comunicación entre las personas y la entidad contratante. Se encargará de formular, diseñar e implementar el plan de gestión social de acuerdo a los lineamientos establecidos por la entidad contratante. Estará bajo la supervisión del Director de Obra. Debe ser un Profesional de la Sicología o Trabajo Social, con las condiciones acordadas legalmente con el Contratante de la obra.)
A38: 1 | C38: COORDINADOR SST (Profesional SST) | D38: 0.2 | E38: =+E26 -> 1508000 | F38: 1.8 | G38: =+G36 -> 2 | H38: =A38*D38*E38*F38*G38 -> 1085760 | J38: 1500000
A39: Funciones: | C39: (Velar por el cumplimiento de los protoclos y normatividad SST y Ambiental de la entidad contratante y de la firma constratista, esto incluye asesorar y tomar decisiones en cuanto a procesos constructivos, modificaciones a planos, planeación de actividades, formulación de ensayos, capacitaciones, control de materiales, residuos, y todo lo relacionado con la seguridad industrial y el impacto ambiental que genere la obra. Estará bajo la supervisión del Director de Obra. Debe ser un Profesional de la Ingeniería ambiental o forestal o especilista en gestion HSEQ, con los conocimientos técnicos mínimos necesarios para velar por la adecuada ejecución de la obra en concordancia con los Planos de Proyecto, con las normas Técnicas de Construcción vigentes, en general, con las condiciones acordadas legalmente con el Contratante de la obra. Adicionalmente, deberá formular e implementar dentro de obra los protocolos de bioseguridad que contenga las medidas necesarias para prevención de la propagación del virus COVID-19 en los trabajadores.)
A41: 1.2 PERSONAL TÉCNICO Y PERSONAL AUXILIAR TÉCNICO
A42: 1 | C42: TOPOGRAFO | D42: 0.25 | E42: =1800000*1.16 -> 2088000 | F42: 1.8 | G42: =+G38 -> 2 | H42: =A42*D42*E42*F42*G42 -> 1879200
A43: 1 | C43: CADENEROS | D43: =+D42 -> 0.25 | E43: 1200000 | F43: 1.8 | G43: =+G42 -> 2 | H43: =A43*D43*E43*F43*G43 -> 1080000
A44: 0 | C44: MAESTRO GENERAL | D44: 1 | E44: =1400000*1.16 -> 1624000 | F44: 1.8 | G44: =+G43 -> 2 | H44: =A44*D44*E44*F44*G44 -> 0 | J44: 1000000
A45: 1 | C45: ALMACENISTA | D45: 0 | E45: 1160000 | F45: 1.8 | G45: =+G44 -> 2 | H45: =A45*D45*E45*F45*G45 -> 0
A46: 0 | C46: AUXILIAR ALMACENISTA | D46: 0 | E46: 1500000 | F46: 1.8 | G46: =+G45 -> 2 | H46: =A46*D46*E46*F46*G46 -> 0
A47: 0 | C47: PERSONAL DE SERVICIOS DE VIGILANCIA | D47: 0 | E47: 2500000 | F47: 1.8 | G47: =+G45 -> 2 | H47: =A47*D47*E47*F47*G47 -> 0 | J47: 5506360
A48: 1.3 PERSONAL ADMINISTRATIVO
A49: 1 | C49: Secretaria | D49: 0.5 | E49: =+E45 -> 1160000 | F49: 1.8 | G49: =+G47 -> 2 | H49: =A49*D49*E49*F49*G49 -> 2088000 | J49: 1000000
A50: 1 | C50: Auxiliar SST | D50: 1 | E50: =+E49 -> 1160000 | F50: 1.8 | G50: =+G49 -> 2 | H50: =A50*D50*E50*F50*G50 -> 4176000 | J50: 1000000
A51: 0 | C51: Abogado | D51: 0.3 | E51: =+E50 -> 1160000 | F51: 1.8 | G51: =+G50 -> 2 | H51: =A51*D51*E51*F51*G51 -> 0
A52: 0 | C52: Auxiliar Contable | D52: 0 | E52: =+E53 -> 1200000 | F52: 1.8 | G52: =+G51 -> 2 | H52: =A52*D52*E52*F52*G52 -> 0 | J52: 2500000
A53: 0 | C53: Conductor | D53: 0 | E53: =+E43 -> 1200000 | F53: 1.8 | G53: =+G52 -> 2 | H53: =A53*D53*E53*F53*G53 -> 0
A54: 0 | C54: Secretaria oficina principal | E54: 965583.3 | F54: 1.85 | G54: 11 | H54: =A54*D54*E54*F54*G54 -> 0
C55: Mensajero | D55: 1 | E55: =+E52 -> 1200000 | F55: 1.69 | G55: =+G53 -> 2 | H55: =A55*D55*E55*F55*G55 -> 0
A56: SUBTOTAL COSTOS DE PERSONAL | H56: =SUM(H14:H55) -> 25450560
A58: 2. GASTOS OPERACIONALES
A59: CAMPAMENTO
A60: DESCRIPCION | D60: AREA (M2) | E60: COSTO ($/M2.MES) | F60: COSTO MES | G60: DURACION MESES | H60: VALOR ($)
A61: Campamento de obra para depósito de materiales, equipos, personal, exclusivo para obra | D61: 0 | E61: 25000 | F61: =+D61*E61 -> 0 | G61: =+G53 -> 2 | H61: =+F61*G61 -> 0 | J61: 1500
A62: Campamento oficina para personal y atención al público, incluye servicios públicos provisionales | D62: 0 | E62: 30000 | F62: =+D62*E62 -> 0 | G62: =+G61 -> 2 | H62: =+F62*G62 -> 0
A63: OTROS GASTOS
A64: DESCRIPCION | D64: CANTIDAD | E64: COSTO MES | F64: CANTIDAD/ DEDICACION | G64: DURACION MESES | H64: VALOR ($)
A65: Toma de Muestras, Ensayos de Laboratorio, resultados | D65: 1 | E65: 400000 | F65: 1 | G65: =+G62 -> 2 | H65: =+E65*F65*G65 -> 800000 | I65: 8607155 | J65: 500000 | N65: 11681000 | O65: -413500
A66: Mantenimientos, Equipos, Herramientas | D66: 1 | E66: 150000 | F66: 1 | G66: =+G65 -> 2 | H66: =+E66*F66*G66 -> 300000 | J66: 500000
A67: Registro Fotografico, Videos, Informes | D67: 1 | E67: 50000 | F67: 1 | G67: =+G66 -> 2 | H67: =+E67*F67*G67 -> 100000 | J67: 500000
A68: Registro y elaboracion planos record | D68: 1 | E68: 150000 | F68: 1 | G68: =+G67 -> 2 | H68: =+E68*F68*G68 -> 300000 | J68: 500000
A69: Elaboracion Manuales operación y mantenimiento | D69: 1 | E69: 100000 | F69: 1 | G69: =+G68 -> 2 | H69: =+E69*F69*G69 -> 200000 | J69: 500000 | N69: 14157085
A70: Gastos de mobiliario, papelería, fotocopias, etc | D70: 1 | E70: 422685.19 | F70: 1 | G70: =+G69 -> 2 | H70: =+E70*F70*G70 -> 845370.37 | J70: 500000 | N70: 2062585
A71: Sotfware/Hardware para obra | D71: 1 | E71: 200000 | F71: 1 | G71: =+G70 -> 2 | H71: =+E71*F71*G71 -> 400000 | J71: 500000
A72: Vehiculo Campero 4x2 min 2000cc | D72: 1 | E72: 1000000 | F72: 1 | G72: =+G71 -> 2 | H72: =+E72*F72*G72 -> 2000000
A73: Equipo de topografia | D73: 1 | E73: 2000000 | F73: =+D43 -> 0.25 | G73: =+G72 -> 2 | H73: =+E73*F73*G73 -> 1000000
A77: SUBTOTAL GASTOS OPERACIONALES MENSUALES | H77: =SUM(H61:H73) -> 5945370.4
A79: TOTAL COSTOS PERSONAL + GASTOS OPERACIONALES POR EL TÉRMINO DE EJECUCIÓN | H79: =+H77+H56 -> 31395930
A80: TOTAL COSTOS PERSONAL + GASTOS OPERACIONALES POR EL TÉRMINO DE EJECUCIÓN EN PORCENTAJE DEL COSTO DIRECTO | H80: =H79/D7 -> 0.044957517 | I80: 0.077
A82: 2. IMPUESTOS Y GARANTÍAS
A83: 2.1 IMPUESTOS
A84: DESCRIPCIÓN | F84: VR. BASE | G84: IMPUESTO % | H84: VALOR ($)
A85: RETENCIÓN ICA. | F85: 919274286 | G85: 0.01 | H85: =+F85*G85 -> 9192742.9
A86: ESTAMPILLA PROADULTO MAYOR | F86: =+F85 -> 919274286 | G86: 0.02 | H86: =+F86*G86 -> 18385486
A87: ESTAMPILLA PRODESARROLLO | F87: =+F86 -> 919274286 | G87: 0.006 | H87: =+F87*G87 -> 5515645.7
A88: ESTAMPILLA UNIVERSIDAD DE ENVIAGO | F88: =+F87 -> 919274286 | G88: 0.004 | H88: =+F88*G88 -> 3677097.1
A89: TASA PRODEPORTE | F89: =+F88 -> 919274286 | G89: 0.01 | H89: =+F89*G89 -> 9192742.9
A90: ESTAMPILLA PROHOSPITAL | F90: =+F89 -> 919274286 | G90: 0.01 | H90: =+F90*G90 -> 9192742.9
A91: ESTAMPILLA POLITÉCNICO | F91: =+F90 -> 919274286 | G91: 0.004 | H91: =+F91*G91 -> 3677097.1
A92: ESTAMPILLA UNIVERSIDAD DIGITAL | F92: =+F91 -> 919274286 | G92: =+G91 -> 0.004 | H92: =+F92*G92 -> 3677097.1
A93: CONTRIBUCIÓN DE OBRA | F93: =+F92 -> 919274286 | G93: 0.05 | H93: =+F93*G93 -> 45963714
A94: RTE FUENTE OBRA | F94: =+F93 -> 919274286 | G94: 0.02 | H94: =+F94*G94 -> 18385486
A96: SUBTOTAL IMPUESTOS | H96: =SUM(H85:H95) -> 1.2685985e+08
A97: 2.2 GARANTIAS
A98: DESCRIPCIÓN | D98: VR. BASE | E98: % ASEGURADO | F98: VR. ASEGURADO | H98: VALOR TOTAL ($) | O98: 31134588044
A99: G.UNICA | B99: CUMPLIMIENTO | D99: =+F85 -> 919274286 | E99: 0.1 | F99: =+D99*E99 -> 91927429 | G99: 0.00054246576 | H99: =+D99*G99 -> 498674.83 | I99: 18757056
B100: SALARIOS Y PRESTACIONES SOCIALES | D100: =+D99 -> 919274286 | E100: 0.1 | F100: =+D100*E100 -> 91927429 | G100: 0.0014424658 | H100: =+D100*G100 -> 1326021.7 | I100: 49876715
B101: ESTABILIDAD Y CALIDAD DE LA OBRA | D101: =+D100 -> 919274286 | E101: 0.1 | F101: =+D101*E101 -> 91927429 | G101: 0.0015 | H101: =+D101*G101 -> 1378911.4 | I101: 51866100
B102: GASTOS DE EXPEDICION PAGO DE LOS PERJUICIOS DERIVADOS DEL INCUMPLIMIENTO DE LAS OBLIGACIONES | F102: =+D102*E102 -> 0 | H102: 7000 | I102: 7000
B103: IVA DEL TOTAL DEL PAGO DE LOS PERJUICIOS DERIVADOS DEL INCUMPLIMIENTO DE LAS OBLIGACIONES | D103: =SUM(H99:H102) -> 3210607.9 | F103: =+D103*E103 -> 0 | G103: 0.19 | H103: =+D103*G103 -> 610015.51 | I103: 22896305
B104: RESPONSABILIDAD CIVIL EXTRACONTRACTUAL | D104: =+D101 -> 919274286 | E104: 0.05 | F104: =+D104*E104 -> 45963714 | G104: 0.00027123288 | H104: =+D104*G104 -> 249337.41 | I104: 9378527.8
B105: GASTOS DE EXPEDICION (RESPONSABILIDAD CIVIL EXTRACONTRACTUAL) | F105: =+D105*E105 -> 0 | H105: 7000 | I105: 7000
B106: IVA DEL TOTAL (RESPONSABILIDAD CIVIL EXTRACONTRACTUAL) | D106: =SUM(H104:H105) -> 256337.41 | F106: =+D106*E106 -> 0 | G106: 0.19 | H106: =+D106*G106 -> 48704.108 | I106: 1783250.3
A107: SUBTOTAL GARANTÍAS | H107: =SUM(H99:H106) -> 4125665 | I107: 1.5457195e+08
A109: TOTAL IMPUESTOS Y GARANTÍAS | H109: =+H107+H96 -> 1.3098552e+08
A110: TOTAL IMPUESTOS Y GARANTÍAS EN PORCENTAJE DEL COSTO DIRECTO | H110: =+H109/D7 -> 0.18756519 | I110: =+H110+H80 -> 0.23252271
A112: A. ADMINISTRACIÓN (1 + 2) | H112: =+H109+L112+H79 -> 174586657 | L112: 12205210
...

Sheet 1.01
D1: ='PPTO HOJA'!A4 -> DEPARTAMENTO DE ANTIOQUIA | O1: 0
D2: ='PPTO HOJA'!A5 -> MUNICIPIO DE ARBOLETES | O2: 0
D3: ='PPTO HOJA'!A7 -> CONSTRUCCION DE OBRAS CIVILES COMPLEMENTARIAS PARA EL CORRECTO FUNCIONAMIENTO DEL PROYECTO DENOMINADO “PARQUE GEOLÓGICO, NATURAL, AMBIENTAL, CULTURAL Y TURÍSTICO, VOLCÁN DE LODO DE ARBOLETES”, QUE SE LLEVARÁ A CABO EN EL MUNICIPIO DE ARBOLETES-ANTIOQUIA | O3: 0
D4: ANALISIS DE PRECIOS UNITARIOS | O4: ANALISIS DE PRECIOS UNITARIOS
A6: I | B6: ÍTEM | C6: ='PPTO HOJA'!A12 -> 1.01 | E6: ='PPTO HOJA'!B12 -> Excavación manual en material común bajo cualquier grado de humedad | I6: Unidad | J6: ='PPTO HOJA'!C12 -> m3 | L6: I | M6: ÍTEM | N6: ='PPTO HOJA'!I12 -> 0 | P6: =E6 -> Excavación manual en material común bajo cualquier grado de humedad | T6: Unidad | U6: =J6 -> m3
B7: Equipo | M7: Equipo
B8: DESCRIPCIÓN EQUIPO | G8: TIPO | H8: TARIFA/DIA | I8: RENDIMIENTO | J8: VALOR PARCIAL | M8: DESCRIPCIÓN EQUIPO | R8: TIPO | S8: TARIFA/DIA | T8: RENDIMIENTO | U8: VALOR PARCIAL
B9: HERRAMIENTAS MENORES | I9: 0.05 | J9: =ROUND(I9*J41,0) -> 1965 | M9: HERRAMIENTAS MENORES | T9: 0.05 | U9: =ROUND(T9*U41,0) -> 1965
G10: =IF(B10="","",VLOOKUP(B10,EQUIPOS!$B$7:$F$46,3,FALSE)) | H10: =IF(B10="","",VLOOKUP(B10,EQUIPOS!$B$7:$F$46,5,FALSE)) | J10: =IF(B10="",0,ROUND(H10/I10,0)) -> 0 | R10: =IF(M10="","",VLOOKUP(M10,EQUIPOS!$B$7:$F$46,3,FALSE)) | S10: =IF(M10="","",VLOOKUP(M10,EQUIPOS!$B$7:$F$46,5,FALSE)) | U10: =IF(M10="",0,ROUND(S10/T10,0)) -> 0
G11: =IF(B11="","",VLOOKUP(B11,EQUIPOS!$B$7:$F$46,3,FALSE)) | H11: =IF(B11="","",VLOOKUP(B11,EQUIPOS!$B$7:$F$46,5,FALSE)) | J11: =IF(B11="",0,ROUND(H11/I11,0)) -> 0 | R11: =IF(M11="","",VLOOKUP(M11,EQUIPOS!$B$7:$F$46,3,FALSE)) | S11: =IF(M11="","",VLOOKUP(M11,EQUIPOS!$B$7:$F$46,5,FALSE)) | U11: =IF(M11="",0,ROUND(S11/T11,0)) -> 0
G12: =IF(B12="","",VLOOKUP(B12,EQUIPOS!$B$7:$F$46,3,FALSE)) | H12: =IF(B12="","",VLOOKUP(B12,EQUIPOS!$B$7:$F$46,5,FALSE)) | J12: =IF(B12="",0,ROUND(H12/I12,0)) -> 0 | R12: =IF(M12="","",VLOOKUP(M12,EQUIPOS!$B$7:$F$46,3,FALSE)) | S12: =IF(M12="","",VLOOKUP(M12,EQUIPOS!$B$7:$F$46,5,FALSE)) | U12: =IF(M12="",0,ROUND(S12/T12,0)) -> 0
G13: =IF(B13="","",VLOOKUP(B13,EQUIPOS!$B$7:$F$46,3,FALSE)) | H13: =IF(B13="","",VLOOKUP(B13,EQUIPOS!$B$7:$F$46,5,FALSE)) | J13: =IF(B13="",0,ROUND(H13/I13,0)) -> 0 | R13: =IF(M13="","",VLOOKUP(M13,EQUIPOS!$B$7:$F$46,3,FALSE)) | S13: =IF(M13="","",VLOOKUP(M13,EQUIPOS!$B$7:$F$46,5,FALSE)) | U13: =IF(M13="",0,ROUND(S13/T13,0)) -> 0
G14: =IF(B14="","",VLOOKUP(B14,EQUIPOS!$B$7:$F$46,3,FALSE)) | H14: =IF(B14="","",VLOOKUP(B14,EQUIPOS!$B$7:$F$46,5,FALSE)) | R14: =IF(M14="","",VLOOKUP(M14,EQUIPOS!$B$7:$F$46,3,FALSE)) | S14: =IF(M14="","",VLOOKUP(M14,EQUIPOS!$B$7:$F$46,5,FALSE))
B15: Subtotal Equipo : | J15: =SUM(J9:J14) -> 1965 | M15: Subtotal Equipo : | U15: =SUM(U9:U14) -> 1965
B17: Materiales | M17: Materiales
B18: DESCRIPCIÓN MATERIAL | F18: CANTIDAD | G18: UNIDAD | H18: DESPERDICIO (%) | I18: VALOR UNITARIO | J18: VALOR PARCIAL | M18: DESCRIPCIÓN MATERIAL | Q18: CANTIDAD | R18: UNIDAD | S18: DESPERDICIO (%) | T18: VALOR UNITARIO | U18: VALOR PARCIAL
G19: =IF(F19=0,"",VLOOKUP(B19,'LISTADO DE MATERIALES'!$B$6:$D$311,2,FALSE)) | I19: =IF(F19=0,"",VLOOKUP(B19,'LISTADO DE MATERIALES'!$B$6:$D$311,3,FALSE)) | J19: =IF(I19="",0,ROUND((+F19*I19*(1+H19)),0)) -> 0 | R19: =IF(Q19=0,"",VLOOKUP(M19,'LISTADO DE MATERIALES'!$B$6:$D$311,2,FALSE)) | T19: =IF(Q19=0,"",VLOOKUP(M19,'LISTADO DE MATERIALES'!$B$6:$D$311,3,FALSE)) | U19: =IF(T19="",0,ROUND((+Q19*T19*(1+S19)),0)) -> 0
G20: =IF(F20=0,"",VLOOKUP(B20,'LISTADO DE MATERIALES'!$B$6:$D$311,2,FALSE)) | I20: =IF(F20=0,"",VLOOKUP(B20,'LISTADO DE MATERIALES'!$B$6:$D$311,3,FALSE)) | J20: =IF(I20="",0,ROUND((+F20*I20*(1+H20)),0)) -> 0 | R20: =IF(Q20=0,"",VLOOKUP(M20,'LISTADO DE MATERIALES'!$B$6:$D$311,2,FALSE)) | T20: =IF(Q20=0,"",VLOOKUP(M20,'LISTADO DE MATERIALES'!$B$6:$D$311,3,FALSE)) | U20: =IF(T20="",0,ROUND((+Q20*T20*(1+S20)),0)) -> 0
G21: =IF(F21=0,"",VLOOKUP(B21,'LISTADO DE MATERIALES'!$B$6:$D$311,2,FALSE)) | I21: =IF(F21=0,"",VLOOKUP(B21,'LISTADO DE MATERIALES'!$B$6:$D$311,3,FALSE)) | J21: =IF(I21="",0,ROUND((+F21*I21*(1+H21)),0)) -> 0 | R21: =IF(Q21=0,"",VLOOKUP(M21,'LISTADO DE MATERIALES'!$B$6:$D$311,2,FALSE)) | T21: =IF(Q21=0,"",VLOOKUP(M21,'LISTADO DE MATERIALES'!$B$6:$D$311,3,FALSE)) | U21: =IF(T21="",0,ROUND((+Q21*T21*(1+S21)),0)) -> 0
G22: =IF(F22=0,"",VLOOKUP(B22,'LISTADO DE MATERIALES'!$B$6:$D$311,2,FALSE)) | I22: =IF(F22=0,"",VLOOKUP(B22,'LISTADO DE MATERIALES'!$B$6:$D$311,3,FALSE)) | J22: =IF(I22="",0,ROUND((+F22*I22*(1+H22)),0)) -> 0 | R22: =IF(Q22=0,"",VLOOKUP(M22,'LISTADO DE MATERIALES'!$B$6:$D$311,2,FALSE)) | T22: =IF(Q22=0,"",VLOOKUP(M22,'LISTADO DE MATERIALES'!$B$6:$D$311,3,FALSE)) | U22: =IF(T22="",0,ROUND((+Q22*T22*(1+S22)),0)) -> 0
G23: =IF(F23=0,"",VLOOKUP(B23,'LISTADO DE MATERIALES'!$B$6:$D$311,2,FALSE)) | I23: =IF(F23=0,"",VLOOKUP(B23,'LISTADO DE MATERIALES'!$B$6:$D$311,3,FALSE)) | J23: =IF(I23="",0,ROUND((+F23*I23*(1+H23)),0)) -> 0 | R23: =IF(Q23=0,"",VLOOKUP(M23,'LISTADO DE MATERIALES'!$B$6:$D$311,2,FALSE)) | T23: =IF(Q23=0,"",VLOOKUP(M23,'LISTADO DE MATERIALES'!$B$6:$D$311,3,FALSE)) | U23: =IF(T23="",0,ROUND((+Q23*T23*(1+S23)),0)) -> 0
G24: =IF(F24=0,"",VLOOKUP(B24,'LISTADO DE MATERIALES'!$B$6:$D$311,2,FALSE)) | I24: =IF(F24=0,"",VLOOKUP(B24,'LISTADO DE MATERIALES'!$B$6:$D$311,3,FALSE)) | J24: =IF(I24="",0,ROUND((+F24*I24*(1+H24)),0)) -> 0 | R24: =IF(Q24=0,"",VLOOKUP(M24,'LISTADO DE MATERIALES'!$B$6:$D$311,2,FALSE)) | T24: =IF(Q24=0,"",VLOOKUP(M24,'LISTADO DE MATERIALES'!$B$6:$D$311,3,FALSE)) | U24: =IF(T24="",0,ROUND((+Q24*T24*(1+S24)),0)) -> 0
B25: Subtotal Materiales : | J25: =SUM(J19:J24) -> 0 | M25: Subtotal Materiales : | U25: =SUM(U19:U24) -> 0
B27: Transporte | M27: Transporte
B28: DESCRIPCIÓN MATERIAL | G28: M3-Ton | H28: Km | I28: TARIFA | J28: VALOR PARCIAL | M28: DESCRIPCIÓN MATERIAL | R28: M3-Ton | S28: Km | T28: TARIFA | U28: VALOR PARCIAL
J29: =ROUND((I29*H29*G29),0) -> 0 | U29: =ROUND((T29*S29*R29),0) -> 0
J30: 0 | U30: 0
J31: 0 | U31: 0
J32: 0 | U32: 0
B33: Subtotal Transporte : | J33: =SUM(J29:J32) -> 0 | M33: Subtotal Transporte : | U33: =SUM(U29:U32) -> 0
B35: Mano de Obra | M35: Mano de Obra
B36: DESCRIPCIÓN | G36: VALOR INTEGRAL / DIA | H36: CANTIDAD | I36: RENDIMIENTO | J36: VALOR PARCIAL | M36: DESCRIPCIÓN | R36: VALOR INTEGRAL / DIA | S36: CANTIDAD | T36: RENDIMIENTO | U36: VALOR PARCIAL
B37: OFICIAL | G37: =IF(B37="","",VLOOKUP(B37,CUADRILLAS!$B$87:$C$101,2,FALSE)) -> 157213.73 | H37: 1 | I37: 10 | J37: =ROUND(+IF(I37=0,0,G37*H37/I37),0) -> 15721 | M37: OFICIAL | R37: =IF(M37="","",VLOOKUP(M37,CUADRILLAS!$B$87:$C$101,2,FALSE)) -> 157213.73 | S37: 1 | T37: 10 | U37: =ROUND(+IF(T37=0,0,R37*S37/T37),0) -> 15721
B38: AYUDANTE | G38: =IF(B38="","",VLOOKUP(B38,CUADRILLAS!$B$87:$C$101,2,FALSE)) -> 78606.867 | H38: 3 | I38: =I37 -> 10 | J38: =ROUND(+IF(I38=0,0,G38*H38/I38),0) -> 23582 | M38: AYUDANTE | R38: =IF(M38="","",VLOOKUP(M38,CUADRILLAS!$B$87:$C$101,2,FALSE)) -> 78606.867 | S38: 3 | T38: =T37 -> 10 | U38: =ROUND(+IF(T38=0,0,R38*S38/T38),0) -> 23582
G39: =IF(B39="","",VLOOKUP(B39,CUADRILLAS!$B$87:$C$101,2,FALSE)) | J39: =+IF(I39=0,0,G39*H39/I39) -> 0 | U39: =+IF(T39=0,0,R39*S39/T39) -> 0
G40: =IF(B40="","",VLOOKUP(B40,CUADRILLAS!$B$87:$C$101,2,FALSE)) | J40: =+IF(I40=0,0,G40*H40/I40) -> 0 | U40: =+IF(T40=0,0,R40*S40/T40) -> 0
B41: Subtotal Mano de Obra : | J41: =SUM(J37:J40) -> 39303 | M41: Subtotal Mano de Obra : | U41: =SUM(U37:U40) -> 39303
B43: Total Costo Directo Item : | J43: =+J41+J33+J15+J25 -> 41268 | M43: Total Costo Directo Item : | U43: =+U41+U33+U15+U25 -> 41268

Sheet 1.02
D1: ='PPTO HOJA'!A4 -> DEPARTAMENTO DE ANTIOQUIA | O1: DEPARTAMENTO DE ANTIOQUIA
D2: ='PPTO HOJA'!A5 -> MUNICIPIO DE ARBOLETES | O2: MUNICIPIO DE ARBOLETES
D3: ='PPTO HOJA'!A7 -> CONSTRUCCION DE OBRAS CIVILES COMPLEMENTARIAS PARA EL CORRECTO FUNCIONAMIENTO DEL PROYECTO DENOMINADO “PARQUE GEOLÓGICO, NATURAL, AMBIENTAL, CULTURAL Y TURÍSTICO, VOLCÁN DE LODO DE ARBOLETES”, QUE SE LLEVARÁ A CABO EN EL MUNICIPIO DE ARBOLETES-ANTIOQUIA | O3: CONSTRUCCION DE OBRAS CIVILES COMPLEMENTARIAS PARA EL CORRECTO FUNCIONAMIENTO DEL PROYECTO DENOMINADO “PARQUE GEOLÓGICO, NATURAL, AMBIENTAL, CULTURAL Y TURÍSTICO, VOLCÁN DE LODO DE ARBOLETES”, QUE SE LLEVARÁ A CABO EN EL MUNICIPIO DE ARBOLETES-ANTIOQUIA
D4: ANALISIS DE PRECIOS UNITARIOS | O4: ANALISIS DE PRECIOS UNITARIOS
A6: I | B6: ÍTEM | C6: ='PPTO HOJA'!A13 -> 1.02 | E6: ='PPTO HOJA'!B13 -> Relleno con material mixto para cimentación de tubería | I6: Unidad | J6: ='PPTO HOJA'!C13 -> m3 | L6: I | M6: ÍTEM | N6: 1.02 | P6: Relleno con material mixto para cimentación de tubería | T6: Unidad | U6: =J6 -> m3
B7: Equipo | M7: Equipo
B8: DESCRIPCIÓN EQUIPO | G8: TIPO | H8: TARIFA/DIA | I8: RENDIMIENTO | J8: VALOR PARCIAL | M8: DESCRIPCIÓN EQUIPO | R8: TIPO | S8: TARIFA/DIA | T8: RENDIMIENTO | U8: VALOR PARCIAL
B9: HERRAMIENTAS MENORES | I9: 0.05 | J9: =ROUND(I9*J41,0) -> 393 | M9: HERRAMIENTAS MENORES | T9: 0.05 | U9: =ROUND(T9*U41,0) -> 393
B10: COMPACTADOR MANUAL TIPO CANGURO (SALTARÍN) con motor de 6 HP | G10: =IF(B10="","",VLOOKUP(B10,EQUIPOS!$B$7:$F$46,3,FALSE)) -> GASOLINA | H10: =IF(B10="","",VLOOKUP(B10,EQUIPOS!$B$7:$F$46,5,FALSE)) -> 95840 | I10: =+I37 -> 20 | J10: =IF(B10="",0,ROUND(H10/I10,0)) -> 4792 | M10: COMPACTADOR MANUAL TIPO CANGURO (SALTARÍN) con motor de 6 HP | R10: =IF(M10="","",VLOOKUP(M10,EQUIPOS!$B$7:$F$46,3,FALSE)) -> GASOLINA | S10: =IF(M10="","",VLOOKUP(M10,EQUIPOS!$B$7:$F$46,5,FALSE)) -> 95840 | T10: =+T37 -> 20 | U10: =IF(M10="",0,ROUND(S10/T10,0)) -> 4792
G11: =IF(B11="","",VLOOKUP(B11,EQUIPOS!$B$7:$F$46,3,FALSE)) | H11: =IF(B11="","",VLOOKUP(B11,EQUIPOS!$B$7:$F$46,5,FALSE)) | J11: =IF(B11="",0,ROUND(H11/I11,0)) -> 0 | R11: =IF(M11="","",VLOOKUP(M11,EQUIPOS!$B$7:$F$46,3,FALSE)) | S11: =IF(M11="","",VLOOKUP(M11,EQUIPOS!$B$7:$F$46,5,FALSE)) | U11: =IF(M11="",0,ROUND(S11/T11,0)) -> 0
G12: =IF(B12="","",VLOOKUP(B12,EQUIPOS!$B$7:$F$46,3,FALSE)) | H12: =IF(B12="","",VLOOKUP(B12,EQUIPOS!$B$7:$F$46,5,FALSE)) | J12: =IF(B12="",0,ROUND(H12/I12,0)) -> 0 | R12: =IF(M12="","",VLOOKUP(M12,EQUIPOS!$B$7:$F$46,3,FALSE)) | S12: =IF(M12="","",VLOOKUP(M12,EQUIPOS!$B$7:$F$46,5,FALSE)) | U12: =IF(M12="",0,ROUND(S12/T12,0)) -> 0
G13: =IF(B13="","",VLOOKUP(B13,EQUIPOS!$B$7:$F$46,3,FALSE)) | H13: =IF(B13="","",VLOOKUP(B13,EQUIPOS!$B$7:$F$46,5,FALSE)) | J13: =IF(B13="",0,ROUND(H13/I13,0)) -> 0 | R13: =IF(M13="","",VLOOKUP(M13,EQUIPOS!$B$7:$F$46,3,FALSE)) | S13: =IF(M13="","",VLOOKUP(M13,EQUIPOS!$B$7:$F$46,5,FALSE)) | U13: =IF(M13="",0,ROUND(S13/T13,0)) -> 0
G14: =IF(B14="","",VLOOKUP(B14,EQUIPOS!$B$7:$F$46,3,FALSE)) | H14: =IF(B14="","",VLOOKUP(B14,EQUIPOS!$B$7:$F$46,5,FALSE)) | R14: =IF(M14="","",VLOOKUP(M14,EQUIPOS!$B$7:$F$46,3,FALSE)) | S14: =IF(M14="","",VLOOKUP(M14,EQUIPOS!$B$7:$F$46,5,FALSE))
B15: Subtotal Equipo : | J15: =SUM(J9:J14) -> 5185 | M15: Subtotal Equipo : | U15: =SUM(U9:U14) -> 5185
B17: Materiales | M17: Materiales
B18: DESCRIPCIÓN MATERIAL | F18: CANTIDAD | G18: UNIDAD | H18: DESPERDICIO (%) | I18: VALOR UNITARIO | J18: VALOR PARCIAL | M18: DESCRIPCIÓN MATERIAL | Q18: CANTIDAD | R18: UNIDAD | S18: DESPERDICIO (%) | T18: VALOR UNITARIO | U18: VALOR PARCIAL
B19: Arena mixta | F19: 1.3 | G19: =IF(F19=0,"",VLOOKUP(B19,'LISTADO DE MATERIALES'!$B$6:$D$311,2,FALSE)) -> m3 | H19: 0.1 | I19: =IF(F19=0,"",VLOOKUP(B19,'LISTADO DE MATERIALES'!$B$6:$D$311,3,FALSE)) -> 89250 | J19: =IF(I19="",0,ROUND((+F19*I19*(1+H19)),0)) -> 127628 | M19: Arena mixta | Q19: 1.3 | R19: =IF(Q19=0,"",VLOOKUP(M19,'LISTADO DE MATERIALES'!$B$6:$D$311,2,FALSE)) -> m3 | S19: 0 | T19: =IF(Q19=0,"",VLOOKUP(M19,'LISTADO DE MATERIALES'!$B$6:$D$311,3,FALSE)) -> 89250 | U19: =IF(T19="",0,ROUND((+Q19*T19*(1+S19)),0)) -> 116025
J20: =IF(I20="",0,ROUND((+F20*I20*(1+H20)),0)) -> 0
G21: =IF(F21=0,"",VLOOKUP(B21,'LISTADO DE MATERIALES'!$B$6:$D$311,2,FALSE)) | I21: =IF(F21=0,"",VLOOKUP(B21,'LISTADO DE MATERIALES'!$B$6:$D$311,3,FALSE)) | J21: =IF(I21="",0,ROUND((+F21*I21*(1+H21)),0)) -> 0 | R21: =IF(Q21=0,"",VLOOKUP(M21,'LISTADO DE MATERIALES'!$B$6:$D$311,2,FALSE)) | T21: =IF(Q21=0,"",VLOOKUP(M21,'LISTADO DE MATERIALES'!$B$6:$D$311,3,FALSE)) | U21: =IF(T21="",0,ROUND((+Q21*T21*(1+S21)),0)) -> 0
G22: =IF(F22=0,"",VLOOKUP(B22,'LISTADO DE MATERIALES'!$B$6:$D$311,2,FALSE)) | I22: =IF(F22=0,"",VLOOKUP(B22,'LISTADO DE MATERIALES'!$B$6:$D$311,3,FALSE)) | J22: =IF(I22="",0,ROUND((+F22*I22*(1+H22)),0)) -> 0 | R22: =IF(Q22=0,"",VLOOKUP(M22,'LISTADO DE MATERIALES'!$B$6:$D$311,2,FALSE)) | T22: =IF(Q22=0,"",VLOOKUP(M22,'LISTADO DE MATERIALES'!$B$6:$D$311,3,FALSE)) | U22: =IF(T22="",0,ROUND((+Q22*T22*(1+S22)),0)) -> 0
G23: =IF(F23=0,"",VLOOKUP(B23,'LISTADO DE MATERIALES'!$B$6:$D$311,2,FALSE)) | I23: =IF(F23=0,"",VLOOKUP(B23,'LISTADO DE MATERIALES'!$B$6:$D$311,3,FALSE)) | J23: =IF(I23="",0,ROUND((+F23*I23*(1+H23)),0)) -> 0 | R23: =IF(Q23=0,"",VLOOKUP(M23,'LISTADO DE MATERIALES'!$B$6:$D$311,2,FALSE)) | T23: =IF(Q23=0,"",VLOOKUP(M23,'LISTADO DE MATERIALES'!$B$6:$D$311,3,FALSE)) | U23: =IF(T23="",0,ROUND((+Q23*T23*(1+S23)),0)) -> 0
G24: =IF(F24=0,"",VLOOKUP(B24,'LISTADO DE MATERIALES'!$B$6:$D$311,2,FALSE)) | I24: =IF(F24=0,"",VLOOKUP(B24,'LISTADO DE MATERIALES'!$B$6:$D$311,3,FALSE)) | J24: =IF(I24="",0,ROUND((+F24*I24*(1+H24)),0)) -> 0 | R24: =IF(Q24=0,"",VLOOKUP(M24,'LISTADO DE MATERIALES'!$B$6:$D$311,2,FALSE)) | T24: =IF(Q24=0,"",VLOOKUP(M24,'LISTADO DE MATERIALES'!$B$6:$D$311,3,FALSE)) | U24: =IF(T24="",0,ROUND((+Q24*T24*(1+S24)),0)) -> 0
B25: Subtotal Materiales : | J25: =SUM(J19:J24) -> 127628 | M25: Subtotal Materiales : | U25: =SUM(U19:U24) -> 116025
B27: Transporte | M27: Transporte
B28: DESCRIPCIÓN MATERIAL | G28: M3-Ton | H28: Km | I28: TARIFA | J28: VALOR PARCIAL | M28: DESCRIPCIÓN MATERIAL | R28: M3-Ton | S28: Km | T28: TARIFA | U28: VALOR PARCIAL
B29: Transporte de material de arena mixta | G29: 1.25 | H29: =+TRANSPORTE!B6 -> 70 | I29: =+TRANSPORTE!C6 -> 1241.46 | J29: =ROUND((I29*H29*G29),0) -> 108628 | M29: Transporte de material de arena mixta | R29: =+Q19 -> 1.3 | S29: 32 | T29: 1153.66 | U29: =ROUND((T29*S29*R29),0) -> 47992
J30: 0 | U30: 0
J31: 0 | U31: 0
J32: 0 | U32: 0
B33: Subtotal Transporte : | J33: =SUM(J29:J32) -> 108628 | M33: Subtotal Transporte : | U33: =SUM(U29:U32) -> 47992
B35: Mano de Obra | M35: Mano de Obra
B36: DESCRIPCIÓN | G36: VALOR INTEGRAL / DIA | H36: CANTIDAD | I36: RENDIMIENTO | J36: VALOR PARCIAL | M36: DESCRIPCIÓN | R36: VALOR INTEGRAL / DIA | S36: CANTIDAD | T36: RENDIMIENTO | U36: VALOR PARCIAL
B37: AYUDANTE | G37: =IF(B37="","",VLOOKUP(B37,CUADRILLAS!$B$87:$C$101,2,FALSE)) -> 78606.867 | H37: 2 | I37: 20 | J37: =ROUND(+IF(I37=0,0,G37*H37/I37),0) -> 7861 | M37: AYUDANTE | R37: =IF(M37="","",VLOOKUP(M37,CUADRILLAS!$B$87:$C$101,2,FALSE)) -> 78606.867 | S37: 2 | T37: 20 | U37: =ROUND(+IF(T37=0,0,R37*S37/T37),0) -> 7861
G38: =IF(B38="","",VLOOKUP(B38,CUADRILLAS!$B$87:$C$101,2,FALSE)) | J38: =ROUND(+IF(I38=0,0,G38*H38/I38),0) -> 0 | R38: =IF(M38="","",VLOOKUP(M38,CUADRILLAS!$B$87:$C$101,2,FALSE)) | U38: =ROUND(+IF(T38=0,0,R38*S38/T38),0) -> 0
G39: =IF(B39="","",VLOOKUP(B39,CUADRILLAS!$B$87:$C$101,2,FALSE)) | J39: =+IF(I39=0,0,G39*H39/I39) -> 0 | R39: =IF(M39="","",VLOOKUP(M39,CUADRILLAS!$B$87:$C$101,2,FALSE)) | U39: =+IF(T39=0,0,R39*S39/T39) -> 0
G40: =IF(B40="","",VLOOKUP(B40,CUADRILLAS!$B$87:$C$101,2,FALSE)) | J40: =+IF(I40=0,0,G40*H40/I40) -> 0 | R40: =IF(M40="","",VLOOKUP(M40,CUADRILLAS!$B$87:$C$101,2,FALSE)) | U40: =+IF(T40=0,0,R40*S40/T40) -> 0
B41: Subtotal Mano de Obra : | J41: =SUM(J37:J40) -> 7861 | M41: Subtotal Mano de Obra : | U41: =SUM(U37:U40) -> 7861
B43: Total Costo Directo Item : | J43: =+J41+J33+J15+J25 -> 249302 | M43: Total Costo Directo Item : | U43: =+U41+U33+U15+U25 -> 177063

Sheet 1.03
D1: ='PPTO HOJA'!A4 -> DEPARTAMENTO DE ANTIOQUIA | O1: DEPARTAMENTO DE ANTIOQUIA
D2: ='PPTO HOJA'!A5 -> MUNICIPIO DE ARBOLETES | O2: MUNICIPIO DE ARBOLETES
D3: ='PPTO HOJA'!A7 -> CONSTRUCCION DE OBRAS CIVILES COMPLEMENTARIAS PARA EL CORRECTO FUNCIONAMIENTO DEL PROYECTO DENOMINADO “PARQUE GEOLÓGICO, NATURAL, AMBIENTAL, CULTURAL Y TURÍSTICO, VOLCÁN DE LODO DE ARBOLETES”, QUE SE LLEVARÁ A CABO EN EL MUNICIPIO DE ARBOLETES-ANTIOQUIA | O3: CONSTRUCCION DE OBRAS CIVILES COMPLEMENTARIAS PARA EL CORRECTO FUNCIONAMIENTO DEL PROYECTO DENOMINADO “PARQUE GEOLÓGICO, NATURAL, AMBIENTAL, CULTURAL Y TURÍSTICO, VOLCÁN DE LODO DE ARBOLETES”, QUE SE LLEVARÁ A CABO EN EL MUNICIPIO DE ARBOLETES-ANTIOQUIA
D4: ANALISIS DE PRECIOS UNITARIOS | O4: ANALISIS DE PRECIOS UNITARIOS
A6: I | B6: ÍTEM | C6: ='PPTO HOJA'!A14 -> 1.03 | E6: ='PPTO HOJA'!B14 -> Relleno con material seleccionado tipo afirmado | I6: Unidad | J6: ='PPTO HOJA'!C14 -> m3 | L6: I | M6: ÍTEM | N6: 1.03 | P6: Relleno con material seleccionado tipo afirmado | T6: Unidad | U6: m3
B7: Equipo | M7: Equipo
B8: DESCRIPCIÓN EQUIPO | G8: TIPO | H8: TARIFA/DIA | I8: RENDIMIENTO | J8: VALOR PARCIAL | M8: DESCRIPCIÓN EQUIPO | R8: TIPO | S8: TARIFA/DIA | T8: RENDIMIENTO | U8: VALOR PARCIAL
B9: HERRAMIENTAS MENORES | I9: 0.05 | J9: =ROUND(I9*J41,0) -> 1123 | M9: HERRAMIENTAS MENORES | T9: 0.05 | U9: =ROUND(T9*U41,0) -> 842
B10: COMPACTADOR MANUAL TIPO CANGURO (SALTARÍN) con motor de 6 HP | G10: =IF(B10="","",VLOOKUP(B10,EQUIPOS!$B$7:$F$46,3,FALSE)) -> GASOLINA | H10: =IF(B10="","",VLOOKUP(B10,EQUIPOS!$B$7:$F$46,5,FALSE)) -> 95840 | I10: =+I37 -> 14 | J10: =IF(B10="",0,ROUND(H10/I10,0)) -> 6846 | M10: COMPACTADOR MANUAL TIPO CANGURO (SALTARÍN) con motor de 6 HP | R10: =IF(M10="","",VLOOKUP(M10,EQUIPOS!$B$7:$F$46,3,FALSE)) -> GASOLINA | S10: =IF(M10="","",VLOOKUP(M10,EQUIPOS!$B$7:$F$46,5,FALSE)) -> 95840 | T10: =+T37 -> 14 | U10: =IF(M10="",0,ROUND(S10/T10,0)) -> 6846
G11: =IF(B11="","",VLOOKUP(B11,EQUIPOS!$B$7:$F$46,3,FALSE)) | H11: =IF(B11="","",VLOOKUP(B11,EQUIPOS!$B$7:$F$46,5,FALSE)) | J11: =IF(B11="",0,ROUND(H11/I11,0)) -> 0 | R11: =IF(M11="","",VLOOKUP(M11,EQUIPOS!$B$7:$F$46,3,FALSE)) | S11: =IF(M11="","",VLOOKUP(M11,EQUIPOS!$B$7:$F$46,5,FALSE)) | U11: =IF(M11="",0,ROUND(S11/T11,0)) -> 0
G12: =IF(B12="","",VLOOKUP(B12,EQUIPOS!$B$7:$F$46,3,FALSE)) | H12: =IF(B12="","",VLOOKUP(B12,EQUIPOS!$B$7:$F$46,5,FALSE)) | J12: =IF(B12="",0,ROUND(H12/I12,0)) -> 0 | R12: =IF(M12="","",VLOOKUP(M12,EQUIPOS!$B$7:$F$46,3,FALSE)) | S12: =IF(M12="","",VLOOKUP(M12,EQUIPOS!$B$7:$F$46,5,FALSE)) | U12: =IF(M12="",0,ROUND(S12/T12,0)) -> 0
G13: =IF(B13="","",VLOOKUP(B13,EQUIPOS!$B$7:$F$46,3,FALSE)) | H13: =IF(B13="","",VLOOKUP(B13,EQUIPOS!$B$7:$F$46,5,FALSE)) | J13: =IF(B13="",0,ROUND(H13/I13,0)) -> 0 | R13: =IF(M13="","",VLOOKUP(M13,EQUIPOS!$B$7:$F$46,3,FALSE)) | S13: =IF(M13="","",VLOOKUP(M13,EQUIPOS!$B$7:$F$46,5,FALSE)) | U13: =IF(M13="",0,ROUND(S13/T13,0)) -> 0
G14: =IF(B14="","",VLOOKUP(B14,EQUIPOS!$B$7:$F$46,3,FALSE)) | H14: =IF(B14="","",VLOOKUP(B14,EQUIPOS!$B$7:$F$46,5,FALSE)) | R14: =IF(M14="","",VLOOKUP(M14,EQUIPOS!$B$7:$F$46,3,FALSE)) | S14: =IF(M14="","",VLOOKUP(M14,EQUIPOS!$B$7:$F$46,5,FALSE))
B15: Subtotal Equipo : | J15: =SUM(J9:J14) -> 7969 | M15: Subtotal Equipo : | U15: =SUM(U9:U14) -> 7688
B17: Materiales | M17: Materiales
B18: DESCRIPCIÓN MATERIAL | F18: CANTIDAD | G18: UNIDAD | H18: DESPERDICIO (%) | I18: VALOR UNITARIO | J18: VALOR PARCIAL | M18: DESCRIPCIÓN MATERIAL | Q18: CANTIDAD | R18: UNIDAD | S18: DESPERDICIO (%) | T18: VALOR UNITARIO | U18: VALOR PARCIAL
B19: Material de afirmado CBR ≥ 15% | F19: 1.3 | G19: =IF(F19=0,"",VLOOKUP(B19,'LISTADO DE MATERIALES'!$B$6:$D$311,2,FALSE)) -> m3 | H19: 0.1 | I19: =IF(F19=0,"",VLOOKUP(B19,'LISTADO DE MATERIALES'!$B$6:$D$311,3,FALSE)) -> 106505 | J19: =IF(I19="",0,ROUND((+F19*I19*(1+H19)),0)) -> 152302
G20: =IF(F20=0,"",VLOOKUP(B20,'LISTADO DE MATERIALES'!$B$6:$D$311,2,FALSE)) | I20: =IF(F20=0,"",VLOOKUP(B20,'LISTADO DE MATERIALES'!$B$6:$D$311,3,FALSE)) | J20: =IF(I20="",0,ROUND((+F20*I20*(1+H20)),0)) -> 0 | M20: Material de afirmado CBR ≥ 15% | Q20: 1.3 | R20: =IF(Q20=0,"",VLOOKUP(M20,'LISTADO DE MATERIALES'!$B$6:$D$311,2,FALSE)) -> m3 | S20: 0 | T20: =IF(Q20=0,"",VLOOKUP(M20,'LISTADO DE MATERIALES'!$B$6:$D$311,3,FALSE)) -> 106505 | U20: =IF(T20="",0,ROUND((+Q20*T20*(1+S20)),0)) -> 138457 | V20: Para que es la actividad ?
G21: =IF(F21=0,"",VLOOKUP(B21,'LISTADO DE MATERIALES'!$B$6:$D$311,2,FALSE)) | I21: =IF(F21=0,"",VLOOKUP(B21,'LISTADO DE MATERIALES'!$B$6:$D$311,3,FALSE)) | J21: =IF(I21="",0,ROUND((+F21*I21*(1+H21)),0)) -> 0 | R21: =IF(Q21=0,"",VLOOKUP(M21,'LISTADO DE MATERIALES'!$B$6:$D$311,2,FALSE)) | T21: =IF(Q21=0,"",VLOOKUP(M21,'LISTADO DE MATERIALES'!$B$6:$D$311,3,FALSE)) | U21: =IF(T21="",0,ROUND((+Q21*T21*(1+S21)),0)) -> 0
G22: =IF(F22=0,"",VLOOKUP(B22,'LISTADO DE MATERIALES'!$B$6:$D$311,2,FALSE)) | I22: =IF(F22=0,"",VLOOKUP(B22,'LISTADO DE MATERIALES'!$B$6:$D$311,3,FALSE)) | J22: =IF(I22="",0,ROUND((+F22*I22*(1+H22)),0)) -> 0 | R22: =IF(Q22=0,"",VLOOKUP(M22,'LISTADO DE MATERIALES'!$B$6:$D$311,2,FALSE)) | T22: =IF(Q22=0,"",VLOOKUP(M22,'LISTADO DE MATERIALES'!$B$6:$D$311,3,FALSE)) | U22: =IF(T22="",0,ROUND((+Q22*T22*(1+S22)),0)) -> 0
G23: =IF(F23=0,"",VLOOKUP(B23,'LISTADO DE MATERIALES'!$B$6:$D$311,2,FALSE)) | I23: =IF(F23=0,"",VLOOKUP(B23,'LISTADO DE MATERIALES'!$B$6:$D$311,3,FALSE)) | J23: =IF(I23="",0,ROUND((+F23*I23*(1+H23)),0)) -> 0 | R23: =IF(Q23=0,"",VLOOKUP(M23,'LISTADO DE MATERIALES'!$B$6:$D$311,2,FALSE)) | T23: =IF(Q23=0,"",VLOOKUP(M23,'LISTADO DE MATERIALES'!$B$6:$D$311,3,FALSE)) | U23: =IF(T23="",0,ROUND((+Q23*T23*(1+S23)),0)) -> 0
G24: =IF(F24=0,"",VLOOKUP(B24,'LISTADO DE MATERIALES'!$B$6:$D$311,2,FALSE)) | I24: =IF(F24=0,"",VLOOKUP(B24,'LISTADO DE MATERIALES'!$B$6:$D$311,3,FALSE)) | J24: =IF(I24="",0,ROUND((+F24*I24*(1+H24)),0)) -> 0 | R24: =IF(Q24=0,"",VLOOKUP(M24,'LISTADO DE MATERIALES'!$B$6:$D$311,2,FALSE)) | T24: =IF(Q24=0,"",VLOOKUP(M24,'LISTADO DE MATERIALES'!$B$6:$D$311,3,FALSE)) | U24: =IF(T24="",0,ROUND((+Q24*T24*(1+S24)),0)) -> 0
B25: Subtotal Materiales : | J25: =SUM(J19:J24) -> 152302 | M25: Subtotal Materiales : | U25: =SUM(U19:U24) -> 138457
B27: Transporte | M27: Transporte
B28: DESCRIPCIÓN MATERIAL | G28: M3-Ton | H28: Km | I28: TARIFA | J28: VALOR PARCIAL | M28: DESCRIPCIÓN MATERIAL | R28: M3-Ton | S28: Km | T28: TARIFA | U28: VALOR PARCIAL
B29: Transporte de material afirmado | G29: =+F19 -> 1.3 | H29: =+TRANSPORTE!B6 -> 70 | I29: =+TRANSPORTE!C6 -> 1241.46 | J29: =ROUND(I29*H29*G29,0) -> 112973 | M29: Transporte de material afirmado | R29: =+Q20 -> 1.3 | S29: 32 | T29: 1153.66 | U29: =ROUND(T29*S29*R29,0) -> 47992
J30: 0 | U30: 0
J31: 0 | U31: 0
J32: 0 | U32: 0
B33: Subtotal Transporte : | J33: =SUM(J29:J32) -> 112973 | M33: Subtotal Transporte : | U33: =SUM(U29:U32) -> 47992
B35: Mano de Obra | M35: Mano de Obra
B36: DESCRIPCIÓN | G36: VALOR INTEGRAL / DIA | H36: CANTIDAD | I36: RENDIMIENTO | J36: VALOR PARCIAL | M36: DESCRIPCIÓN | R36: VALOR INTEGRAL / DIA | S36: CANTIDAD | T36: RENDIMIENTO | U36: VALOR PARCIAL
B37: OFICIAL | G37: =IF(B37="","",VLOOKUP(B37,CUADRILLAS!$B$87:$C$101,2,FALSE)) -> 157213.73 | H37: 1 | I37: 14 | J37: =ROUND(+IF(I37=0,0,G37*H37/I37),0) -> 11230 | M37: OFICIAL | R37: =IF(M37="","",VLOOKUP(M37,CUADRILLAS!$B$87:$C$101,2,FALSE)) -> 157213.73 | S37: 1 | T37: 14 | U37: =ROUND(+IF(T37=0,0,R37*S37/T37),0) -> 11230
B38: AYUDANTE | G38: =IF(B38="","",VLOOKUP(B38,CUADRILLAS!$B$87:$C$101,2,FALSE)) -> 78606.867 | H38: 2 | I38: =+I37 -> 14 | J38: =ROUND(+IF(I38=0,0,G38*H38/I38),0) -> 11230 | M38: AYUDANTE | R38: =IF(M38="","",VLOOKUP(M38,CUADRILLAS!$B$87:$C$101,2,FALSE)) -> 78606.867 | S38: 1 | T38: =+T37 -> 14 | U38: =ROUND(+IF(T38=0,0,R38*S38/T38),0) -> 5615
G39: =IF(B39="","",VLOOKUP(B39,CUADRILLAS!$B$87:$C$101,2,FALSE)) | J39: =+IF(I39=0,0,G39*H39/I39) -> 0 | R39: =IF(M39="","",VLOOKUP(M39,CUADRILLAS!$B$87:$C$101,2,FALSE)) | U39: =+IF(T39=0,0,R39*S39/T39) -> 0
G40: =IF(B40="","",VLOOKUP(B40,CUADRILLAS!$B$87:$C$101,2,FALSE)) | J40: =+IF(I40=0,0,G40*H40/I40) -> 0 | R40: =IF(M40="","",VLOOKUP(M40,CUADRILLAS!$B$87:$C$101,2,FALSE)) | U40: =+IF(T40=0,0,R40*S40/T40) -> 0
B41: Subtotal Mano de Obra : | J41: =SUM(J37:J40) -> 22460 | M41: Subtotal Mano de Obra : | U41: =SUM(U37:U40) -> 16845
B43: Total Costo Directo Item : | J43: =+J41+J33+J15+J25 -> 295704 | M43: Total Costo Directo Item : | U43: =+U41+U33+U15+U25 -> 210982

Sheet 1.04
D1: ='PPTO HOJA'!A4 -> DEPARTAMENTO DE ANTIOQUIA | O1: DEPARTAMENTO DE ANTIOQUIA
D2: ='PPTO HOJA'!A5 -> MUNICIPIO DE ARBOLETES | O2: MUNICIPIO DE ARBOLETES
D3: ='PPTO HOJA'!A7 -> CONSTRUCCION DE OBRAS CIVILES COMPLEMENTARIAS PARA EL CORRECTO FUNCIONAMIENTO DEL PROYECTO DENOMINADO “PARQUE GEOLÓGICO, NATURAL, AMBIENTAL, CULTURAL Y TURÍSTICO, VOLCÁN DE LODO DE ARBOLETES”, QUE SE LLEVARÁ A CABO EN EL MUNICIPIO DE ARBOLETES-ANTIOQUIA | O3: CONSTRUCCION DE OBRAS CIVILES COMPLEMENTARIAS PARA EL CORRECTO FUNCIONAMIENTO DEL PROYECTO DENOMINADO “PARQUE GEOLÓGICO, NATURAL, AMBIENTAL, CULTURAL Y TURÍSTICO, VOLCÁN DE LODO DE ARBOLETES”, QUE SE LLEVARÁ A CABO EN EL MUNICIPIO DE ARBOLETES-ANTIOQUIA
D4: ANALISIS DE PRECIOS UNITARIOS | O4: ANALISIS DE PRECIOS UNITARIOS
A6: I | B6: ÍTEM | C6: ='PPTO HOJA'!A15 -> 1.04 | E6: ='PPTO HOJA'!B15 -> Relleno con material seleccionado de excavación | I6: Unidad | J6: ='PPTO HOJA'!C15 -> m3 | L6: I | M6: ÍTEM | N6: 1.04 | P6: Relleno con material seleccionado de excavación | T6: Unidad | U6: m3
B7: Equipo | M7: Equipo
B8: DESCRIPCIÓN EQUIPO | G8: TIPO | H8: TARIFA/DIA | I8: RENDIMIENTO | J8: VALOR PARCIAL | M8: DESCRIPCIÓN EQUIPO | R8: TIPO | S8: TARIFA/DIA | T8: RENDIMIENTO | U8: VALOR PARCIAL
B9: HERRAMIENTAS MENORES | I9: 0.05 | J9: =ROUND(I9*J41,0) -> 1123 | M9: HERRAMIENTAS MENORES | T9: 0.05 | U9: =ROUND(T9*U41,0) -> 786
B10: COMPACTADOR MANUAL TIPO CANGURO (SALTARÍN) con motor de 6 HP | G10: =IF(B10="","",VLOOKUP(B10,EQUIPOS!$B$7:$F$46,3,FALSE)) -> GASOLINA | H10: =IF(B10="","",VLOOKUP(B10,EQUIPOS!$B$7:$F$46,5,FALSE)) -> 95840 | I10: =+I38 -> 14 | J10: =IF(B10="",0,ROUND(H10/I10,0)) -> 6846 | M10: COMPACTADOR MANUAL TIPO CANGURO (SALTARÍN) con motor de 6 HP | R10: GASOLINA | S10: 95840 | T10: 10 | U10: =IF(M10="",0,ROUND(S10/T10,0)) -> 9584
G11: =IF(B11="","",VLOOKUP(B11,EQUIPOS!$B$7:$F$46,3,FALSE)) | H11: =IF(B11="","",VLOOKUP(B11,EQUIPOS!$B$7:$F$46,5,FALSE)) | J11: =IF(B11="",0,ROUND(H11/I11,0)) -> 0 | U11: =IF(M11="",0,ROUND(S11/T11,0)) -> 0
G12: =IF(B12="","",VLOOKUP(B12,EQUIPOS!$B$7:$F$46,3,FALSE)) | H12: =IF(B12="","",VLOOKUP(B12,EQUIPOS!$B$7:$F$46,5,FALSE)) | J12: =IF(B12="",0,ROUND(H12/I12,0)) -> 0 | U12: =IF(M12="",0,ROUND(S12/T12,0)) -> 0
G13: =IF(B13="","",VLOOKUP(B13,EQUIPOS!$B$7:$F$46,3,FALSE)) | H13: =IF(B13="","",VLOOKUP(B13,EQUIPOS!$B$7:$F$46,5,FALSE)) | J13: =IF(B13="",0,ROUND(H13/I13,0)) -> 0 | U13: =IF(M13="",0,ROUND(S13/T13,0)) -> 0
G14: =IF(B14="","",VLOOKUP(B14,EQUIPOS!$B$7:$F$46,3,FALSE)) | H14: =IF(B14="","",VLOOKUP(B14,EQUIPOS!$B$7:$F$46,5,FALSE))
B15: Subtotal Equipo : | J15: =SUM(J9:J14) -> 7969 | M15: Subtotal Equipo : | U15: =SUM(U9:U14) -> 10370
B17: Materiales | M17: Materiales
B18: DESCRIPCIÓN MATERIAL | F18: CANTIDAD | G18: UNIDAD | H18: DESPERDICIO (%) | I18: VALOR UNITARIO | J18: VALOR PARCIAL | M18: DESCRIPCIÓN MATERIAL | Q18: CANTIDAD | R18: UNIDAD | S18: DESPERDICIO (%) | T18: VALOR UNITARIO | U18: VALOR PARCIAL
G19: =IF(F19=0,"",VLOOKUP(B19,'LISTADO DE MATERIALES'!$B$6:$D$311,2,FALSE)) | I19: =IF(F19=0,"",VLOOKUP(B19,'LISTADO DE MATERIALES'!$B$6:$D$311,3,FALSE)) | J19: =IF(I19="",0,ROUND((+F19*I19*(1+H19)),0)) -> 0
G20: =IF(F20=0,"",VLOOKUP(B20,'LISTADO DE MATERIALES'!$B$6:$D$311,2,FALSE)) | I20: =IF(F20=0,"",VLOOKUP(B20,'LISTADO DE MATERIALES'!$B$6:$D$311,3,FALSE)) | J20: =IF(I20="",0,ROUND((+F20*I20*(1+H20)),0)) -> 0 | U20: =IF(T20="",0,ROUND((+Q20*T20*(1+S20)),0)) -> 0
G21: =IF(F21=0,"",VLOOKUP(B21,'LISTADO DE MATERIALES'!$B$6:$D$311,2,FALSE)) | I21: =IF(F21=0,"",VLOOKUP(B21,'LISTADO DE MATERIALES'!$B$6:$D$311,3,FALSE)) | J21: =IF(I21="",0,ROUND((+F21*I21*(1+H21)),0)) -> 0 | U21: =IF(T21="",0,ROUND((+Q21*T21*(1+S21)),0)) -> 0
G22: =IF(F22=0,"",VLOOKUP(B22,'LISTADO DE MATERIALES'!$B$6:$D$311,2,FALSE)) | I22: =IF(F22=0,"",VLOOKUP(B22,'LISTADO DE MATERIALES'!$B$6:$D$311,3,FALSE)) | J22: =IF(I22="",0,ROUND((+F22*I22*(1+H22)),0)) -> 0 | U22: =IF(T22="",0,ROUND((+Q22*T22*(1+S22)),0)) -> 0
G23: =IF(F23=0,"",VLOOKUP(B23,'LISTADO DE MATERIALES'!$B$6:$D$311,2,FALSE)) | I23: =IF(F23=0,"",VLOOKUP(B23,'LISTADO DE MATERIALES'!$B$6:$D$311,3,FALSE)) | J23: =IF(I23="",0,ROUND((+F23*I23*(1+H23)),0)) -> 0 | U23: =IF(T23="",0,ROUND((+Q23*T23*(1+S23)),0)) -> 0
G24: =IF(F24=0,"",VLOOKUP(B24,'LISTADO DE MATERIALES'!$B$6:$D$311,2,FALSE)) | I24: =IF(F24=0,"",VLOOKUP(B24,'LISTADO DE MATERIALES'!$B$6:$D$311,3,FALSE)) | J24: =IF(I24="",0,ROUND((+F24*I24*(1+H24)),0)) -> 0 | U24: =IF(T24="",0,ROUND((+Q24*T24*(1+S24)),0)) -> 0
B25: Subtotal Materiales : | J25: =SUM(J19:J24) -> 0 | M25: Subtotal Materiales : | U25: =SUM(U19:U24) -> 0
B27: Transporte | M27: Transporte
B28: DESCRIPCIÓN MATERIAL | G28: M3-Ton | H28: Km | I28: TARIFA | J28: VALOR PARCIAL | M28: DESCRIPCIÓN MATERIAL | R28: M3-Ton | S28: Km | T28: TARIFA | U28: VALOR PARCIAL
J29: =ROUND(I29*H29*G29,0) -> 0 | U29: =ROUND(T29*S29*R29,0) -> 0
J30: 0 | U30: 0
J31: 0 | U31: 0
J32: 0 | U32: 0
B33: Subtotal Transporte : | J33: =SUM(J29:J32) -> 0 | M33: Subtotal Transporte : | U33: =SUM(U29:U32) -> 0
B35: Mano de Obra | M35: Mano de Obra
B36: DESCRIPCIÓN | G36: VALOR INTEGRAL / DIA | H36: CANTIDAD | I36: RENDIMIENTO | J36: VALOR PARCIAL | M36: DESCRIPCIÓN | R36: VALOR INTEGRAL / DIA | S36: CANTIDAD | T36: RENDIMIENTO | U36: VALOR PARCIAL
B37: OFICIAL | G37: =IF(B37="","",VLOOKUP(B37,CUADRILLAS!$B$87:$C$101,2,FALSE)) -> 157213.73 | H37: 1 | I37: 14 | J37: =ROUND(+IF(I37=0,0,G37*H37/I37),0) -> 11230
B38: AYUDANTE | G38: =IF(B38="","",VLOOKUP(B38,CUADRILLAS!$B$87:$C$101,2,FALSE)) -> 78606.867 | H38: 2 | I38: 14 | J38: =ROUND(+IF(I38=0,0,G38*H38/I38),0) -> 11230 | M38: AYUDANTE | R38: 78606.867 | S38: 2 | T38: 10 | U38: =ROUND(+IF(T38=0,0,R38*S38/T38),0) -> 15721
G39: =IF(B39="","",VLOOKUP(B39,CUADRILLAS!$B$87:$C$101,2,FALSE)) | J39: =+IF(I39=0,0,G39*H39/I39) -> 0 | U39: =+IF(T39=0,0,R39*S39/T39) -> 0
G40: =IF(B40="","",VLOOKUP(B40,CUADRILLAS!$B$87:$C$101,2,FALSE)) | J40: =+IF(I40=0,0,G40*H40/I40) -> 0 | U40: =+IF(T40=0,0,R40*S40/T40) -> 0
B41: Subtotal Mano de Obra : | J41: =SUM(J37:J40) -> 22460 | M41: Subtotal Mano de Obra : | U41: =SUM(U37:U40) -> 15721
B43: Total Costo Directo Item : | J43: =+J41+J33+J15+J25 -> 30429 | M43: Total Costo Directo Item : | U43: =+U41+U33+U15+U25 -> 26091

Sheet 2.01
D1: ='PPTO HOJA'!A4 -> DEPARTAMENTO DE ANTIOQUIA | O1: DEPARTAMENTO DE ANTIOQUIA
D2: ='PPTO HOJA'!A5 -> MUNICIPIO DE ARBOLETES | O2: MUNICIPIO DE ARBOLETES
D3: ='PPTO HOJA'!A7 -> CONSTRUCCION DE OBRAS CIVILES COMPLEMENTARIAS PARA EL CORRECTO FUNCIONAMIENTO DEL PROYECTO DENOMINADO “PARQUE GEOLÓGICO, NATURAL, AMBIENTAL, CULTURAL Y TURÍSTICO, VOLCÁN DE LODO DE ARBOLETES”, QUE SE LLEVARÁ A CABO EN EL MUNICIPIO DE ARBOLETES-ANTIOQUIA | O3: CONSTRUCCION DE OBRAS CIVILES COMPLEMENTARIAS PARA EL CORRECTO FUNCIONAMIENTO DEL PROYECTO DENOMINADO “PARQUE GEOLÓGICO, NATURAL, AMBIENTAL, CULTURAL Y TURÍSTICO, VOLCÁN DE LODO DE ARBOLETES”, QUE SE LLEVARÁ A CABO EN EL MUNICIPIO DE ARBOLETES-ANTIOQUIA
D4: ANALISIS DE PRECIOS UNITARIOS | O4: ANALISIS DE PRECIOS UNITARIOS
A6: II | B6: ÍTEM | C6: =+'PPTO HOJA'!A17 -> 2.01 | E6: ='PPTO HOJA'!B17 -> S/I Tubería Sanitaria Ø 2" PVC-S | I6: Unidad | J6: ='PPTO HOJA'!C17 -> m | L6: =A6 -> II | M6: ÍTEM | N6: =C6 -> 2.01 | P6: =E6 -> S/I Tubería Sanitaria Ø 2" PVC-S | T6: Unidad | U6: =J6 -> m
B7: Equipo | M7: Equipo
B8: DESCRIPCIÓN EQUIPO | G8: TIPO | H8: TARIFA/DIA | I8: RENDIMIENTO | J8: VALOR PARCIAL | M8: DESCRIPCIÓN EQUIPO | R8: TIPO | S8: TARIFA/DIA | T8: RENDIMIENTO | U8: VALOR PARCIAL
B9: HERRAMIENTAS MENORES | I9: 0.05 | J9: =ROUND(I9*J41,0) -> 233 | M9: HERRAMIENTAS MENORES | T9: 0.05 | U9: =ROUND(T9*U41,0) -> 233
G10: =IF(B10="","",VLOOKUP(B10,EQUIPOS!$B$7:$F$46,3,FALSE)) | H10: =IF(B10="","",VLOOKUP(B10,EQUIPOS!$B$7:$F$46,5,FALSE)) | J10: =IF(B10="",0,ROUND(H10/I10,0)) -> 0 | U10: =IF(M10="",0,ROUND(S10/T10,0)) -> 0
G11: =IF(B11="","",VLOOKUP(B11,EQUIPOS!$B$7:$F$46,3,FALSE)) | H11: =IF(B11="","",VLOOKUP(B11,EQUIPOS!$B$7:$F$46,5,FALSE)) | J11: =IF(B11="",0,ROUND(H11/I11,0)) -> 0 | U11: =IF(M11="",0,ROUND(S11/T11,0)) -> 0
G12: =IF(B12="","",VLOOKUP(B12,EQUIPOS!$B$7:$F$46,3,FALSE)) | H12: =IF(B12="","",VLOOKUP(B12,EQUIPOS!$B$7:$F$46,5,FALSE)) | J12: =IF(B12="",0,ROUND(H12/I12,0)) -> 0 | U12: =IF(M12="",0,ROUND(S12/T12,0)) -> 0
G13: =IF(B13="","",VLOOKUP(B13,EQUIPOS!$B$7:$F$46,3,FALSE)) | H13: =IF(B13="","",VLOOKUP(B13,EQUIPOS!$B$7:$F$46,5,FALSE)) | J13: =IF(B13="",0,ROUND(H13/I13,0)) -> 0 | U13: =IF(M13="",0,ROUND(S13/T13,0)) -> 0
G14: =IF(B14="","",VLOOKUP(B14,EQUIPOS!$B$7:$F$46,3,FALSE)) | H14: =IF(B14="","",VLOOKUP(B14,EQUIPOS!$B$7:$F$46,5,FALSE))
B15: Subtotal Equipo : | J15: =SUM(J9:J14) -> 233 | M15: Subtotal Equipo : | U15: =SUM(U9:U14) -> 233
B17: Materiales | M17: Materiales
B18: DESCRIPCIÓN MATERIAL | F18: CANTIDAD | G18: UNIDAD | H18: DESPERDICIO (%) | I18: VALOR UNITARIO | J18: VALOR PARCIAL | M18: DESCRIPCIÓN MATERIAL | Q18: CANTIDAD | R18: UNIDAD | S18: DESPERDICIO (%) | T18: VALOR UNITARIO | U18: VALOR PARCIAL
B19: Tubería Sanitaria Ø 2" PVC-S | F19: 1 | G19: =IF(F19=0,"",VLOOKUP(B19,'LISTADO DE MATERIALES'!$B$6:$D$311,2,FALSE)) -> m | H19: 0.05 | I19: =IF(F19=0,"",VLOOKUP(B19,'LISTADO DE MATERIALES'!$B$6:$D$311,3,FALSE)) -> 18994.585 | J19: =IF(I19="",0,ROUND((+F19*I19*(1+H19)),0)) -> 19944 | M19: Tubería Sanitaria Ø 2" PVC-S | Q19: 1 | R19: m | S19: 0.05 | T19: 18994.585 | U19: =IF(T19="",0,ROUND((+Q19*T19*(1+S19)),0)) -> 19944 | W19: =99802/6 -> 16633.667
B20: Soldadura PVC x 1/4 GL | F20: 0.015 | G20: =IF(F20=0,"",VLOOKUP(B20,'LISTADO DE MATERIALES'!$B$6:$D$311,2,FALSE)) -> und | H20: 0.05 | I20: =IF(F20=0,"",VLOOKUP(B20,'LISTADO DE MATERIALES'!$B$6:$D$311,3,FALSE)) -> 147850 | J20: =IF(I20="",0,ROUND((+F20*I20*(1+H20)),0)) -> 2329 | M20: Soldadura PVC x 1/4 GL | Q20: 0.015 | R20: und | T20: 147850 | U20: =IF(T20="",0,ROUND((+Q20*T20*(1+S20)),0)) -> 2218 | W20: 136699
B21: Limpiador PVC x 1/4 GL | F21: =F20 -> 0.015 | G21: =IF(F21=0,"",VLOOKUP(B21,'LISTADO DE MATERIALES'!$B$6:$D$311,2,FALSE)) -> und | H21: 0.05 | I21: =IF(F21=0,"",VLOOKUP(B21,'LISTADO DE MATERIALES'!$B$6:$D$311,3,FALSE)) -> 71305 | J21: =IF(I21="",0,ROUND((+F21*I21*(1+H21)),0)) -> 1123 | M21: Limpiador PVC x 1/4 GL | Q21: =Q20 -> 0.015 | R21: und | T21: 71305 | U21: =IF(T21="",0,ROUND((+Q21*T21*(1+S21)),0)) -> 1070 | W21: 65913
G22: =IF(F22=0,"",VLOOKUP(B22,'LISTADO DE MATERIALES'!$B$6:$D$311,2,FALSE)) | I22: =IF(F22=0,"",VLOOKUP(B22,'LISTADO DE MATERIALES'!$B$6:$D$311,3,FALSE)) | J22: =IF(I22="",0,ROUND((+F22*I22*(1+H22)),0)) -> 0 | U22: =IF(T22="",0,ROUND((+Q22*T22*(1+S22)),0)) -> 0
G23: =IF(F23=0,"",VLOOKUP(B23,'LISTADO DE MATERIALES'!$B$6:$D$311,2,FALSE)) | I23: =IF(F23=0,"",VLOOKUP(B23,'LISTADO DE MATERIALES'!$B$6:$D$311,3,FALSE)) | J23: =IF(I23="",0,ROUND((+F23*I23*(1+H23)),0)) -> 0 | U23: =IF(T23="",0,ROUND((+Q23*T23*(1+S23)),0)) -> 0
G24: =IF(F24=0,"",VLOOKUP(B24,'LISTADO DE MATERIALES'!$B$6:$D$311,2,FALSE)) | I24: =IF(F24=0,"",VLOOKUP(B24,'LISTADO DE MATERIALES'!$B$6:$D$311,3,FALSE)) | J24: =IF(I24="",0,ROUND((+F24*I24*(1+H24)),0)) -> 0 | U24: =IF(T24="",0,ROUND((+Q24*T24*(1+S24)),0)) -> 0
B25: Subtotal Materiales : | J25: =SUM(J19:J24) -> 23396 | M25: Subtotal Materiales : | U25: =SUM(U19:U24) -> 23232
B27: Transporte | M27: Transporte
B28: DESCRIPCIÓN MATERIAL | G28: M3-Ton | H28: Km | I28: TARIFA | J28: VALOR PARCIAL | M28: DESCRIPCIÓN MATERIAL | R28: M3-Ton | S28: Km | T28: TARIFA | U28: VALOR PARCIAL
J29: =ROUND((I29*H29*G29),0) -> 0 | U29: =ROUND((T29*S29*R29),0) -> 0
J30: 0 | U30: 0
J31: 0 | U31: 0
J32: 0 | U32: 0
B33: Subtotal Transporte : | J33: =SUM(J29:J32) -> 0 | M33: Subtotal Transporte : | U33: =SUM(U29:U32) -> 0
B35: Mano de Obra | M35: Mano de Obra
B36: DESCRIPCIÓN | G36: VALOR INTEGRAL / DIA | H36: CANTIDAD | I36: RENDIMIENTO | J36: VALOR PARCIAL | M36: DESCRIPCIÓN | R36: VALOR INTEGRAL / DIA | S36: CANTIDAD | T36: RENDIMIENTO | U36: VALOR PARCIAL
B37: CUADRILLA INSTALACIONES SANITARIAS | G37: =IF(B37="","",VLOOKUP(B37,CUADRILLAS!$B$87:$C$101,2,FALSE)) -> 628854.93 | H37: 1 | I37: 135 | J37: =ROUND(+IF(I37=0,0,G37*H37/I37),0) -> 4658 | M37: CUADRILLA INSTALACIONES SANITARIAS | R37: 628854.93 | S37: 1 | T37: 135 | U37: =ROUND(+IF(T37=0,0,R37*S37/T37),0) -> 4658
G38: =IF(B38="","",VLOOKUP(B38,CUADRILLAS!$B$87:$C$101,2,FALSE)) | J38: =ROUND(+IF(I38=0,0,G38*H38/I38),0) -> 0 | U38: =ROUND(+IF(T38=0,0,R38*S38/T38),0) -> 0
G39: =IF(B39="","",VLOOKUP(B39,CUADRILLAS!$B$87:$C$101,2,FALSE)) | J39: =+IF(I39=0,0,G39*H39/I39) -> 0 | U39: =+IF(T39=0,0,R39*S39/T39) -> 0
G40: =IF(B40="","",VLOOKUP(B40,CUADRILLAS!$B$87:$C$101,2,FALSE)) | J40: =+IF(I40=0,0,G40*H40/I40) -> 0 | U40: =+IF(T40=0,0,R40*S40/T40) -> 0
B41: Subtotal Mano de Obra : | J41: =SUM(J37:J40) -> 4658 | M41: Subtotal Mano de Obra : | U41: =SUM(U37:U40) -> 4658
B43: Total Costo Directo Item : | J43: =+J41+J33+J15+J25 -> 28287 | M43: Total Costo Directo Item : | U43: =+U41+U33+U15+U25 -> 28123

Sheet 2.02
D1: ='PPTO HOJA'!A4 -> DEPARTAMENTO DE ANTIOQUIA | O1: DEPARTAMENTO DE ANTIOQUIA
D2: ='PPTO HOJA'!A5 -> MUNICIPIO DE ARBOLETES | O2: MUNICIPIO DE ARBOLETES
D3: ='PPTO HOJA'!A7 -> CONSTRUCCION DE OBRAS CIVILES COMPLEMENTARIAS PARA EL CORRECTO FUNCIONAMIENTO DEL PROYECTO DENOMINADO “PARQUE GEOLÓGICO, NATURAL, AMBIENTAL, CULTURAL Y TURÍSTICO, VOLCÁN DE LODO DE ARBOLETES”, QUE SE LLEVARÁ A CABO EN EL MUNICIPIO DE ARBOLETES-ANTIOQUIA | O3: CONSTRUCCION DE OBRAS CIVILES COMPLEMENTARIAS PARA EL CORRECTO FUNCIONAMIENTO DEL PROYECTO DENOMINADO “PARQUE GEOLÓGICO, NATURAL, AMBIENTAL, CULTURAL Y TURÍSTICO, VOLCÁN DE LODO DE ARBOLETES”, QUE SE LLEVARÁ A CABO EN EL MUNICIPIO DE ARBOLETES-ANTIOQUIA
D4: ANALISIS DE PRECIOS UNITARIOS | O4: ANALISIS DE PRECIOS UNITARIOS
A6: II | B6: ÍTEM | C6: =+'PPTO HOJA'!A18 -> 2.02 | E6: ='PPTO HOJA'!B18 -> S/I Tubería Sanitaria Ø 3" PVC-S | I6: Unidad | J6: ='PPTO HOJA'!C18 -> m | L6: =A6 -> II | M6: ÍTEM | N6: =C6 -> 2.02 | P6: =E6 -> S/I Tubería Sanitaria Ø 3" PVC-S | T6: Unidad | U6: =J6 -> m
B7: Equipo | M7: Equipo
B8: DESCRIPCIÓN EQUIPO | G8: TIPO | H8: TARIFA/DIA | I8: RENDIMIENTO | J8: VALOR PARCIAL | M8: DESCRIPCIÓN EQUIPO | R8: TIPO | S8: TARIFA/DIA | T8: RENDIMIENTO | U8: VALOR PARCIAL
B9: HERRAMIENTAS MENORES | I9: 0.05 | J9: =ROUND(I9*J41,0) -> 314 | M9: HERRAMIENTAS MENORES | T9: 0.05 | U9: =ROUND(T9*U41,0) -> 262
G10: =IF(B10="","",VLOOKUP(B10,EQUIPOS!$B$7:$F$46,3,FALSE)) | H10: =IF(B10="","",VLOOKUP(B10,EQUIPOS!$B$7:$F$46,5,FALSE)) | J10: =IF(B10="",0,ROUND(H10/I10,0)) -> 0 | U10: =IF(M10="",0,ROUND(S10/T10,0)) -> 0
G11: =IF(B11="","",VLOOKUP(B11,EQUIPOS!$B$7:$F$46,3,FALSE)) | H11: =IF(B11="","",VLOOKUP(B11,EQUIPOS!$B$7:$F$46,5,FALSE)) | J11: =IF(B11="",0,ROUND(H11/I11,0)) -> 0 | U11: =IF(M11="",0,ROUND(S11/T11,0)) -> 0
G12: =IF(B12="","",VLOOKUP(B12,EQUIPOS!$B$7:$F$46,3,FALSE)) | H12: =IF(B12="","",VLOOKUP(B12,EQUIPOS!$B$7:$F$46,5,FALSE)) | J12: =IF(B12="",0,ROUND(H12/I12,0)) -> 0 | U12: =IF(M12="",0,ROUND(S12/T12,0)) -> 0
G13: =IF(B13="","",VLOOKUP(B13,EQUIPOS!$B$7:$F$46,3,FALSE)) | H13: =IF(B13="","",VLOOKUP(B13,EQUIPOS!$B$7:$F$46,5,FALSE)) | J13: =IF(B13="",0,ROUND(H13/I13,0)) -> 0 | U13: =IF(M13="",0,ROUND(S13/T13,0)) -> 0
G14: =IF(B14="","",VLOOKUP(B14,EQUIPOS!$B$7:$F$46,3,FALSE)) | H14: =IF(B14="","",VLOOKUP(B14,EQUIPOS!$B$7:$F$46,5,FALSE))
B15: Subtotal Equipo : | J15: =SUM(J9:J14) -> 314 | M15: Subtotal Equipo : | U15: =SUM(U9:U14) -> 262
B17: Materiales | M17: Materiales
B18: DESCRIPCIÓN MATERIAL | F18: CANTIDAD | G18: UNIDAD | H18: DESPERDICIO (%) | I18: VALOR UNITARIO | J18: VALOR PARCIAL | M18: DESCRIPCIÓN MATERIAL | Q18: CANTIDAD | R18: UNIDAD | S18: DESPERDICIO (%) | T18: VALOR UNITARIO | U18: VALOR PARCIAL
B19: Tubería Sanitaria Ø 3" PVC-S | F19: 1 | G19: =IF(F19=0,"",VLOOKUP(B19,'LISTADO DE MATERIALES'!$B$6:$D$311,2,FALSE)) -> m | H19: 0.05 | I19: =IF(F19=0,"",VLOOKUP(B19,'LISTADO DE MATERIALES'!$B$6:$D$311,3,FALSE)) -> 26877.34 | J19: =IF(I19="",0,ROUND((+F19*I19*(1+H19)),0)) -> 28221 | M19: Tubería Sanitaria Ø 3" PVC-S | Q19: 1 | R19: m | S19: 0.05 | T19: 26877.34 | U19: =IF(T19="",0,ROUND((+Q19*T19*(1+S19)),0)) -> 28221 | W19: =149068/6 -> 24844.667
B20: Soldadura PVC x 1/4 GL | F20: 0.017 | G20: =IF(F20=0,"",VLOOKUP(B20,'LISTADO DE MATERIALES'!$B$6:$D$311,2,FALSE)) -> und | H20: 0.05 | I20: =IF(F20=0,"",VLOOKUP(B20,'LISTADO DE MATERIALES'!$B$6:$D$311,3,FALSE)) -> 147850 | J20: =IF(I20="",0,ROUND((+F20*I20*(1+H20)),0)) -> 2639 | M20: Soldadura PVC x 1/4 GL | Q20: 0.017 | R20: und | T20: 147850 | U20: =IF(T20="",0,ROUND((+Q20*T20*(1+S20)),0)) -> 2513
B21: Limpiador PVC x 1/4 GL | F21: =F20 -> 0.017 | G21: =IF(F21=0,"",VLOOKUP(B21,'LISTADO DE MATERIALES'!$B$6:$D$311,2,FALSE)) -> und | H21: 0.05 | I21: =IF(F21=0,"",VLOOKUP(B21,'LISTADO DE MATERIALES'!$B$6:$D$311,3,FALSE)) -> 71305 | J21: =IF(I21="",0,ROUND((+F21*I21*(1+H21)),0)) -> 1273 | M21: Limpiador PVC x 1/4 GL | Q21: =Q20 -> 0.017 | R21: und | T21: 71305 | U21: =IF(T21="",0,ROUND((+Q21*T21*(1+S21)),0)) -> 1212
G22: =IF(F22=0,"",VLOOKUP(B22,'LISTADO DE MATERIALES'!$B$6:$D$311,2,FALSE)) | I22: =IF(F22=0,"",VLOOKUP(B22,'LISTADO DE MATERIALES'!$B$6:$D$311,3,FALSE)) | J22: =IF(I22="",0,ROUND((+F22*I22*(1+H22)),0)) -> 0 | U22: =IF(T22="",0,ROUND((+Q22*T22*(1+S22)),0)) -> 0
G23: =IF(F23=0,"",VLOOKUP(B23,'LISTADO DE MATERIALES'!$B$6:$D$311,2,FALSE)) | I23: =IF(F23=0,"",VLOOKUP(B23,'LISTADO DE MATERIALES'!$B$6:$D$311,3,FALSE)) | J23: =IF(I23="",0,ROUND((+F23*I23*(1+H23)),0)) -> 0 | U23: =IF(T23="",0,ROUND((+Q23*T23*(1+S23)),0)) -> 0
G24: =IF(F24=0,"",VLOOKUP(B24,'LISTADO DE MATERIALES'!$B$6:$D$311,2,FALSE)) | I24: =IF(F24=0,"",VLOOKUP(B24,'LISTADO DE MATERIALES'!$B$6:$D$311,3,FALSE)) | J24: =IF(I24="",0,ROUND((+F24*I24*(1+H24)),0)) -> 0 | U24: =IF(T24="",0,ROUND((+Q24*T24*(1+S24)),0)) -> 0
B25: Subtotal Materiales : | J25: =SUM(J19:J24) -> 32133 | M25: Subtotal Materiales : | U25: =SUM(U19:U24) -> 31946
B27: Transporte | M27: Transporte
B28: DESCRIPCIÓN MATERIAL | G28: M3-Ton | H28: Km | I28: TARIFA | J28: VALOR PARCIAL | M28: DESCRIPCIÓN MATERIAL | R28: M3-Ton | S28: Km | T28: TARIFA | U28: VALOR PARCIAL
J29: =ROUND((I29*H29*G29),0) -> 0 | U29: =ROUND((T29*S29*R29),0) -> 0
J30: 0 | U30: 0
J31: 0 | U31: 0
J32: 0 | U32: 0
B33: Subtotal Transporte : | J33: =SUM(J29:J32) -> 0 | M33: Subtotal Transporte : | U33: =SUM(U29:U32) -> 0
B35: Mano de Obra | M35: Mano de Obra
B36: DESCRIPCIÓN | G36: VALOR INTEGRAL / DIA | H36: CANTIDAD | I36: RENDIMIENTO | J36: VALOR PARCIAL | M36: DESCRIPCIÓN | R36: VALOR INTEGRAL / DIA | S36: CANTIDAD | T36: RENDIMIENTO | U36: VALOR PARCIAL
B37: CUADRILLA INSTALACIONES SANITARIAS | G37: =IF(B37="","",VLOOKUP(B37,CUADRILLAS!$B$87:$C$101,2,FALSE)) -> 628854.93 | H37: 1 | I37: 100 | J37: =ROUND(+IF(I37=0,0,G37*H37/I37),0) -> 6289 | M37: CUADRILLA INSTALACIONES SANITARIAS | R37: 628854.93 | S37: 1 | T37: 120 | U37: =ROUND(+IF(T37=0,0,R37*S37/T37),0) -> 5240
G38: =IF(B38="","",VLOOKUP(B38,CUADRILLAS!$B$87:$C$101,2,FALSE)) | J38: =ROUND(+IF(I38=0,0,G38*H38/I38),0) -> 0 | U38: =ROUND(+IF(T38=0,0,R38*S38/T38),0) -> 0
G39: =IF(B39="","",VLOOKUP(B39,CUADRILLAS!$B$87:$C$101,2,FALSE)) | J39: =+IF(I39=0,0,G39*H39/I39) -> 0 | U39: =+IF(T39=0,0,R39*S39/T39) -> 0
G40: =IF(B40="","",VLOOKUP(B40,CUADRILLAS!$B$87:$C$101,2,FALSE)) | J40: =+IF(I40=0,0,G40*H40/I40) -> 0 | U40: =+IF(T40=0,0,R40*S40/T40) -> 0
B41: Subtotal Mano de Obra : | J41: =SUM(J37:J40) -> 6289 | M41: Subtotal Mano de Obra : | U41: =SUM(U37:U40) -> 5240
B43: Total Costo Directo Item : | J43: =+J41+J33+J15+J25 -> 38736 | M43: Total Costo Directo Item : | U43: =+U41+U33+U15+U25 -> 37448

Sheet 2.03
D1: ='PPTO HOJA'!A4 -> DEPARTAMENTO DE ANTIOQUIA | O1: DEPARTAMENTO DE ANTIOQUIA
D2: ='PPTO HOJA'!A5 -> MUNICIPIO DE ARBOLETES | O2: MUNICIPIO DE ARBOLETES
D3: ='PPTO HOJA'!A7 -> CONSTRUCCION DE OBRAS CIVILES COMPLEMENTARIAS PARA EL CORRECTO FUNCIONAMIENTO DEL PROYECTO DENOMINADO “PARQUE GEOLÓGICO, NATURAL, AMBIENTAL, CULTURAL Y TURÍSTICO, VOLCÁN DE LODO DE ARBOLETES”, QUE SE LLEVARÁ A CABO EN EL MUNICIPIO DE ARBOLETES-ANTIOQUIA | O3: CONSTRUCCION DE OBRAS CIVILES COMPLEMENTARIAS PARA EL CORRECTO FUNCIONAMIENTO DEL PROYECTO DENOMINADO “PARQUE GEOLÓGICO, NATURAL, AMBIENTAL, CULTURAL Y TURÍSTICO, VOLCÁN DE LODO DE ARBOLETES”, QUE SE LLEVARÁ A CABO EN EL MUNICIPIO DE ARBOLETES-ANTIOQUIA
D4: ANALISIS DE PRECIOS UNITARIOS | O4: ANALISIS DE PRECIOS UNITARIOS
A6: II | B6: ÍTEM | C6: =+'PPTO HOJA'!A19 -> 2.03 | E6: =+'PPTO HOJA'!B19 -> S/I Tubería Sanitaria Ø 4" PVC-S | I6: Unidad | J6: ='PPTO HOJA'!C33 -> m | L6: =A6 -> II | M6: ÍTEM | N6: =C6 -> 2.03 | P6: =E6 -> S/I Tubería Sanitaria Ø 4" PVC-S | T6: Unidad | U6: =J6 -> m
B7: Equipo | M7: Equipo
B8: DESCRIPCIÓN EQUIPO | G8: TIPO | H8: TARIFA/DIA | I8: RENDIMIENTO | J8: VALOR PARCIAL | M8: DESCRIPCIÓN EQUIPO | R8: TIPO | S8: TARIFA/DIA | T8: RENDIMIENTO | U8: VALOR PARCIAL
B9: HERRAMIENTAS MENORES | I9: 0.05 | J9: =ROUND(I9*J41,0) -> 349 | M9: HERRAMIENTAS MENORES | T9: 0.05 | U9: =ROUND(T9*U41,0) -> 314
G10: =IF(B10="","",VLOOKUP(B10,EQUIPOS!$B$7:$F$46,3,FALSE)) | H10: =IF(B10="","",VLOOKUP(B10,EQUIPOS!$B$7:$F$46,5,FALSE)) | J10: =IF(B10="",0,ROUND(H10/I10,0)) -> 0 | U10: =IF(M10="",0,ROUND(S10/T10,0)) -> 0
G11: =IF(B11="","",VLOOKUP(B11,EQUIPOS!$B$7:$F$46,3,FALSE)) | H11: =IF(B11="","",VLOOKUP(B11,EQUIPOS!$B$7:$F$46,5,FALSE)) | J11: =IF(B11="",0,ROUND(H11/I11,0)) -> 0 | U11: =IF(M11="",0,ROUND(S11/T11,0)) -> 0
G12: =IF(B12="","",VLOOKUP(B12,EQUIPOS!$B$7:$F$46,3,FALSE)) | H12: =IF(B12="","",VLOOKUP(B12,EQUIPOS!$B$7:$F$46,5,FALSE)) | J12: =IF(B12="",0,ROUND(H12/I12,0)) -> 0 | U12: =IF(M12="",0,ROUND(S12/T12,0)) -> 0
G13: =IF(B13="","",VLOOKUP(B13,EQUIPOS!$B$7:$F$46,3,FALSE)) | H13: =IF(B13="","",VLOOKUP(B13,EQUIPOS!$B$7:$F$46,5,FALSE)) | J13: =IF(B13="",0,ROUND(H13/I13,0)) -> 0 | U13: =IF(M13="",0,ROUND(S13/T13,0)) -> 0
G14: =IF(B14="","",VLOOKUP(B14,EQUIPOS!$B$7:$F$46,3,FALSE)) | H14: =IF(B14="","",VLOOKUP(B14,EQUIPOS!$B$7:$F$46,5,FALSE))
B15: Subtotal Equipo : | J15: =SUM(J9:J14) -> 349 | M15: Subtotal Equipo : | U15: =SUM(U9:U14) -> 314
B17: Materiales | M17: Materiales
B18: DESCRIPCIÓN MATERIAL | F18: CANTIDAD | G18: UNIDAD | H18: DESPERDICIO (%) | I18: VALOR UNITARIO | J18: VALOR PARCIAL | M18: DESCRIPCIÓN MATERIAL | Q18: CANTIDAD | R18: UNIDAD | S18: DESPERDICIO (%) | T18: VALOR UNITARIO | U18: VALOR PARCIAL
B19: Tubería Sanitaria Ø 4" PVC-S | F19: 1 | G19: =IF(F19=0,"",VLOOKUP(B19,'LISTADO DE MATERIALES'!$B$6:$D$311,2,FALSE)) -> m | H19: 0.05 | I19: =IF(F19=0,"",VLOOKUP(B19,'LISTADO DE MATERIALES'!$B$6:$D$311,3,FALSE)) -> 37800.15 | J19: =IF(I19="",0,ROUND((+F19*I19*(1+H19)),0)) -> 39690 | M19: Tubería Sanitaria Ø 4" PVC-S | Q19: 1 | R19: m | S19: 0.05 | T19: 37800.15 | U19: =IF(T19="",0,ROUND((+Q19*T19*(1+S19)),0)) -> 39690 | W19: =209648/6 -> 34941.333
B20: Soldadura PVC x 1/4 GL | F20: 0.015 | G20: =IF(F20=0,"",VLOOKUP(B20,'LISTADO DE MATERIALES'!$B$6:$D$311,2,FALSE)) -> und | H20: 0.05 | I20: =IF(F20=0,"",VLOOKUP(B20,'LISTADO DE MATERIALES'!$B$6:$D$311,3,FALSE)) -> 147850 | J20: =IF(I20="",0,ROUND((+F20*I20*(1+H20)),0)) -> 2329 | M20: Soldadura PVC x 1/4 GL | Q20: 0.015 | R20: und | T20: 147850 | U20: =IF(T20="",0,ROUND((+Q20*T20*(1+S20)),0)) -> 2218
B21: Limpiador PVC x 1/4 GL | F21: =F20 -> 0.015 | G21: =IF(F21=0,"",VLOOKUP(B21,'LISTADO DE MATERIALES'!$B$6:$D$311,2,FALSE)) -> und | H21: 0.05 | I21: =IF(F21=0,"",VLOOKUP(B21,'LISTADO DE MATERIALES'!$B$6:$D$311,3,FALSE)) -> 71305 | J21: =IF(I21="",0,ROUND((+F21*I21*(1+H21)),0)) -> 1123 | M21: Limpiador PVC x 1/4 GL | Q21: =Q20 -> 0.015 | R21: und | T21: 71305 | U21: =IF(T21="",0,ROUND((+Q21*T21*(1+S21)),0)) -> 1070
G22: =IF(F22=0,"",VLOOKUP(B22,'LISTADO DE MATERIALES'!$B$6:$D$311,2,FALSE)) | I22: =IF(F22=0,"",VLOOKUP(B22,'LISTADO DE MATERIALES'!$B$6:$D$311,3,FALSE)) | J22: =IF(I22="",0,ROUND((+F22*I22*(1+H22)),0)) -> 0 | U22: =IF(T22="",0,ROUND((+Q22*T22*(1+S22)),0)) -> 0
G23: =IF(F23=0,"",VLOOKUP(B23,'LISTADO DE MATERIALES'!$B$6:$D$311,2,FALSE)) | I23: =IF(F23=0,"",VLOOKUP(B23,'LISTADO DE MATERIALES'!$B$6:$D$311,3,FALSE)) | J23: =IF(I23="",0,ROUND((+F23*I23*(1+H23)),0)) -> 0 | U23: =IF(T23="",0,ROUND((+Q23*T23*(1+S23)),0)) -> 0
G24: =IF(F24=0,"",VLOOKUP(B24,'LISTADO DE MATERIALES'!$B$6:$D$311,2,FALSE)) | I24: =IF(F24=0,"",VLOOKUP(B24,'LISTADO DE MATERIALES'!$B$6:$D$311,3,FALSE)) | J24: =IF(I24="",0,ROUND((+F24*I24*(1+H24)),0)) -> 0 | U24: =IF(T24="",0,ROUND((+Q24*T24*(1+S24)),0)) -> 0
B25: Subtotal Materiales : | J25: =SUM(J19:J24) -> 43142 | M25: Subtotal Materiales : | U25: =SUM(U19:U24) -> 42978
B27: Transporte | M27: Transporte
B28: DESCRIPCIÓN MATERIAL | G28: M3-Ton | H28: Km | I28: TARIFA | J28: VALOR PARCIAL | M28: DESCRIPCIÓN MATERIAL | R28: M3-Ton | S28: Km | T28: TARIFA | U28: VALOR PARCIAL
J29: =ROUND((I29*H29*G29),0) -> 0 | U29: =ROUND((T29*S29*R29),0) -> 0
J30: 0 | U30: 0
J31: 0 | U31: 0
J32: 0 | U32: 0
B33: Subtotal Transporte : | J33: =SUM(J29:J32) -> 0 | M33: Subtotal Transporte : | U33: =SUM(U29:U32) -> 0
B35: Mano de Obra | M35: Mano de Obra
B36: DESCRIPCIÓN | G36: VALOR INTEGRAL / DIA | H36: CANTIDAD | I36: RENDIMIENTO | J36: VALOR PARCIAL | M36: DESCRIPCIÓN | R36: VALOR INTEGRAL / DIA | S36: CANTIDAD | T36: RENDIMIENTO | U36: VALOR PARCIAL
B37: CUADRILLA INSTALACIONES SANITARIAS | G37: =IF(B37="","",VLOOKUP(B37,CUADRILLAS!$B$87:$C$101,2,FALSE)) -> 628854.93 | H37: 1 | I37: 90 | J37: =ROUND(+IF(I37=0,0,G37*H37/I37),0) -> 6987 | M37: CUADRILLA INSTALACIONES SANITARIAS | R37: 628854.93 | S37: 1 | T37: 100 | U37: =ROUND(+IF(T37=0,0,R37*S37/T37),0) -> 6289
G38: =IF(B38="","",VLOOKUP(B38,CUADRILLAS!$B$87:$C$101,2,FALSE)) | J38: =ROUND(+IF(I38=0,0,G38*H38/I38),0) -> 0 | U38: =ROUND(+IF(T38=0,0,R38*S38/T38),0) -> 0
G39: =IF(B39="","",VLOOKUP(B39,CUADRILLAS!$B$87:$C$101,2,FALSE)) | J39: =+IF(I39=0,0,G39*H39/I39) -> 0 | U39: =+IF(T39=0,0,R39*S39/T39) -> 0
G40: =IF(B40="","",VLOOKUP(B40,CUADRILLAS!$B$87:$C$101,2,FALSE)) | J40: =+IF(I40=0,0,G40*H40/I40) -> 0 | U40: =+IF(T40=0,0,R40*S40/T40) -> 0
B41: Subtotal Mano de Obra : | J41: =SUM(J37:J40) -> 6987 | M41: Subtotal Mano de Obra : | U41: =SUM(U37:U40) -> 6289
B43: Total Costo Directo Item : | J43: =+J41+J33+J15+J25 -> 50478 | M43: Total Costo Directo Item : | U43: =+U41+U33+U15+U25 -> 49581

Sheet 2.04
D1: ='PPTO HOJA'!A4 -> DEPARTAMENTO DE ANTIOQUIA | O1: DEPARTAMENTO DE ANTIOQUIA
D2: ='PPTO HOJA'!A5 -> MUNICIPIO DE ARBOLETES | O2: MUNICIPIO DE ARBOLETES
D3: ='PPTO HOJA'!A7 -> CONSTRUCCION DE OBRAS CIVILES COMPLEMENTARIAS PARA EL CORRECTO FUNCIONAMIENTO DEL PROYECTO DENOMINADO “PARQUE GEOLÓGICO, NATURAL, AMBIENTAL, CULTURAL Y TURÍSTICO, VOLCÁN DE LODO DE ARBOLETES”, QUE SE LLEVARÁ A CABO EN EL MUNICIPIO DE ARBOLETES-ANTIOQUIA | O3: CONSTRUCCION DE OBRAS CIVILES COMPLEMENTARIAS PARA EL CORRECTO FUNCIONAMIENTO DEL PROYECTO DENOMINADO “PARQUE GEOLÓGICO, NATURAL, AMBIENTAL, CULTURAL Y TURÍSTICO, VOLCÁN DE LODO DE ARBOLETES”, QUE SE LLEVARÁ A CABO EN EL MUNICIPIO DE ARBOLETES-ANTIOQUIA
D4: ANALISIS DE PRECIOS UNITARIOS | O4: ANALISIS DE PRECIOS UNITARIOS
A6: II | B6: ÍTEM | C6: =+'PPTO HOJA'!A20 -> 2.04 | E6: ='PPTO HOJA'!B20 -> S/I Codo 90° PVC-S Ø2" | I6: Unidad | J6: ='PPTO HOJA'!C20 -> und | L6: =A6 -> II | M6: ÍTEM | N6: =C6 -> 2.04 | P6: =E6 -> S/I Codo 90° PVC-S Ø2" | T6: Unidad | U6: =J6 -> und
B7: Equipo | M7: Equipo
B8: DESCRIPCIÓN EQUIPO | G8: TIPO | H8: TARIFA/DIA | I8: RENDIMIENTO | J8: VALOR PARCIAL | M8: DESCRIPCIÓN EQUIPO | R8: TIPO | S8: TARIFA/DIA | T8: RENDIMIENTO | U8: VALOR PARCIAL
B9: HERRAMIENTAS MENORES | I9: 0.05 | J9: =ROUND(I9*J41,0) -> 52 | M9: HERRAMIENTAS MENORES | T9: 0.05 | U9: =ROUND(T9*U41,0) -> 45
G10: =IF(B10="","",VLOOKUP(B10,EQUIPOS!$B$7:$F$46,3,FALSE)) | H10: =IF(B10="","",VLOOKUP(B10,EQUIPOS!$B$7:$F$46,5,FALSE)) | J10: =IF(B10="",0,ROUND(H10/I10,0)) -> 0 | U10: =IF(M10="",0,ROUND(S10/T10,0)) -> 0
G11: =IF(B11="","",VLOOKUP(B11,EQUIPOS!$B$7:$F$46,3,FALSE)) | H11: =IF(B11="","",VLOOKUP(B11,EQUIPOS!$B$7:$F$46,5,FALSE)) | J11: =IF(B11="",0,ROUND(H11/I11,0)) -> 0 | U11: =IF(M11="",0,ROUND(S11/T11,0)) -> 0
G12: =IF(B12="","",VLOOKUP(B12,EQUIPOS!$B$7:$F$46,3,FALSE)) | H12: =IF(B12="","",VLOOKUP(B12,EQUIPOS!$B$7:$F$46,5,FALSE)) | J12: =IF(B12="",0,ROUND(H12/I12,0)) -> 0 | U12: =IF(M12="",0,ROUND(S12/T12,0)) -> 0
G13: =IF(B13="","",VLOOKUP(B13,EQUIPOS!$B$7:$F$46,3,FALSE)) | H13: =IF(B13="","",VLOOKUP(B13,EQUIPOS!$B$7:$F$46,5,FALSE)) | J13: =IF(B13="",0,ROUND(H13/I13,0)) -> 0 | U13: =IF(M13="",0,ROUND(S13/T13,0)) -> 0
G14: =IF(B14="","",VLOOKUP(B14,EQUIPOS!$B$7:$F$46,3,FALSE)) | H14: =IF(B14="","",VLOOKUP(B14,EQUIPOS!$B$7:$F$46,5,FALSE))
B15: Subtotal Equipo : | J15: =SUM(J9:J14) -> 52 | M15: Subtotal Equipo : | U15: =SUM(U9:U14) -> 45
B17: Materiales | M17: Materiales
B18: DESCRIPCIÓN MATERIAL | F18: CANTIDAD | G18: UNIDAD | H18: DESPERDICIO (%) | I18: VALOR UNITARIO | J18: VALOR PARCIAL | M18: DESCRIPCIÓN MATERIAL | Q18: CANTIDAD | R18: UNIDAD | S18: DESPERDICIO (%) | T18: VALOR UNITARIO | U18: VALOR PARCIAL
B19: Codo 90° PVC-S Ø2" | F19: 1 | G19: =IF(F19=0,"",VLOOKUP(B19,'LISTADO DE MATERIALES'!$B$6:$D$311,2,FALSE)) -> und | I19: =IF(F19=0,"",VLOOKUP(B19,'LISTADO DE MATERIALES'!$B$6:$D$311,3,FALSE)) -> 4434 | J19: =IF(I19="",0,ROUND((+F19*I19*(1+H19)),0)) -> 4434 | M19: Codo 90° PVC-S Ø2" | Q19: 1 | R19: und | T19: 4434 | U19: =IF(T19="",0,ROUND((+Q19*T19*(1+S19)),0)) -> 4434
B20: Soldadura PVC x 1/4 GL | F20: 0.005 | G20: =IF(F20=0,"",VLOOKUP(B20,'LISTADO DE MATERIALES'!$B$6:$D$311,2,FALSE)) -> und | H20: 0.05 | I20: =IF(F20=0,"",VLOOKUP(B20,'LISTADO DE MATERIALES'!$B$6:$D$311,3,FALSE)) -> 147850 | J20: =IF(I20="",0,ROUND((+F20*I20*(1+H20)),0)) -> 776 | M20: Soldadura PVC x 1/4 GL | Q20: 0.005 | R20: und | T20: 147850 | U20: =IF(T20="",0,ROUND((+Q20*T20*(1+S20)),0)) -> 739
B21: Limpiador PVC x 1/4 GL | F21: =+F20 -> 0.005 | G21: =IF(F21=0,"",VLOOKUP(B21,'LISTADO DE MATERIALES'!$B$6:$D$311,2,FALSE)) -> und | H21: 0.05 | I21: =IF(F21=0,"",VLOOKUP(B21,'LISTADO DE MATERIALES'!$B$6:$D$311,3,FALSE)) -> 71305 | J21: =IF(I21="",0,ROUND((+F21*I21*(1+H21)),0)) -> 374 | M21: Limpiador PVC x 1/4 GL | Q21: =+Q20 -> 0.005 | R21: und | T21: 71305 | U21: =IF(T21="",0,ROUND((+Q21*T21*(1+S21)),0)) -> 357
G22: =IF(F22=0,"",VLOOKUP(B22,'LISTADO DE MATERIALES'!$B$6:$D$311,2,FALSE)) | I22: =IF(F22=0,"",VLOOKUP(B22,'LISTADO DE MATERIALES'!$B$6:$D$311,3,FALSE)) | J22: =IF(I22="",0,ROUND((+F22*I22*(1+H22)),0)) -> 0 | U22: =IF(T22="",0,ROUND((+Q22*T22*(1+S22)),0)) -> 0
G23: =IF(F23=0,"",VLOOKUP(B23,'LISTADO DE MATERIALES'!$B$6:$D$311,2,FALSE)) | I23: =IF(F23=0,"",VLOOKUP(B23,'LISTADO DE MATERIALES'!$B$6:$D$311,3,FALSE)) | J23: =IF(I23="",0,ROUND((+F23*I23*(1+H23)),0)) -> 0 | U23: =IF(T23="",0,ROUND((+Q23*T23*(1+S23)),0)) -> 0
G24: =IF(F24=0,"",VLOOKUP(B24,'LISTADO DE MATERIALES'!$B$6:$D$311,2,FALSE)) | I24: =IF(F24=0,"",VLOOKUP(B24,'LISTADO DE MATERIALES'!$B$6:$D$311,3,FALSE)) | J24: =IF(I24="",0,ROUND((+F24*I24*(1+H24)),0)) -> 0 | U24: =IF(T24="",0,ROUND((+Q24*T24*(1+S24)),0)) -> 0
B25: Subtotal Materiales : | J25: =SUM(J19:J24) -> 5584 | M25: Subtotal Materiales : | U25: =SUM(U19:U24) -> 5530
B27: Transporte | M27: Transporte
B28: DESCRIPCIÓN MATERIAL | G28: M3-Ton | H28: Km | I28: TARIFA | J28: VALOR PARCIAL | M28: DESCRIPCIÓN MATERIAL | R28: M3-Ton | S28: Km | T28: TARIFA | U28: VALOR PARCIAL
J29: =ROUND((I29*H29*G29),0) -> 0 | U29: =ROUND((T29*S29*R29),0) -> 0
J30: 0 | U30: 0
J31: 0 | U31: 0
J32: 0 | U32: 0
B33: Subtotal Transporte : | J33: =SUM(J29:J32) -> 0 | M33: Subtotal Transporte : | U33: =SUM(U29:U32) -> 0
B35: Mano de Obra | M35: Mano de Obra
B36: DESCRIPCIÓN | G36: VALOR INTEGRAL / DIA | H36: CANTIDAD | I36: RENDIMIENTO | J36: VALOR PARCIAL | M36: DESCRIPCIÓN | R36: VALOR INTEGRAL / DIA | S36: CANTIDAD | T36: RENDIMIENTO | U36: VALOR PARCIAL
B37: CUADRILLA INSTALACIONES SANITARIAS | G37: =IF(B37="","",VLOOKUP(B37,CUADRILLAS!$B$87:$C$101,2,FALSE)) -> 628854.93 | H37: 1 | I37: 600 | J37: =ROUND(+IF(I37=0,0,G37*H37/I37),0) -> 1048 | M37: CUADRILLA INSTALACIONES SANITARIAS | R37: 628854.93 | S37: 1 | T37: 700 | U37: =ROUND(+IF(T37=0,0,R37*S37/T37),0) -> 898
G38: =IF(B38="","",VLOOKUP(B38,CUADRILLAS!$B$87:$C$101,2,FALSE)) | J38: =ROUND(+IF(I38=0,0,G38*H38/I38),0) -> 0 | U38: =ROUND(+IF(T38=0,0,R38*S38/T38),0) -> 0
G39: =IF(B39="","",VLOOKUP(B39,CUADRILLAS!$B$87:$C$101,2,FALSE)) | J39: =+IF(I39=0,0,G39*H39/I39) -> 0 | U39: =+IF(T39=0,0,R39*S39/T39) -> 0
G40: =IF(B40="","",VLOOKUP(B40,CUADRILLAS!$B$87:$C$101,2,FALSE)) | J40: =+IF(I40=0,0,G40*H40/I40) -> 0 | U40: =+IF(T40=0,0,R40*S40/T40) -> 0
B41: Subtotal Mano de Obra : | J41: =SUM(J37:J40) -> 1048 | M41: Subtotal Mano de Obra : | U41: =SUM(U37:U40) -> 898
B43: Total Costo Directo Item : | J43: =+J41+J33+J15+J25 -> 6684 | M43: Total Costo Directo Item : | U43: =+U15+U25+U41 -> 6473

Sheet 2.05
D1: ='PPTO HOJA'!A4 -> DEPARTAMENTO DE ANTIOQUIA | O1: DEPARTAMENTO DE ANTIOQUIA
D2: ='PPTO HOJA'!A5 -> MUNICIPIO DE ARBOLETES | O2: MUNICIPIO DE ARBOLETES
D3: ='PPTO HOJA'!A7 -> CONSTRUCCION DE OBRAS CIVILES COMPLEMENTARIAS PARA EL CORRECTO FUNCIONAMIENTO DEL PROYECTO DENOMINADO “PARQUE GEOLÓGICO, NATURAL, AMBIENTAL, CULTURAL Y TURÍSTICO, VOLCÁN DE LODO DE ARBOLETES”, QUE SE LLEVARÁ A CABO EN EL MUNICIPIO DE ARBOLETES-ANTIOQUIA | O3: CONSTRUCCION DE OBRAS CIVILES COMPLEMENTARIAS PARA EL CORRECTO FUNCIONAMIENTO DEL PROYECTO DENOMINADO “PARQUE GEOLÓGICO, NATURAL, AMBIENTAL, CULTURAL Y TURÍSTICO, VOLCÁN DE LODO DE ARBOLETES”, QUE SE LLEVARÁ A CABO EN EL MUNICIPIO DE ARBOLETES-ANTIOQUIA
D4: ANALISIS DE PRECIOS UNITARIOS | O4: ANALISIS DE PRECIOS UNITARIOS
A6: II | B6: ÍTEM | C6: =+'PPTO HOJA'!A21 -> 2.05 | E6: ='PPTO HOJA'!B21 -> S/I Codo 90° PVC-S Ø3" | I6: Unidad | J6: ='PPTO HOJA'!C21 -> und | L6: =A6 -> II | M6: ÍTEM | N6: =C6 -> 2.05 | P6: =E6 -> S/I Codo 90° PVC-S Ø3" | T6: Unidad | U6: =J6 -> und
B7: Equipo | M7: Equipo
B8: DESCRIPCIÓN EQUIPO | G8: TIPO | H8: TARIFA/DIA | I8: RENDIMIENTO | J8: VALOR PARCIAL | M8: DESCRIPCIÓN EQUIPO | R8: TIPO | S8: TARIFA/DIA | T8: RENDIMIENTO | U8: VALOR PARCIAL
B9: HERRAMIENTAS MENORES | I9: 0.05 | J9: =ROUND(I9*J41,0) -> 52 | M9: HERRAMIENTAS MENORES | T9: 0.05 | U9: =ROUND(T9*U41,0) -> 48
G10: =IF(B10="","",VLOOKUP(B10,EQUIPOS!$B$7:$F$46,3,FALSE)) | H10: =IF(B10="","",VLOOKUP(B10,EQUIPOS!$B$7:$F$46,5,FALSE)) | J10: =IF(B10="",0,ROUND(H10/I10,0)) -> 0 | U10: =IF(M10="",0,ROUND(S10/T10,0)) -> 0
G11: =IF(B11="","",VLOOKUP(B11,EQUIPOS!$B$7:$F$46,3,FALSE)) | H11: =IF(B11="","",VLOOKUP(B11,EQUIPOS!$B$7:$F$46,5,FALSE)) | J11: =IF(B11="",0,ROUND(H11/I11,0)) -> 0 | U11: =IF(M11="",0,ROUND(S11/T11,0)) -> 0
G12: =IF(B12="","",VLOOKUP(B12,EQUIPOS!$B$7:$F$46,3,FALSE)) | H12: =IF(B12="","",VLOOKUP(B12,EQUIPOS!$B$7:$F$46,5,FALSE)) | J12: =IF(B12="",0,ROUND(H12/I12,0)) -> 0 | U12: =IF(M12="",0,ROUND(S12/T12,0)) -> 0
G13: =IF(B13="","",VLOOKUP(B13,EQUIPOS!$B$7:$F$46,3,FALSE)) | H13: =IF(B13="","",VLOOKUP(B13,EQUIPOS!$B$7:$F$46,5,FALSE)) | J13: =IF(B13="",0,ROUND(H13/I13,0)) -> 0 | U13: =IF(M13="",0,ROUND(S13/T13,0)) -> 0
G14: =IF(B14="","",VLOOKUP(B14,EQUIPOS!$B$7:$F$46,3,FALSE)) | H14: =IF(B14="","",VLOOKUP(B14,EQUIPOS!$B$7:$F$46,5,FALSE))
B15: Subtotal Equipo : | J15: =SUM(J9:J14) -> 52 | M15: Subtotal Equipo : | U15: =SUM(U9:U14) -> 48
B17: Materiales | M17: Materiales
B18: DESCRIPCIÓN MATERIAL | F18: CANTIDAD | G18: UNIDAD | H18: DESPERDICIO (%) | I18: VALOR UNITARIO | J18: VALOR PARCIAL | M18: DESCRIPCIÓN MATERIAL | Q18: CANTIDAD | R18: UNIDAD | S18: DESPERDICIO (%) | T18: VALOR UNITARIO | U18: VALOR PARCIAL
B19: Codo 90° PVC-S Ø3" | F19: 1 | G19: =IF(F19=0,"",VLOOKUP(B19,'LISTADO DE MATERIALES'!$B$6:$D$311,2,FALSE)) -> und | I19: =IF(F19=0,"",VLOOKUP(B19,'LISTADO DE MATERIALES'!$B$6:$D$311,3,FALSE)) -> 10270 | J19: =IF(I19="",0,ROUND((+F19*I19*(1+H19)),0)) -> 10270 | M19: Codo 90° PVC-S Ø3" | Q19: 1 | R19: und | T19: 10270 | U19: =IF(T19="",0,ROUND((+Q19*T19*(1+S19)),0)) -> 10270
B20: Soldadura PVC x 1/4 GL | F20: 0.005 | G20: =IF(F20=0,"",VLOOKUP(B20,'LISTADO DE MATERIALES'!$B$6:$D$311,2,FALSE)) -> und | H20: 0.05 | I20: =IF(F20=0,"",VLOOKUP(B20,'LISTADO DE MATERIALES'!$B$6:$D$311,3,FALSE)) -> 147850 | J20: =IF(I20="",0,ROUND((+F20*I20*(1+H20)),0)) -> 776 | M20: Soldadura PVC x 1/4 GL | Q20: 0.005 | R20: und | T20: 147850 | U20: =IF(T20="",0,ROUND((+Q20*T20*(1+S20)),0)) -> 739
B21: Limpiador PVC x 1/4 GL | F21: =+F20 -> 0.005 | G21: =IF(F21=0,"",VLOOKUP(B21,'LISTADO DE MATERIALES'!$B$6:$D$311,2,FALSE)) -> und | H21: 0.05 | I21: =IF(F21=0,"",VLOOKUP(B21,'LISTADO DE MATERIALES'!$B$6:$D$311,3,FALSE)) -> 71305 | J21: =IF(I21="",0,ROUND((+F21*I21*(1+H21)),0)) -> 374 | M21: Limpiador PVC x 1/4 GL | Q21: =+Q20 -> 0.005 | R21: und | T21: 71305 | U21: =IF(T21="",0,ROUND((+Q21*T21*(1+S21)),0)) -> 357
G22: =IF(F22=0,"",VLOOKUP(B22,'LISTADO DE MATERIALES'!$B$6:$D$311,2,FALSE)) | I22: =IF(F22=0,"",VLOOKUP(B22,'LISTADO DE MATERIALES'!$B$6:$D$311,3,FALSE)) | J22: =IF(I22="",0,ROUND((+F22*I22*(1+H22)),0)) -> 0 | U22: =IF(T22="",0,ROUND((+Q22*T22*(1+S22)),0)) -> 0
G23: =IF(F23=0,"",VLOOKUP(B23,'LISTADO DE MATERIALES'!$B$6:$D$311,2,FALSE)) | I23: =IF(F23=0,"",VLOOKUP(B23,'LISTADO DE MATERIALES'!$B$6:$D$311,3,FALSE)) | J23: =IF(I23="",0,ROUND((+F23*I23*(1+H23)),0)) -> 0 | U23: =IF(T23="",0,ROUND((+Q23*T23*(1+S23)),0)) -> 0
G24: =IF(F24=0,"",VLOOKUP(B24,'LISTADO DE MATERIALES'!$B$6:$D$311,2,FALSE)) | I24: =IF(F24=0,"",VLOOKUP(B24,'LISTADO DE MATERIALES'!$B$6:$D$311,3,FALSE)) | J24: =IF(I24="",0,ROUND((+F24*I24*(1+H24)),0)) -> 0 | U24: =IF(T24="",0,ROUND((+Q24*T24*(1+S24)),0)) -> 0
B25: Subtotal Materiales : | J25: =SUM(J19:J24) -> 11420 | M25: Subtotal Materiales : | U25: =SUM(U19:U24) -> 11366
B27: Transporte | M27: Transporte
B28: DESCRIPCIÓN MATERIAL | G28: M3-Ton | H28: Km | I28: TARIFA | J28: VALOR PARCIAL | M28: DESCRIPCIÓN MATERIAL | R28: M3-Ton | S28: Km | T28: TARIFA | U28: VALOR PARCIAL
J29: =ROUND((I29*H29*G29),0) -> 0 | U29: =ROUND((T29*S29*R29),0) -> 0
J30: 0 | U30: 0
J31: 0 | U31: 0
J32: 0 | U32: 0
B33: Subtotal Transporte : | J33: =SUM(J29:J32) -> 0 | M33: Subtotal Transporte : | U33: =SUM(U29:U32) -> 0
B35: Mano de Obra | M35: Mano de Obra
B36: DESCRIPCIÓN | G36: VALOR INTEGRAL / DIA | H36: CANTIDAD | I36: RENDIMIENTO | J36: VALOR PARCIAL | M36: DESCRIPCIÓN | R36: VALOR INTEGRAL / DIA | S36: CANTIDAD | T36: RENDIMIENTO | U36: VALOR PARCIAL
B37: CUADRILLA INSTALACIONES SANITARIAS | G37: =IF(B37="","",VLOOKUP(B37,CUADRILLAS!$B$87:$C$101,2,FALSE)) -> 628854.93 | H37: 1 | I37: 600 | J37: =ROUND(+IF(I37=0,0,G37*H37/I37),0) -> 1048 | M37: CUADRILLA INSTALACIONES SANITARIAS | R37: 628854.93 | S37: 1 | T37: 650 | U37: =ROUND(+IF(T37=0,0,R37*S37/T37),0) -> 967
G38: =IF(B38="","",VLOOKUP(B38,CUADRILLAS!$B$87:$C$101,2,FALSE)) | J38: =ROUND(+IF(I38=0,0,G38*H38/I38),0) -> 0 | U38: =ROUND(+IF(T38=0,0,R38*S38/T38),0) -> 0
G39: =IF(B39="","",VLOOKUP(B39,CUADRILLAS!$B$87:$C$101,2,FALSE)) | J39: =+IF(I39=0,0,G39*H39/I39) -> 0 | U39: =+IF(T39=0,0,R39*S39/T39) -> 0
G40: =IF(B40="","",VLOOKUP(B40,CUADRILLAS!$B$87:$C$101,2,FALSE)) | J40: =+IF(I40=0,0,G40*H40/I40) -> 0 | U40: =+IF(T40=0,0,R40*S40/T40) -> 0
B41: Subtotal Mano de Obra : | J41: =SUM(J37:J40) -> 1048 | M41: Subtotal Mano de Obra : | U41: =SUM(U37:U40) -> 967
B43: Total Costo Directo Item : | J43: =+J41+J33+J15+J25 -> 12520 | M43: Total Costo Directo Item : | U43: =+U41+U33+U15+U25 -> 12381

Sheet 2.06
D1: ='PPTO HOJA'!A4 -> DEPARTAMENTO DE ANTIOQUIA | O1: DEPARTAMENTO DE ANTIOQUIA
D2: ='PPTO HOJA'!A5 -> MUNICIPIO DE ARBOLETES | O2: MUNICIPIO DE ARBOLETES
D3: ='PPTO HOJA'!A7 -> CONSTRUCCION DE OBRAS CIVILES COMPLEMENTARIAS PARA EL CORRECTO FUNCIONAMIENTO DEL PROYECTO DENOMINADO “PARQUE GEOLÓGICO, NATURAL, AMBIENTAL, CULTURAL Y TURÍSTICO, VOLCÁN DE LODO DE ARBOLETES”, QUE SE LLEVARÁ A CABO EN EL MUNICIPIO DE ARBOLETES-ANTIOQUIA | O3: CONSTRUCCION DE OBRAS CIVILES COMPLEMENTARIAS PARA EL CORRECTO FUNCIONAMIENTO DEL PROYECTO DENOMINADO “PARQUE GEOLÓGICO, NATURAL, AMBIENTAL, CULTURAL Y TURÍSTICO, VOLCÁN DE LODO DE ARBOLETES”, QUE SE LLEVARÁ A CABO EN EL MUNICIPIO DE ARBOLETES-ANTIOQUIA
D4: ANALISIS DE PRECIOS UNITARIOS | O4: ANALISIS DE PRECIOS UNITARIOS
A6: II | B6: ÍTEM | C6: =+'PPTO HOJA'!A22 -> 2.06 | E6: ='PPTO HOJA'!B22 -> S/I Codo 90° PVC-S Ø4" | I6: Unidad | J6: ='PPTO HOJA'!C22 -> und | L6: =A6 -> II | M6: ÍTEM | N6: =C6 -> 2.06 | P6: =E6 -> S/I Codo 90° PVC-S Ø4" | T6: Unidad | U6: =J6 -> und
B7: Equipo | M7: Equipo
B8: DESCRIPCIÓN EQUIPO | G8: TIPO | H8: TARIFA/DIA | I8: RENDIMIENTO | J8: VALOR PARCIAL | M8: DESCRIPCIÓN EQUIPO | R8: TIPO | S8: TARIFA/DIA | T8: RENDIMIENTO | U8: VALOR PARCIAL
B9: HERRAMIENTAS MENORES | I9: 0.05 | J9: =ROUND(I9*J41,0) -> 63 | M9: HERRAMIENTAS MENORES | T9: 0.05 | U9: =ROUND(T9*U41,0) -> 52
G10: =IF(B10="","",VLOOKUP(B10,EQUIPOS!$B$7:$F$46,3,FALSE)) | H10: =IF(B10="","",VLOOKUP(B10,EQUIPOS!$B$7:$F$46,5,FALSE)) | J10: =IF(B10="",0,ROUND(H10/I10,0)) -> 0 | U10: =IF(M10="",0,ROUND(S10/T10,0)) -> 0
G11: =IF(B11="","",VLOOKUP(B11,EQUIPOS!$B$7:$F$46,3,FALSE)) | H11: =IF(B11="","",VLOOKUP(B11,EQUIPOS!$B$7:$F$46,5,FALSE)) | J11: =IF(B11="",0,ROUND(H11/I11,0)) -> 0 | U11: =IF(M11="",0,ROUND(S11/T11,0)) -> 0
G12: =IF(B12="","",VLOOKUP(B12,EQUIPOS!$B$7:$F$46,3,FALSE)) | H12: =IF(B12="","",VLOOKUP(B12,EQUIPOS!$B$7:$F$46,5,FALSE)) | J12: =IF(B12="",0,ROUND(H12/I12,0)) -> 0 | U12: =IF(M12="",0,ROUND(S12/T12,0)) -> 0
G13: =IF(B13="","",VLOOKUP(B13,EQUIPOS!$B$7:$F$46,3,FALSE)) | H13: =IF(B13="","",VLOOKUP(B13,EQUIPOS!$B$7:$F$46,5,FALSE)) | J13: =IF(B13="",0,ROUND(H13/I13,0)) -> 0 | U13: =IF(M13="",0,ROUND(S13/T13,0)) -> 0
G14: =IF(B14="","",VLOOKUP(B14,EQUIPOS!$B$7:$F$46,3,FALSE)) | H14: =IF(B14="","",VLOOKUP(B14,EQUIPOS!$B$7:$F$46,5,FALSE))
B15: Subtotal Equipo : | J15: =SUM(J9:J14) -> 63 | M15: Subtotal Equipo : | U15: =SUM(U9:U14) -> 52
B17: Materiales | M17: Materiales
B18: DESCRIPCIÓN MATERIAL | F18: CANTIDAD | G18: UNIDAD | H18: DESPERDICIO (%) | I18: VALOR UNITARIO | J18: VALOR PARCIAL | M18: DESCRIPCIÓN MATERIAL | Q18: CANTIDAD | R18: UNIDAD | S18: DESPERDICIO (%) | T18: VALOR UNITARIO | U18: VALOR PARCIAL
B19: Codo 90° PVC-S Ø4" | F19: 1 | G19: =IF(F19=0,"",VLOOKUP(B19,'LISTADO DE MATERIALES'!$B$6:$D$311,2,FALSE)) -> und | I19: =IF(F19=0,"",VLOOKUP(B19,'LISTADO DE MATERIALES'!$B$6:$D$311,3,FALSE)) -> 17859 | J19: =IF(I19="",0,ROUND((+F19*I19*(1+H19)),0)) -> 17859 | M19: Codo 90° PVC-S Ø4" | Q19: 1 | R19: und | T19: =+I19 -> 17859 | U19: =IF(T19="",0,ROUND((+Q19*T19*(1+S19)),0)) -> 17859
B20: Soldadura PVC x 1/4 GL | F20: 0.007 | G20: =IF(F20=0,"",VLOOKUP(B20,'LISTADO DE MATERIALES'!$B$6:$D$311,2,FALSE)) -> und | H20: 0.05 | I20: =IF(F20=0,"",VLOOKUP(B20,'LISTADO DE MATERIALES'!$B$6:$D$311,3,FALSE)) -> 147850 | J20: =IF(I20="",0,ROUND((+F20*I20*(1+H20)),0)) -> 1087 | M20: Soldadura PVC x 1/4 GL | Q20: 0.007 | R20: und | T20: 147850 | U20: =IF(T20="",0,ROUND((+Q20*T20*(1+S20)),0)) -> 1035
B21: Limpiador PVC x 1/4 GL | F21: =+F20 -> 0.007 | G21: =IF(F21=0,"",VLOOKUP(B21,'LISTADO DE MATERIALES'!$B$6:$D$311,2,FALSE)) -> und | H21: 0.05 | I21: =IF(F21=0,"",VLOOKUP(B21,'LISTADO DE MATERIALES'!$B$6:$D$311,3,FALSE)) -> 71305 | J21: =IF(I21="",0,ROUND((+F21*I21*(1+H21)),0)) -> 524 | M21: Limpiador PVC x 1/4 GL | Q21: =+Q20 -> 0.007 | R21: und | T21: 71305 | U21: =IF(T21="",0,ROUND((+Q21*T21*(1+S21)),0)) -> 499
G22: =IF(F22=0,"",VLOOKUP(B22,'LISTADO DE MATERIALES'!$B$6:$D$311,2,FALSE)) | I22: =IF(F22=0,"",VLOOKUP(B22,'LISTADO DE MATERIALES'!$B$6:$D$311,3,FALSE)) | J22: =IF(I22="",0,ROUND((+F22*I22*(1+H22)),0)) -> 0 | U22: =IF(T22="",0,ROUND((+Q22*T22*(1+S22)),0)) -> 0
G23: =IF(F23=0,"",VLOOKUP(B23,'LISTADO DE MATERIALES'!$B$6:$D$311,2,FALSE)) | I23: =IF(F23=0,"",VLOOKUP(B23,'LISTADO DE MATERIALES'!$B$6:$D$311,3,FALSE)) | J23: =IF(I23="",0,ROUND((+F23*I23*(1+H23)),0)) -> 0 | U23: =IF(T23="",0,ROUND((+Q23*T23*(1+S23)),0)) -> 0
G24: =IF(F24=0,"",VLOOKUP(B24,'LISTADO DE MATERIALES'!$B$6:$D$311,2,FALSE)) | I24: =IF(F24=0,"",VLOOKUP(B24,'LISTADO DE MATERIALES'!$B$6:$D$311,3,FALSE)) | J24: =IF(I24="",0,ROUND((+F24*I24*(1+H24)),0)) -> 0 | U24: =IF(T24="",0,ROUND((+Q24*T24*(1+S24)),0)) -> 0
B25: Subtotal Materiales : | J25: =SUM(J19:J24) -> 19470 | M25: Subtotal Materiales : | U25: =SUM(U19:U24) -> 19393
B27: Transporte | M27: Transporte
B28: DESCRIPCIÓN MATERIAL | G28: M3-Ton | H28: Km | I28: TARIFA | J28: VALOR PARCIAL | M28: DESCRIPCIÓN MATERIAL | R28: M3-Ton | S28: Km | T28: TARIFA | U28: VALOR PARCIAL
J29: =ROUND((I29*H29*G29),0) -> 0 | U29: =ROUND((T29*S29*R29),0) -> 0
J30: 0 | U30: 0
J31: 0 | U31: 0
J32: 0 | U32: 0
B33: Subtotal Transporte : | J33: =SUM(J29:J32) -> 0 | M33: Subtotal Transporte : | U33: =SUM(U29:U32) -> 0
B35: Mano de Obra | M35: Mano de Obra
B36: DESCRIPCIÓN | G36: VALOR INTEGRAL / DIA | H36: CANTIDAD | I36: RENDIMIENTO | J36: VALOR PARCIAL | M36: DESCRIPCIÓN | R36: VALOR INTEGRAL / DIA | S36: CANTIDAD | T36: RENDIMIENTO | U36: VALOR PARCIAL
B37: CUADRILLA INSTALACIONES SANITARIAS | G37: =IF(B37="","",VLOOKUP(B37,CUADRILLAS!$B$87:$C$101,2,FALSE)) -> 628854.93 | H37: 1 | I37: 500 | J37: =ROUND(+IF(I37=0,0,G37*H37/I37),0) -> 1258 | M37: CUADRILLA INSTALACIONES SANITARIAS | R37: 628854.93 | S37: 1 | T37: 600 | U37: =ROUND(+IF(T37=0,0,R37*S37/T37),0) -> 1048
G38: =IF(B38="","",VLOOKUP(B38,CUADRILLAS!$B$87:$C$101,2,FALSE)) | J38: =ROUND(+IF(I38=0,0,G38*H38/I38),0) -> 0 | U38: =ROUND(+IF(T38=0,0,R38*S38/T38),0) -> 0
G39: =IF(B39="","",VLOOKUP(B39,CUADRILLAS!$B$87:$C$101,2,FALSE)) | J39: =+IF(I39=0,0,G39*H39/I39) -> 0 | U39: =+IF(T39=0,0,R39*S39/T39) -> 0
G40: =IF(B40="","",VLOOKUP(B40,CUADRILLAS!$B$87:$C$101,2,FALSE)) | J40: =+IF(I40=0,0,G40*H40/I40) -> 0 | U40: =+IF(T40=0,0,R40*S40/T40) -> 0
B41: Subtotal Mano de Obra : | J41: =SUM(J37:J40) -> 1258 | M41: Subtotal Mano de Obra : | U41: =SUM(U37:U40) -> 1048
B43: Total Costo Directo Item : | J43: =+J41+J33+J15+J25 -> 20791 | M43: Total Costo Directo Item : | U43: =+U41+U33+U15+U25 -> 20493

Sheet 2.07
D1: ='PPTO HOJA'!A4 -> DEPARTAMENTO DE ANTIOQUIA | O1: DEPARTAMENTO DE ANTIOQUIA
D2: ='PPTO HOJA'!A5 -> MUNICIPIO DE ARBOLETES | O2: MUNICIPIO DE ARBOLETES
D3: ='PPTO HOJA'!A7 -> CONSTRUCCION DE OBRAS CIVILES COMPLEMENTARIAS PARA EL CORRECTO FUNCIONAMIENTO DEL PROYECTO DENOMINADO “PARQUE GEOLÓGICO, NATURAL, AMBIENTAL, CULTURAL Y TURÍSTICO, VOLCÁN DE LODO DE ARBOLETES”, QUE SE LLEVARÁ A CABO EN EL MUNICIPIO DE ARBOLETES-ANTIOQUIA | O3: CONSTRUCCION DE OBRAS CIVILES COMPLEMENTARIAS PARA EL CORRECTO FUNCIONAMIENTO DEL PROYECTO DENOMINADO “PARQUE GEOLÓGICO, NATURAL, AMBIENTAL, CULTURAL Y TURÍSTICO, VOLCÁN DE LODO DE ARBOLETES”, QUE SE LLEVARÁ A CABO EN EL MUNICIPIO DE ARBOLETES-ANTIOQUIA
D4: ANALISIS DE PRECIOS UNITARIOS | O4: ANALISIS DE PRECIOS UNITARIOS
A6: II | B6: ÍTEM | C6: =+'PPTO HOJA'!A23 -> 2.07 | E6: =+'PPTO HOJA'!B23 -> Caja de registro en concreto reforzado de resistencia 28 Mpa de seción hidráulica interna de 0.30m x 0.30m x 0.80m, incluye tapa, refuerzo, mortero impermeabilizante, excavacion y relleno | I6: Unidad | J6: ='PPTO HOJA'!C23 -> und | L6: =A6 -> II | M6: ÍTEM | N6: =C6 -> 2.07 | P6: =E6 -> Caja de registro en concreto reforzado de resistencia 28 Mpa de seción hidráulica interna de 0.30m x 0.30m x 0.80m, incluye tapa, refuerzo, mortero impermeabilizante, excavacion y relleno | T6: Unidad | U6: =J6 -> und
B7: Equipo | M7: Equipo
B8: DESCRIPCIÓN EQUIPO | G8: TIPO | H8: TARIFA/DIA | I8: RENDIMIENTO | J8: VALOR PARCIAL | M8: DESCRIPCIÓN EQUIPO | R8: TIPO | S8: TARIFA/DIA | T8: RENDIMIENTO | U8: VALOR PARCIAL
B9: HERRAMIENTAS MENORES | I9: 0.05 | J9: =ROUND(I9*J43,0) -> 9826 | M9: HERRAMIENTAS MENORES | T9: 0.05 | U9: =ROUND(T9*U43,0) -> 10481
B10: Vibrador mecánico | G10: =IF(B10="","",VLOOKUP(B10,EQUIPOS!$B$7:$F$46,3,FALSE)) -> Gasolina | H10: =IF(B10="","",VLOOKUP(B10,EQUIPOS!$B$7:$F$46,5,FALSE)) -> 85000 | I10: =+I39 -> 2 | J10: =IF(B10="",0,ROUND(H10/I10,0)) -> 42500 | M10: Mezcladora de concreto | R10: GASOLINA | S10: 116000 | T10: =+T39 -> 1.5 | U10: =IF(M10="",0,ROUND(S10/T10,0)) -> 77333
G11: =IF(B11="","",VLOOKUP(B11,EQUIPOS!$B$7:$F$46,3,FALSE)) | H11: =IF(B11="","",VLOOKUP(B11,EQUIPOS!$B$7:$F$46,5,FALSE)) | J11: =IF(B11="",0,ROUND(H11/I11,0)) -> 0 | M11: Vibrador mecánico | R11: Gasolina | S11: 85000 | T11: =+T10 -> 1.5 | U11: =IF(M11="",0,ROUND(S11/T11,0)) -> 56667
G12: =IF(B12="","",VLOOKUP(B12,EQUIPOS!$B$7:$F$46,3,FALSE)) | H12: =IF(B12="","",VLOOKUP(B12,EQUIPOS!$B$7:$F$46,5,FALSE)) | J12: =IF(B12="",0,ROUND(H12/I12,0)) -> 0 | U12: =IF(M12="",0,ROUND(S12/T12,0)) -> 0
G13: =IF(B13="","",VLOOKUP(B13,EQUIPOS!$B$7:$F$46,3,FALSE)) | H13: =IF(B13="","",VLOOKUP(B13,EQUIPOS!$B$7:$F$46,5,FALSE)) | J13: =IF(B13="",0,ROUND(H13/I13,0)) -> 0 | U13: =IF(M13="",0,ROUND(S13/T13,0)) -> 0
G14: =IF(B14="","",VLOOKUP(B14,EQUIPOS!$B$7:$F$46,3,FALSE)) | H14: =IF(B14="","",VLOOKUP(B14,EQUIPOS!$B$7:$F$46,5,FALSE))
B15: Subtotal Equipo : | J15: =SUM(J9:J14) -> 52326 | M15: Subtotal Equipo : | U15: =SUM(U9:U14) -> 144481
B17: Materiales | M17: Materiales
B18: DESCRIPCIÓN MATERIAL | F18: CANTIDAD | G18: UNIDAD | H18: DESPERDICIO (%) | I18: VALOR UNITARIO | J18: VALOR PARCIAL | M18: DESCRIPCIÓN MATERIAL | Q18: CANTIDAD | R18: UNIDAD | S18: DESPERDICIO (%) | T18: VALOR UNITARIO | U18: VALOR PARCIAL
B19: =+'PPTO HOJA'!B12 -> Excavación manual en material común bajo cualquier grado de humedad | F19: =1*1*(0.8+0.15) -> 0.95 | G19: m3 | I19: =+'PPTO HOJA'!E12 -> 41268 | J19: =IF(I19="",0,ROUND((+F19*I19*(1+H19)),0)) -> 39205 | M19: Excavación manual de material común | Q19: =0.4*0.4*0.9 -> 0.144 | R19: m3 | T19: 38212 | U19: =IF(T19="",0,ROUND((+Q19*T19*(1+S19)),0)) -> 5503 | V19: OK
B20: Concreto Clase C 28 Mpa (4000 PSI) | F20: =(0.5*0.5*0.1)+(0.5*0.85*0.1*2)+(0.3*0.85*0.1*2)+(0.3*0.3*0.06) -> 0.1664 | G20: m3 | H20: 0.1 | I20: =+'APU BÁSICOS'!J91 -> 1003196 | J20: =IF(I20="",0,ROUND((+F20*I20*(1+H20)),0)) -> 183625 | M20: Concreto Clase C 28 Mpa (4000 PSI) | Q20: =(0.5*0.5*0.1)+(0.5*0.85*0.1*2)+(0.3*0.85*0.1*2)+(0.3*0.3*0.06) -> 0.1664 | R20: m3 | S20: 0.05 | T20: ='APU BÁSICOS'!J91 -> 1003196 | U20: =IF(T20="",0,ROUND((+Q20*T20*(1+S20)),0)) -> 175278 | V20: OK
B21: Acero de Refuerzo Fy:4200 Kg/cm2 | F21: =(((2+(0.1*2))*6)+((1.6+(0.1*2))*6))*0.56 -> 13.44 | G21: Kg | H21: 0.05 | I21: =IF(F21=0,"",VLOOKUP(B21,'LISTADO DE MATERIALES'!$B$6:$D$311,3,FALSE)) -> 6225 | J21: =IF(I21="",0,ROUND((+F21*I21*(1+H21)),0)) -> 87847 | M21: Acero de Refuerzo Fy:4200 Kg/cm2 | Q21: =(((0.8+0.8+0.4)*6)+((0.4+0.4+0.4+0.4+0.1+0.1)*5))*0.56 -> 11.76 | R21: Kg | S21: 0.05 | T21: 6225 | U21: =IF(T21="",0,ROUND((+Q21*T21*(1+S21)),0)) -> 76866 | V21: OK
B22: Alambre Negro #18 | F22: =+F21*5% -> 0.672 | G22: Kg | H22: 0.1 | I22: =IF(F22=0,"",VLOOKUP(B22,'LISTADO DE MATERIALES'!$B$6:$D$311,3,FALSE)) -> 12450 | J22: =IF(I22="",0,ROUND((+F22*I22*(1+H22)),0)) -> 9203 | M22: Alambre Negro #18 | Q22: =+Q21*5% -> 0.588 | R22: Kg | T22: 12450 | U22: =IF(T22="",0,ROUND((+Q22*T22*(1+S22)),0)) -> 7321 | V22: OK
B23: Mortero 1:4 | F23: =(0.3*0.3*0.02)+((0.8*0.3*0.02)*4)+(0.5*0.5*0.02) -> 0.026 | G23: =+'APU BÁSICOS'!J232 -> m3 | H23: 0.1 | I23: =+'APU BÁSICOS'!J269 -> 718979 | J23: =IF(I23="",0,ROUND((+F23*I23*(1+H23)),0)) -> 20563 | V23: N/A
B24: Aditivo Impermeabilizante | F24: 2.5 | G24: =IF(F24=0,"",VLOOKUP(B24,'LISTADO DE MATERIALES'!$B$6:$D$311,2,FALSE)) -> Kg | H24: 0.05 | I24: =IF(F24=0,"",VLOOKUP(B24,'LISTADO DE MATERIALES'!$B$6:$D$311,3,FALSE)) -> 26061 | J24: =IF(I24="",0,ROUND((+F24*I24*(1+H24)),0)) -> 68410 | M24: Aditivo Impermeabilizante | Q24: 2.36 | R24: Kg | T24: 6876 | U24: =IF(T24="",0,ROUND((+Q24*T24*(1+S24)),0)) -> 16227 | V24: OK
B25: Herrajes para marco y tapa de caja 0.30 x 0.30 | F25: 1 | G25: =IF(F25=0,"",VLOOKUP(B25,'LISTADO DE MATERIALES'!$B$6:$D$311,2,FALSE)) -> und | I25: =IF(F25=0,"",VLOOKUP(B25,'LISTADO DE MATERIALES'!$B$6:$D$311,3,FALSE)) -> 180000 | J25: =IF(I25="",0,ROUND((+F25*I25*(1+H25)),0)) -> 180000 | M25: Herrajes para marco y tapa de caja 0.30 x 0.30 | Q25: 1 | R25: und | T25: =+I25 -> 180000 | U25: =IF(T25="",0,ROUND((+Q25*T25*(1+S25)),0)) -> 180000 | V25: OK
B26: Madera para Formaleta | F26: 2.1 | G26: =IF(F26=0,"",VLOOKUP(B26,'LISTADO DE MATERIALES'!$B$6:$D$311,2,FALSE)) -> m2 | H26: 0.05 | I26: =IF(F26=0,"",VLOOKUP(B26,'LISTADO DE MATERIALES'!$B$6:$D$311,3,FALSE)) -> 39550 | J26: =IF(I26="",0,ROUND((+F26*I26*(1+H26)),0)) -> 87208 | M26: Madera para Formaleta | Q26: 2.1 | R26: m2 | T26: 39550 | U26: =IF(T26="",0,ROUND((+Q26*T26*(1+S26)),0)) -> 83055 | V26: OK
B27: Subtotal Materiales : | J27: =SUM(J19:J26) -> 676061 | M27: Subtotal Materiales : | U27: =SUM(U19:U26) -> 544250
B29: Transporte | M29: Transporte
B30: DESCRIPCIÓN MATERIAL | G30: M3-Ton | H30: Km | I30: TARIFA | J30: VALOR PARCIAL | M30: DESCRIPCIÓN MATERIAL | R30: M3-Ton | S30: Km | T30: TARIFA | U30: VALOR PARCIAL
B31: Transporte de material de excavación | G31: =+F19*1.3 -> 1.235 | H31: =+TRANSPORTE!B7 -> 10.5 | I31: =+TRANSPORTE!C7 -> 1667 | J31: =ROUND((I31*H31*G31),0) -> 21617 | M31: Transporte de material de excavación | R31: =+Q19*1.3 -> 0.1872 | S31: 10.5 | T31: 1530 | U31: =ROUND((T31*S31*R31),0) -> 3007
J32: 0 | U32: 0
J33: 0 | U33: 0
J34: 0 | U34: 0
B35: Subtotal Transporte : | J35: =SUM(J31:J34) -> 21617 | M35: Subtotal Transporte : | U35: =SUM(U31:U34) -> 3007
B37: Mano de Obra | M37: Mano de Obra
B38: DESCRIPCIÓN | G38: VALOR INTEGRAL / DIA | H38: CANTIDAD | I38: RENDIMIENTO | J38: VALOR PARCIAL | M38: DESCRIPCIÓN | R38: VALOR INTEGRAL / DIA | S38: CANTIDAD | T38: RENDIMIENTO | U38: VALOR PARCIAL
B39: OFICIAL | G39: =IF(B39="","",VLOOKUP(B39,CUADRILLAS!$B$87:$C$101,2,FALSE)) -> 157213.73 | H39: 1 | I39: 2 | J39: =ROUND(+IF(I39=0,0,G39*H39/I39),0) -> 78607 | M39: OFICIAL | R39: 157213.73 | S39: 1 | T39: 1.5 | U39: =ROUND(+IF(T39=0,0,R39*S39/T39),0) -> 104809
B40: AYUDANTE | G40: =IF(B40="","",VLOOKUP(B40,CUADRILLAS!$B$87:$C$101,2,FALSE)) -> 78606.867 | H40: 3 | I40: =+I39 -> 2 | J40: =ROUND(+IF(I40=0,0,G40*H40/I40),0) -> 117910 | M40: AYUDANTE | R40: 78606.867 | S40: 2 | T40: =+T39 -> 1.5 | U40: =ROUND(+IF(T40=0,0,R40*S40/T40),0) -> 104809
G41: =IF(B41="","",VLOOKUP(B41,CUADRILLAS!$B$87:$C$101,2,FALSE)) | J41: =+IF(I41=0,0,G41*H41/I41) -> 0 | U41: =+IF(T41=0,0,R41*S41/T41) -> 0
G42: =IF(B42="","",VLOOKUP(B42,CUADRILLAS!$B$87:$C$101,2,FALSE)) | J42: =+IF(I42=0,0,G42*H42/I42) -> 0 | U42: =+IF(T42=0,0,R42*S42/T42) -> 0
B43: Subtotal Mano de Obra : | J43: =SUM(J39:J42) -> 196517 | M43: Subtotal Mano de Obra : | U43: =SUM(U39:U42) -> 209618
B45: Total Costo Directo Item : | J45: =+J43+J35+J15+J27 -> 946521 | M45: Total Costo Directo Item : | U45: =+U43+U35+U15+U27 -> 901356
M47: NOTA: SE RESPECTA EL VALOR DEL HERRAJE SEGÚN COTIZACIONES, PERO SE REALIZAN CALCULOS DE LAS CANTIDADES,

Sheet 2.08
D1: ='PPTO HOJA'!A4 -> DEPARTAMENTO DE ANTIOQUIA | O1: DEPARTAMENTO DE ANTIOQUIA
D2: ='PPTO HOJA'!A5 -> MUNICIPIO DE ARBOLETES | O2: MUNICIPIO DE ARBOLETES
D3: ='PPTO HOJA'!A7 -> CONSTRUCCION DE OBRAS CIVILES COMPLEMENTARIAS PARA EL CORRECTO FUNCIONAMIENTO DEL PROYECTO DENOMINADO “PARQUE GEOLÓGICO, NATURAL, AMBIENTAL, CULTURAL Y TURÍSTICO, VOLCÁN DE LODO DE ARBOLETES”, QUE SE LLEVARÁ A CABO EN EL MUNICIPIO DE ARBOLETES-ANTIOQUIA | O3: CONSTRUCCION DE OBRAS CIVILES COMPLEMENTARIAS PARA EL CORRECTO FUNCIONAMIENTO DEL PROYECTO DENOMINADO “PARQUE GEOLÓGICO, NATURAL, AMBIENTAL, CULTURAL Y TURÍSTICO, VOLCÁN DE LODO DE ARBOLETES”, QUE SE LLEVARÁ A CABO EN EL MUNICIPIO DE ARBOLETES-ANTIOQUIA
D4: ANALISIS DE PRECIOS UNITARIOS | O4: ANALISIS DE PRECIOS UNITARIOS
A6: II | B6: ÍTEM | C6: =+'PPTO HOJA'!A24 -> 2.08 | E6: ='PPTO HOJA'!B24 -> Caja de registro en concreto reforzado de resistencia 28 Mpa de seción hidráulica interna de 0.50m x 0.50m x 0.90m, incluye tapa, refuerzo, mortero impermeabilizante, excavacion y relleno | I6: Unidad | J6: ='PPTO HOJA'!C24 -> und | L6: =A6 -> II | M6: ÍTEM | N6: =C6 -> 2.08 | P6: =E6 -> Caja de registro en concreto reforzado de resistencia 28 Mpa de seción hidráulica interna de 0.50m x 0.50m x 0.90m, incluye tapa, refuerzo, mortero impermeabilizante, excavacion y relleno | T6: Unidad | U6: =J6 -> und
B7: Equipo | M7: Equipo
B8: DESCRIPCIÓN EQUIPO | G8: TIPO | H8: TARIFA/DIA | I8: RENDIMIENTO | J8: VALOR PARCIAL | M8: DESCRIPCIÓN EQUIPO | R8: TIPO | S8: TARIFA/DIA | T8: RENDIMIENTO | U8: VALOR PARCIAL
B9: HERRAMIENTAS MENORES | I9: 0.05 | J9: =ROUND(I9*J42,0) -> 13101 | M9: HERRAMIENTAS MENORES | T9: 0.05 | U9: =ROUND(T9*U42,0) -> 10481
B10: Vibrador mecánico | G10: =IF(B10="","",VLOOKUP(B10,EQUIPOS!$B$7:$F$46,3,FALSE)) -> Gasolina | H10: =IF(B10="","",VLOOKUP(B10,EQUIPOS!$B$7:$F$46,5,FALSE)) -> 85000 | I10: =+I38 -> 1.5 | J10: =IF(B10="",0,ROUND(H10/I10,0)) -> 56667 | M10: Mezcladora de concreto | R10: GASOLINA | S10: 116000 | T10: =+T38 -> 1.5 | U10: =IF(M10="",0,ROUND(S10/T10,0)) -> 77333
G11: =IF(B11="","",VLOOKUP(B11,EQUIPOS!$B$7:$F$46,3,FALSE)) | H11: =IF(B11="","",VLOOKUP(B11,EQUIPOS!$B$7:$F$46,5,FALSE)) | J11: =IF(B11="",0,ROUND(H11/I11,0)) -> 0 | M11: Vibrador mecánico | R11: Gasolina | S11: 85000 | T11: =+T10 -> 1.5 | U11: =IF(M11="",0,ROUND(S11/T11,0)) -> 56667
G12: =IF(B12="","",VLOOKUP(B12,EQUIPOS!$B$7:$F$46,3,FALSE)) | H12: =IF(B12="","",VLOOKUP(B12,EQUIPOS!$B$7:$F$46,5,FALSE)) | J12: =IF(B12="",0,ROUND(H12/I12,0)) -> 0 | U12: =IF(M12="",0,ROUND(S12/T12,0)) -> 0
G13: =IF(B13="","",VLOOKUP(B13,EQUIPOS!$B$7:$F$46,3,FALSE)) | H13: =IF(B13="","",VLOOKUP(B13,EQUIPOS!$B$7:$F$46,5,FALSE))
B14: Subtotal Equipo : | J14: =SUM(J9:J13) -> 69768 | M14: Subtotal Equipo : | U14: =SUM(U9:U13) -> 144481
B16: Materiales | M16: Materiales
B17: DESCRIPCIÓN MATERIAL | F17: CANTIDAD | G17: UNIDAD | H17: DESPERDICIO (%) | I17: VALOR UNITARIO | J17: VALOR PARCIAL | M17: DESCRIPCIÓN MATERIAL | Q17: CANTIDAD | R17: UNIDAD | S17: DESPERDICIO (%) | T17: VALOR UNITARIO | U17: VALOR PARCIAL
B18: =+'PPTO HOJA'!B12 -> Excavación manual en material común bajo cualquier grado de humedad | F18: =0.9*0.9*1 -> 0.81 | G18: m3 | I18: =+'PPTO HOJA'!E12 -> 41268 | J18: =IF(I18="",0,ROUND((+F18*I18*(1+H18)),0)) -> 33427 | M18: Excavación manual de material común | Q18: =0.9*0.9*1 -> 0.81 | R18: m3 | T18: 38212 | U18: =IF(T18="",0,ROUND((+Q18*T18*(1+S18)),0)) -> 30952
B19: Concreto Clase C 28 Mpa (4000 PSI) | F19: =(0.7*0.7*0.1)+(0.7*0.9*0.1*2)+(0.5*0.9*0.1*2)+(0.5*0.5*0.06) -> 0.28 | G19: m3 | H19: 0.1 | I19: =+'APU BÁSICOS'!J91 -> 1003196 | J19: =IF(I19="",0,ROUND((+F19*I19*(1+H19)),0)) -> 308984 | M19: Concreto Clase C 28 Mpa (4000 PSI) | Q19: =(0.7*0.7*0.15)+(0.7*0.9*0.1*2)+(0.5*0.9*0.1*2)+(0.5*0.5*0.06) -> 0.3045 | R19: m3 | S19: 0.05 | T19: 1103813 | U19: =IF(T19="",0,ROUND((+Q19*T19*(1+S19)),0)) -> 352917
B20: Acero de Refuerzo Fy:4200 Kg/cm2 | F20: =(((2.4+(0.1*2))*8)+((2.4+(0.1*2)*7)))*0.56 -> 13.776 | G20: Kg | H20: 0.05 | I20: =IF(F20=0,"",VLOOKUP(B20,'LISTADO DE MATERIALES'!$B$6:$D$311,3,FALSE)) -> 6225 | J20: =IF(I20="",0,ROUND((+F20*I20*(1+H20)),0)) -> 90043 | M20: Acero de Refuerzo Fy:4200 Kg/cm2 | Q20: =((2.45*8)+((2.4+(0.1*2)*7)))*0.56 -> 13.104 | R20: Kg | S20: 0.05 | T20: 6225 | U20: =IF(T20="",0,ROUND((+Q20*T20*(1+S20)),0)) -> 85651
B21: Alambre Negro #18 | F21: =+F20*5% -> 0.6888 | G21: =IF(F21=0,"",VLOOKUP(B21,'LISTADO DE MATERIALES'!$B$6:$D$311,2,FALSE)) -> Kg | H21: 0.1 | I21: =IF(F21=0,"",VLOOKUP(B21,'LISTADO DE MATERIALES'!$B$6:$D$311,3,FALSE)) -> 12450 | J21: =IF(I21="",0,ROUND((+F21*I21*(1+H21)),0)) -> 9433 | M21: Alambre Negro #18 | Q21: =+Q20*5% -> 0.6552 | R21: Kg | T21: 12450 | U21: =IF(T21="",0,ROUND((+Q21*T21*(1+S21)),0)) -> 8157
B22: Mortero 1:4 | F22: =(0.5*0.5*0.02)+(0.5*0.9*0.02*4)+(0.5*0.5*0.02) -> 0.046 | G22: =+'APU BÁSICOS'!J232 -> m3 | H22: 0.1 | I22: =+'APU BÁSICOS'!J269 -> 718979 | J22: =IF(I22="",0,ROUND((+F22*I22*(1+H22)),0)) -> 36380
B23: Aditivo Impermeabilizante | F23: 3.5 | G23: =IF(F23=0,"",VLOOKUP(B23,'LISTADO DE MATERIALES'!$B$6:$D$311,2,FALSE)) -> Kg | H23: 0.05 | I23: =IF(F23=0,"",VLOOKUP(B23,'LISTADO DE MATERIALES'!$B$6:$D$311,3,FALSE)) -> 26061 | J23: =IF(I23="",0,ROUND((+F23*I23*(1+H23)),0)) -> 95774 | M23: Aditivo Impermeabilizante | Q23: 4.6125 | R23: Kg | T23: 6876 | U23: =IF(T23="",0,ROUND((+Q23*T23*(1+S23)),0)) -> 31716
B24: Herrajes para marco y tapa de caja 0.50 x 0.50 | F24: 1 | G24: =IF(F24=0,"",VLOOKUP(B24,'LISTADO DE MATERIALES'!$B$6:$D$311,2,FALSE)) -> und | I24: =IF(F24=0,"",VLOOKUP(B24,'LISTADO DE MATERIALES'!$B$6:$D$311,3,FALSE)) -> 253000 | J24: =IF(I24="",0,ROUND((+F24*I24*(1+H24)),0)) -> 253000 | M24: Herrajes para marco y tapa de caja 0.50 x 0.50 | Q24: 1 | R24: und | T24: =IF(Q24=0,"",VLOOKUP(M24,'LISTADO DE MATERIALES'!$B$6:$D$311,3,FALSE)) -> 253000 | U24: =IF(T24="",0,ROUND((+Q24*T24*(1+S24)),0)) -> 253000
B25: Madera para Formaleta | F25: 3.5 | G25: =IF(F25=0,"",VLOOKUP(B25,'LISTADO DE MATERIALES'!$B$6:$D$311,2,FALSE)) -> m2 | H25: 0.05 | I25: =IF(F25=0,"",VLOOKUP(B25,'LISTADO DE MATERIALES'!$B$6:$D$311,3,FALSE)) -> 39550 | J25: =IF(I25="",0,ROUND((+F25*I25*(1+H25)),0)) -> 145346 | M25: Madera para Formaleta | Q25: 4.74 | R25: m2 | T25: 39550 | U25: =IF(T25="",0,ROUND((+Q25*T25*(1+S25)),0)) -> 187467
B26: Subtotal Materiales : | J26: =SUM(J18:J25) -> 972387 | M26: Subtotal Materiales : | U26: =SUM(U18:U25) -> 949860
B28: Transporte | M28: Transporte
B29: DESCRIPCIÓN MATERIAL | G29: M3-Ton | H29: Km | I29: TARIFA | J29: VALOR PARCIAL | M29: DESCRIPCIÓN MATERIAL | R29: M3-Ton | S29: Km | T29: TARIFA | U29: VALOR PARCIAL
B30: Transporte de material de excavación | G30: =+F18*1.3 -> 1.053 | H30: =+TRANSPORTE!B7 -> 10.5 | I30: =+TRANSPORTE!C7 -> 1667 | J30: =ROUND((I30*H30*G30),0) -> 18431 | M30: Transporte de agregados | R30: =+Q18*1.3 -> 1.053 | S30: 10.5 | T30: 1530 | U30: =ROUND((T30*S30*R30),0) -> 16916
J31: 0 | U31: 0
J32: 0 | U32: 0
J33: 0 | U33: 0
B34: Subtotal Transporte : | J34: =SUM(J30:J33) -> 18431 | M34: Subtotal Transporte : | U34: =SUM(U30:U33) -> 16916
B36: Mano de Obra | M36: Mano de Obra
B37: DESCRIPCIÓN | G37: VALOR INTEGRAL / DIA | H37: CANTIDAD | I37: RENDIMIENTO | J37: VALOR PARCIAL | M37: DESCRIPCIÓN | R37: VALOR INTEGRAL / DIA | S37: CANTIDAD | T37: RENDIMIENTO | U37: VALOR PARCIAL
B38: OFICIAL | G38: =IF(B38="","",VLOOKUP(B38,CUADRILLAS!$B$87:$C$101,2,FALSE)) -> 157213.73 | H38: 1 | I38: 1.5 | J38: =ROUND(+IF(I38=0,0,G38*H38/I38),0) -> 104809 | M38: OFICIAL | R38: 157213.73 | S38: 1 | T38: 1.5 | U38: =ROUND(+IF(T38=0,0,R38*S38/T38),0) -> 104809
B39: AYUDANTE | G39: =IF(B39="","",VLOOKUP(B39,CUADRILLAS!$B$87:$C$101,2,FALSE)) -> 78606.867 | H39: 3 | I39: =+I38 -> 1.5 | J39: =ROUND(+IF(I39=0,0,G39*H39/I39),0) -> 157214 | M39: AYUDANTE | R39: 78606.867 | S39: 2 | T39: =+T38 -> 1.5 | U39: =ROUND(+IF(T39=0,0,R39*S39/T39),0) -> 104809
G40: =IF(B40="","",VLOOKUP(B40,CUADRILLAS!$B$87:$C$101,2,FALSE)) | J40: =+IF(I40=0,0,G40*H40/I40) -> 0 | U40: =+IF(T40=0,0,R40*S40/T40) -> 0
G41: =IF(B41="","",VLOOKUP(B41,CUADRILLAS!$B$87:$C$101,2,FALSE)) | J41: =+IF(I41=0,0,G41*H41/I41) -> 0 | U41: =+IF(T41=0,0,R41*S41/T41) -> 0
B42: Subtotal Mano de Obra : | J42: =SUM(J38:J41) -> 262023 | M42: Subtotal Mano de Obra : | U42: =SUM(U38:U41) -> 209618
B44: Total Costo Directo Item : | J44: =+J42+J34+J14+J26 -> 1322609 | M44: Total Costo Directo Item : | U44: =+U42+U34+U14+U26 -> 1320875
M47: NOTA: SE RESPECTA EL VALOR DEL HERRAJE SEGÚN COTIZACIONES, PERO SE REALIZAN CALCULOS DE LAS CANTIDADES,

Sheet 3.01
D1: ='PPTO HOJA'!A4 -> DEPARTAMENTO DE ANTIOQUIA | O1: DEPARTAMENTO DE ANTIOQUIA
D2: ='PPTO HOJA'!A5 -> MUNICIPIO DE ARBOLETES | O2: MUNICIPIO DE ARBOLETES
D3: ='PPTO HOJA'!A7 -> CONSTRUCCION DE OBRAS CIVILES COMPLEMENTARIAS PARA EL CORRECTO FUNCIONAMIENTO DEL PROYECTO DENOMINADO “PARQUE GEOLÓGICO, NATURAL, AMBIENTAL, CULTURAL Y TURÍSTICO, VOLCÁN DE LODO DE ARBOLETES”, QUE SE LLEVARÁ A CABO EN EL MUNICIPIO DE ARBOLETES-ANTIOQUIA | O3: CONSTRUCCION DE OBRAS CIVILES COMPLEMENTARIAS PARA EL CORRECTO FUNCIONAMIENTO DEL PROYECTO DENOMINADO “PARQUE GEOLÓGICO, NATURAL, AMBIENTAL, CULTURAL Y TURÍSTICO, VOLCÁN DE LODO DE ARBOLETES”, QUE SE LLEVARÁ A CABO EN EL MUNICIPIO DE ARBOLETES-ANTIOQUIA
D4: ANALISIS DE PRECIOS UNITARIOS | O4: ANALISIS DE PRECIOS UNITARIOS
A6: III | B6: ÍTEM | C6: =+'PPTO HOJA'!A26 -> 3.01 | E6: =+'PPTO HOJA'!B26 -> S/I Tubería Presión PVC-P Ø 1 1/2" RDE 21 | I6: Unidad | J6: ='PPTO HOJA'!C26 -> m | L6: =A6 -> III | M6: ÍTEM | N6: =C6 -> 3.01 | P6: =E6 -> S/I Tubería Presión PVC-P Ø 1 1/2" RDE 21 | T6: Unidad | U6: =J6 -> m
B7: . | M7: .
B8: DESCRIPCIÓN EQUIPO | G8: TIPO | H8: TARIFA/DIA | I8: RENDIMIENTO | J8: VALOR PARCIAL | M8: DESCRIPCIÓN EQUIPO | R8: TIPO | S8: TARIFA/DIA | T8: RENDIMIENTO | U8: VALOR PARCIAL
B9: HERRAMIENTAS MENORES | I9: 0.05 | J9: =ROUND(I9*J41,0) -> 157 | M9: HERRAMIENTAS MENORES | T9: 0.05 | U9: =ROUND(T9*U41,0) -> 157
G10: =IF(B10="","",VLOOKUP(B10,EQUIPOS!$B$7:$F$46,3,FALSE)) | H10: =IF(B10="","",VLOOKUP(B10,EQUIPOS!$B$7:$F$46,5,FALSE)) | J10: =IF(B10="",0,ROUND(H10/I10,0)) -> 0 | U10: =IF(M10="",0,ROUND(S10/T10,0)) -> 0
G11: =IF(B11="","",VLOOKUP(B11,EQUIPOS!$B$7:$F$46,3,FALSE)) | H11: =IF(B11="","",VLOOKUP(B11,EQUIPOS!$B$7:$F$46,5,FALSE)) | J11: =IF(B11="",0,ROUND(H11/I11,0)) -> 0 | U11: =IF(M11="",0,ROUND(S11/T11,0)) -> 0
G12: =IF(B12="","",VLOOKUP(B12,EQUIPOS!$B$7:$F$46,3,FALSE)) | H12: =IF(B12="","",VLOOKUP(B12,EQUIPOS!$B$7:$F$46,5,FALSE)) | J12: =IF(B12="",0,ROUND(H12/I12,0)) -> 0 | U12: =IF(M12="",0,ROUND(S12/T12,0)) -> 0
G13: =IF(B13="","",VLOOKUP(B13,EQUIPOS!$B$7:$F$46,3,FALSE)) | H13: =IF(B13="","",VLOOKUP(B13,EQUIPOS!$B$7:$F$46,5,FALSE)) | J13: =IF(B13="",0,ROUND(H13/I13,0)) -> 0 | U13: =IF(M13="",0,ROUND(S13/T13,0)) -> 0
G14: =IF(B14="","",VLOOKUP(B14,EQUIPOS!$B$7:$F$46,3,FALSE)) | H14: =IF(B14="","",VLOOKUP(B14,EQUIPOS!$B$7:$F$46,5,FALSE))
B15: Subtotal Equipo : | J15: =SUM(J9:J14) -> 157 | M15: Subtotal Equipo : | U15: =SUM(U9:U14) -> 157
B17: Materiales | M17: Materiales
B18: DESCRIPCIÓN MATERIAL | F18: CANTIDAD | G18: UNIDAD | H18: DESPERDICIO (%) | I18: VALOR UNITARIO | J18: VALOR PARCIAL | M18: DESCRIPCIÓN MATERIAL | Q18: CANTIDAD | R18: UNIDAD | S18: DESPERDICIO (%) | T18: VALOR UNITARIO | U18: VALOR PARCIAL
B19: Tubería Presión PVC-P Ø 1 1/2" RDE 21 | F19: 1 | G19: =IF(F19=0,"",VLOOKUP(B19,'LISTADO DE MATERIALES'!$B$6:$D$311,2,FALSE)) -> m | H19: 0.05 | I19: =IF(F19=0,"",VLOOKUP(B19,'LISTADO DE MATERIALES'!$B$6:$D$311,3,FALSE)) -> 16430 | J19: =IF(I19="",0,ROUND((+F19*I19*(1+H19)),0)) -> 17252 | M19: Tubería Presión PVC-P Ø 1 1/2" RDE 21 | Q19: 1 | R19: m | S19: 0.05 | T19: 16430 | U19: =IF(T19="",0,ROUND((+Q19*T19*(1+S19)),0)) -> 17252 | W19: =91127/6 -> 15187.833
B20: Soldadura PVC x 1/4 GL | F20: 0.007 | G20: =IF(F20=0,"",VLOOKUP(B20,'LISTADO DE MATERIALES'!$B$6:$D$311,2,FALSE)) -> und | H20: 0.05 | I20: =IF(F20=0,"",VLOOKUP(B20,'LISTADO DE MATERIALES'!$B$6:$D$311,3,FALSE)) -> 147850 | J20: =IF(I20="",0,ROUND((+F20*I20*(1+H20)),0)) -> 1087 | M20: Soldadura PVC x 1/4 GL | Q20: 0.007 | R20: und | T20: 147850 | U20: =IF(T20="",0,ROUND((+Q20*T20*(1+S20)),0)) -> 1035
B21: Limpiador PVC x 1/4 GL | F21: =+F20 -> 0.007 | G21: =IF(F21=0,"",VLOOKUP(B21,'LISTADO DE MATERIALES'!$B$6:$D$311,2,FALSE)) -> und | H21: 0.05 | I21: =IF(F21=0,"",VLOOKUP(B21,'LISTADO DE MATERIALES'!$B$6:$D$311,3,FALSE)) -> 71305 | J21: =IF(I21="",0,ROUND((+F21*I21*(1+H21)),0)) -> 524 | M21: Limpiador PVC x 1/4 GL | Q21: =+Q20 -> 0.007 | R21: und | T21: 71305 | U21: =IF(T21="",0,ROUND((+Q21*T21*(1+S21)),0)) -> 499
G22: =IF(F22=0,"",VLOOKUP(B22,'LISTADO DE MATERIALES'!$B$6:$D$311,2,FALSE)) | I22: =IF(F22=0,"",VLOOKUP(B22,'LISTADO DE MATERIALES'!$B$6:$D$311,3,FALSE)) | J22: =IF(I22="",0,ROUND((+F22*I22*(1+H22)),0)) -> 0 | U22: =IF(T22="",0,ROUND((+Q22*T22*(1+S22)),0)) -> 0
G23: =IF(F23=0,"",VLOOKUP(B23,'LISTADO DE MATERIALES'!$B$6:$D$311,2,FALSE)) | I23: =IF(F23=0,"",VLOOKUP(B23,'LISTADO DE MATERIALES'!$B$6:$D$311,3,FALSE)) | J23: =IF(I23="",0,ROUND((+F23*I23*(1+H23)),0)) -> 0 | U23: =IF(T23="",0,ROUND((+Q23*T23*(1+S23)),0)) -> 0
G24: =IF(F24=0,"",VLOOKUP(B24,'LISTADO DE MATERIALES'!$B$6:$D$311,2,FALSE)) | I24: =IF(F24=0,"",VLOOKUP(B24,'LISTADO DE MATERIALES'!$B$6:$D$311,3,FALSE)) | J24: =IF(I24="",0,ROUND((+F24*I24*(1+H24)),0)) -> 0 | U24: =IF(T24="",0,ROUND((+Q24*T24*(1+S24)),0)) -> 0
B25: Subtotal Materiales : | J25: =SUM(J19:J24) -> 18863 | M25: Subtotal Materiales : | U25: =SUM(U19:U24) -> 18786
B27: Transporte | M27: Transporte
B28: DESCRIPCIÓN MATERIAL | G28: M3-Ton | H28: Km | I28: TARIFA | J28: VALOR PARCIAL | M28: DESCRIPCIÓN MATERIAL | R28: M3-Ton | S28: Km | T28: TARIFA | U28: VALOR PARCIAL
J29: =ROUND((I29*H29*G29),0) -> 0 | U29: =ROUND((T29*S29*R29),0) -> 0
J30: 0 | U30: 0
J31: 0 | U31: 0
J32: 0 | U32: 0
B33: Subtotal Transporte : | J33: =SUM(J29:J32) -> 0 | M33: Subtotal Transporte : | U33: =SUM(U29:U32) -> 0
B35: Mano de Obra | M35: Mano de Obra
B36: DESCRIPCIÓN | G36: VALOR INTEGRAL / DIA | H36: CANTIDAD | I36: RENDIMIENTO | J36: VALOR PARCIAL | M36: DESCRIPCIÓN | R36: VALOR INTEGRAL / DIA | S36: CANTIDAD | T36: RENDIMIENTO | U36: VALOR PARCIAL
B37: CUADRILLA INSTALACIONES SANITARIAS | G37: =IF(B37="","",VLOOKUP(B37,CUADRILLAS!$B$87:$C$101,2,FALSE)) -> 628854.93 | H37: 1 | I37: 200 | J37: =ROUND(+IF(I37=0,0,G37*H37/I37),0) -> 3144 | M37: CUADRILLA INSTALACIONES SANITARIAS | R37: 628854.93 | S37: 1 | T37: 200 | U37: =ROUND(+IF(T37=0,0,R37*S37/T37),0) -> 3144
G38: =IF(B38="","",VLOOKUP(B38,CUADRILLAS!$B$87:$C$101,2,FALSE)) | J38: =ROUND(+IF(I38=0,0,G38*H38/I38),0) -> 0 | U38: =ROUND(+IF(T38=0,0,R38*S38/T38),0) -> 0
G39: =IF(B39="","",VLOOKUP(B39,CUADRILLAS!$B$87:$C$101,2,FALSE)) | J39: =+IF(I39=0,0,G39*H39/I39) -> 0 | U39: =+IF(T39=0,0,R39*S39/T39) -> 0
G40: =IF(B40="","",VLOOKUP(B40,CUADRILLAS!$B$87:$C$101,2,FALSE)) | J40: =+IF(I40=0,0,G40*H40/I40) -> 0 | U40: =+IF(T40=0,0,R40*S40/T40) -> 0
B41: Subtotal Mano de Obra : | J41: =SUM(J37:J40) -> 3144 | M41: Subtotal Mano de Obra : | U41: =SUM(U37:U40) -> 3144
B43: Total Costo Directo Item : | J43: =+J41+J33+J15+J25 -> 22164 | M43: Total Costo Directo Item : | U43: =+U41+U33+U15+U25 -> 22087

Sheet 3.02
D1: ='PPTO HOJA'!A4 -> DEPARTAMENTO DE ANTIOQUIA | O1: DEPARTAMENTO DE ANTIOQUIA
D2: ='PPTO HOJA'!A5 -> MUNICIPIO DE ARBOLETES | O2: MUNICIPIO DE ARBOLETES
D3: ='PPTO HOJA'!A7 -> CONSTRUCCION DE OBRAS CIVILES COMPLEMENTARIAS PARA EL CORRECTO FUNCIONAMIENTO DEL PROYECTO DENOMINADO “PARQUE GEOLÓGICO, NATURAL, AMBIENTAL, CULTURAL Y TURÍSTICO, VOLCÁN DE LODO DE ARBOLETES”, QUE SE LLEVARÁ A CABO EN EL MUNICIPIO DE ARBOLETES-ANTIOQUIA | O3: CONSTRUCCION DE OBRAS CIVILES COMPLEMENTARIAS PARA EL CORRECTO FUNCIONAMIENTO DEL PROYECTO DENOMINADO “PARQUE GEOLÓGICO, NATURAL, AMBIENTAL, CULTURAL Y TURÍSTICO, VOLCÁN DE LODO DE ARBOLETES”, QUE SE LLEVARÁ A CABO EN EL MUNICIPIO DE ARBOLETES-ANTIOQUIA
D4: ANALISIS DE PRECIOS UNITARIOS | O4: ANALISIS DE PRECIOS UNITARIOS
A6: III | B6: ÍTEM | C6: =+'PPTO HOJA'!A27 -> 3.02 | E6: =+'PPTO HOJA'!B27 -> S/I Tubería Presión PVC-P Ø 1 1/4" RDE 21 | I6: Unidad | J6: ='PPTO HOJA'!C27 -> m | L6: =A6 -> III | M6: ÍTEM | N6: =C6 -> 3.02 | P6: =E6 -> S/I Tubería Presión PVC-P Ø 1 1/4" RDE 21 | T6: Unidad | U6: =J6 -> m
B7: . | M7: .
B8: DESCRIPCIÓN EQUIPO | G8: TIPO | H8: TARIFA/DIA | I8: RENDIMIENTO | J8: VALOR PARCIAL | M8: DESCRIPCIÓN EQUIPO | R8: TIPO | S8: TARIFA/DIA | T8: RENDIMIENTO | U8: VALOR PARCIAL
B9: HERRAMIENTAS MENORES | I9: 0.05 | J9: =ROUND(I9*J41,0) -> 137 | M9: HERRAMIENTAS MENORES | T9: 0.05 | U9: =ROUND(T9*U41,0) -> 137
G10: =IF(B10="","",VLOOKUP(B10,EQUIPOS!$B$7:$F$46,3,FALSE)) | H10: =IF(B10="","",VLOOKUP(B10,EQUIPOS!$B$7:$F$46,5,FALSE)) | J10: =IF(B10="",0,ROUND(H10/I10,0)) -> 0 | U10: =IF(M10="",0,ROUND(S10/T10,0)) -> 0
G11: =IF(B11="","",VLOOKUP(B11,EQUIPOS!$B$7:$F$46,3,FALSE)) | H11: =IF(B11="","",VLOOKUP(B11,EQUIPOS!$B$7:$F$46,5,FALSE)) | J11: =IF(B11="",0,ROUND(H11/I11,0)) -> 0 | U11: =IF(M11="",0,ROUND(S11/T11,0)) -> 0
G12: =IF(B12="","",VLOOKUP(B12,EQUIPOS!$B$7:$F$46,3,FALSE)) | H12: =IF(B12="","",VLOOKUP(B12,EQUIPOS!$B$7:$F$46,5,FALSE)) | J12: =IF(B12="",0,ROUND(H12/I12,0)) -> 0 | U12: =IF(M12="",0,ROUND(S12/T12,0)) -> 0
G13: =IF(B13="","",VLOOKUP(B13,EQUIPOS!$B$7:$F$46,3,FALSE)) | H13: =IF(B13="","",VLOOKUP(B13,EQUIPOS!$B$7:$F$46,5,FALSE)) | J13: =IF(B13="",0,ROUND(H13/I13,0)) -> 0 | U13: =IF(M13="",0,ROUND(S13/T13,0)) -> 0
G14: =IF(B14="","",VLOOKUP(B14,EQUIPOS!$B$7:$F$46,3,FALSE)) | H14: =IF(B14="","",VLOOKUP(B14,EQUIPOS!$B$7:$F$46,5,FALSE))
B15: Subtotal Equipo : | J15: =SUM(J9:J14) -> 137 | M15: Subtotal Equipo : | U15: =SUM(U9:U14) -> 137
B17: Materiales | M17: Materiales
B18: DESCRIPCIÓN MATERIAL | F18: CANTIDAD | G18: UNIDAD | H18: DESPERDICIO (%) | I18: VALOR UNITARIO | J18: VALOR PARCIAL | M18: DESCRIPCIÓN MATERIAL | Q18: CANTIDAD | R18: UNIDAD | S18: DESPERDICIO (%) | T18: VALOR UNITARIO | U18: VALOR PARCIAL
B19: Tubería Presión PVC-P Ø 1 1/4" RDE 21 | F19: 1 | G19: =IF(F19=0,"",VLOOKUP(B19,'LISTADO DE MATERIALES'!$B$6:$D$311,2,FALSE)) -> m | H19: 0.05 | I19: =IF(F19=0,"",VLOOKUP(B19,'LISTADO DE MATERIALES'!$B$6:$D$311,3,FALSE)) -> 13385 | J19: =IF(I19="",0,ROUND((+F19*I19*(1+H19)),0)) -> 14054 | M19: Tubería Presión PVC-P Ø 1 1/4" RDE 21 | Q19: 1 | R19: m | S19: 0.05 | T19: 13385 | U19: =IF(T19="",0,ROUND((+Q19*T19*(1+S19)),0)) -> 14054 | W19: =69791/6 -> 11631.833
B20: Soldadura PVC x 1/4 GL | F20: 0.0062 | G20: =IF(F20=0,"",VLOOKUP(B20,'LISTADO DE MATERIALES'!$B$6:$D$311,2,FALSE)) -> und | H20: 0.05 | I20: =IF(F20=0,"",VLOOKUP(B20,'LISTADO DE MATERIALES'!$B$6:$D$311,3,FALSE)) -> 147850 | J20: =IF(I20="",0,ROUND((+F20*I20*(1+H20)),0)) -> 963 | M20: Soldadura PVC x 1/4 GL | Q20: 0.0062 | R20: und | T20: 147850 | U20: =IF(T20="",0,ROUND((+Q20*T20*(1+S20)),0)) -> 917
B21: Limpiador PVC x 1/4 GL | F21: =+F20 -> 0.0062 | G21: =IF(F21=0,"",VLOOKUP(B21,'LISTADO DE MATERIALES'!$B$6:$D$311,2,FALSE)) -> und | H21: 0.05 | I21: =IF(F21=0,"",VLOOKUP(B21,'LISTADO DE MATERIALES'!$B$6:$D$311,3,FALSE)) -> 71305 | J21: =IF(I21="",0,ROUND((+F21*I21*(1+H21)),0)) -> 464 | M21: Limpiador PVC x 1/4 GL | Q21: =+Q20 -> 0.0062 | R21: und | T21: 71305 | U21: =IF(T21="",0,ROUND((+Q21*T21*(1+S21)),0)) -> 442
G22: =IF(F22=0,"",VLOOKUP(B22,'LISTADO DE MATERIALES'!$B$6:$D$311,2,FALSE)) | I22: =IF(F22=0,"",VLOOKUP(B22,'LISTADO DE MATERIALES'!$B$6:$D$311,3,FALSE)) | J22: =IF(I22="",0,ROUND((+F22*I22*(1+H22)),0)) -> 0 | U22: =IF(T22="",0,ROUND((+Q22*T22*(1+S22)),0)) -> 0
G23: =IF(F23=0,"",VLOOKUP(B23,'LISTADO DE MATERIALES'!$B$6:$D$311,2,FALSE)) | I23: =IF(F23=0,"",VLOOKUP(B23,'LISTADO DE MATERIALES'!$B$6:$D$311,3,FALSE)) | J23: =IF(I23="",0,ROUND((+F23*I23*(1+H23)),0)) -> 0 | U23: =IF(T23="",0,ROUND((+Q23*T23*(1+S23)),0)) -> 0
G24: =IF(F24=0,"",VLOOKUP(B24,'LISTADO DE MATERIALES'!$B$6:$D$311,2,FALSE)) | I24: =IF(F24=0,"",VLOOKUP(B24,'LISTADO DE MATERIALES'!$B$6:$D$311,3,FALSE)) | J24: =IF(I24="",0,ROUND((+F24*I24*(1+H24)),0)) -> 0 | U24: =IF(T24="",0,ROUND((+Q24*T24*(1+S24)),0)) -> 0
B25: Subtotal Materiales : | J25: =SUM(J19:J24) -> 15481 | M25: Subtotal Materiales : | U25: =SUM(U19:U24) -> 15413
B27: Transporte | M27: Transporte
B28: DESCRIPCIÓN MATERIAL | G28: M3-Ton | H28: Km | I28: TARIFA | J28: VALOR PARCIAL | M28: DESCRIPCIÓN MATERIAL | R28: M3-Ton | S28: Km | T28: TARIFA | U28: VALOR PARCIAL
J29: =ROUND((I29*H29*G29),0) -> 0 | U29: =ROUND((T29*S29*R29),0) -> 0
J30: 0 | U30: 0
J31: 0 | U31: 0
J32: 0 | U32: 0
B33: Subtotal Transporte : | J33: =SUM(J29:J32) -> 0 | M33: Subtotal Transporte : | U33: =SUM(U29:U32) -> 0
B35: Mano de Obra | M35: Mano de Obra
B36: DESCRIPCIÓN | G36: VALOR INTEGRAL / DIA | H36: CANTIDAD | I36: RENDIMIENTO | J36: VALOR PARCIAL | M36: DESCRIPCIÓN | R36: VALOR INTEGRAL / DIA | S36: CANTIDAD | T36: RENDIMIENTO | U36: VALOR PARCIAL
B37: CUADRILLA INSTALACIONES SANITARIAS | G37: =IF(B37="","",VLOOKUP(B37,CUADRILLAS!$B$87:$C$101,2,FALSE)) -> 628854.93 | H37: 1 | I37: 230 | J37: =ROUND(+IF(I37=0,0,G37*H37/I37),0) -> 2734 | M37: CUADRILLA INSTALACIONES SANITARIAS | R37: 628854.93 | S37: 1 | T37: 230 | U37: =ROUND(+IF(T37=0,0,R37*S37/T37),0) -> 2734
G38: =IF(B38="","",VLOOKUP(B38,CUADRILLAS!$B$87:$C$101,2,FALSE)) | J38: =ROUND(+IF(I38=0,0,G38*H38/I38),0) -> 0 | U38: =ROUND(+IF(T38=0,0,R38*S38/T38),0) -> 0
G39: =IF(B39="","",VLOOKUP(B39,CUADRILLAS!$B$87:$C$101,2,FALSE)) | J39: =+IF(I39=0,0,G39*H39/I39) -> 0 | U39: =+IF(T39=0,0,R39*S39/T39) -> 0
G40: =IF(B40="","",VLOOKUP(B40,CUADRILLAS!$B$87:$C$101,2,FALSE)) | J40: =+IF(I40=0,0,G40*H40/I40) -> 0 | U40: =+IF(T40=0,0,R40*S40/T40) -> 0
B41: Subtotal Mano de Obra : | J41: =SUM(J37:J40) -> 2734 | M41: Subtotal Mano de Obra : | U41: =SUM(U37:U40) -> 2734
B43: Total Costo Directo Item : | J43: =+J41+J33+J15+J25 -> 18352 | M43: Total Costo Directo Item : | U43: =+U41+U33+U15+U25 -> 18284

Sheet 3.03
D1: ='PPTO HOJA'!A4 -> DEPARTAMENTO DE ANTIOQUIA | O1: DEPARTAMENTO DE ANTIOQUIA
D2: ='PPTO HOJA'!A5 -> MUNICIPIO DE ARBOLETES | O2: MUNICIPIO DE ARBOLETES
D3: ='PPTO HOJA'!A7 -> CONSTRUCCION DE OBRAS CIVILES COMPLEMENTARIAS PARA EL CORRECTO FUNCIONAMIENTO DEL PROYECTO DENOMINADO “PARQUE GEOLÓGICO, NATURAL, AMBIENTAL, CULTURAL Y TURÍSTICO, VOLCÁN DE LODO DE ARBOLETES”, QUE SE LLEVARÁ A CABO EN EL MUNICIPIO DE ARBOLETES-ANTIOQUIA | O3: CONSTRUCCION DE OBRAS CIVILES COMPLEMENTARIAS PARA EL CORRECTO FUNCIONAMIENTO DEL PROYECTO DENOMINADO “PARQUE GEOLÓGICO, NATURAL, AMBIENTAL, CULTURAL Y TURÍSTICO, VOLCÁN DE LODO DE ARBOLETES”, QUE SE LLEVARÁ A CABO EN EL MUNICIPIO DE ARBOLETES-ANTIOQUIA
D4: ANALISIS DE PRECIOS UNITARIOS | O4: ANALISIS DE PRECIOS UNITARIOS
A6: III | B6: ÍTEM | C6: =+'PPTO HOJA'!A28 -> 3.03 | E6: =+'PPTO HOJA'!B28 -> S/I Tubería Presión PVC-P Ø 3/4" RDE 21 | I6: Unidad | J6: ='PPTO HOJA'!C28 -> m | L6: =A6 -> III | M6: ÍTEM | N6: =C6 -> 3.03 | P6: =E6 -> S/I Tubería Presión PVC-P Ø 3/4" RDE 21 | T6: Unidad | U6: =J6 -> m
B7: . | M7: .
B8: DESCRIPCIÓN EQUIPO | G8: TIPO | H8: TARIFA/DIA | I8: RENDIMIENTO | J8: VALOR PARCIAL | M8: DESCRIPCIÓN EQUIPO | R8: TIPO | S8: TARIFA/DIA | T8: RENDIMIENTO | U8: VALOR PARCIAL
B9: HERRAMIENTAS MENORES | I9: 0.05 | J9: =ROUND(I9*J41,0) -> 116 | M9: HERRAMIENTAS MENORES | T9: 0.05 | U9: =ROUND(T9*U41,0) -> 116
G10: =IF(B10="","",VLOOKUP(B10,EQUIPOS!$B$7:$F$46,3,FALSE)) | H10: =IF(B10="","",VLOOKUP(B10,EQUIPOS!$B$7:$F$46,5,FALSE)) | J10: =IF(B10="",0,ROUND(H10/I10,0)) -> 0 | U10: =IF(M10="",0,ROUND(S10/T10,0)) -> 0
G11: =IF(B11="","",VLOOKUP(B11,EQUIPOS!$B$7:$F$46,3,FALSE)) | H11: =IF(B11="","",VLOOKUP(B11,EQUIPOS!$B$7:$F$46,5,FALSE)) | J11: =IF(B11="",0,ROUND(H11/I11,0)) -> 0 | U11: =IF(M11="",0,ROUND(S11/T11,0)) -> 0
G12: =IF(B12="","",VLOOKUP(B12,EQUIPOS!$B$7:$F$46,3,FALSE)) | H12: =IF(B12="","",VLOOKUP(B12,EQUIPOS!$B$7:$F$46,5,FALSE)) | J12: =IF(B12="",0,ROUND(H12/I12,0)) -> 0 | U12: =IF(M12="",0,ROUND(S12/T12,0)) -> 0
G13: =IF(B13="","",VLOOKUP(B13,EQUIPOS!$B$7:$F$46,3,FALSE)) | H13: =IF(B13="","",VLOOKUP(B13,EQUIPOS!$B$7:$F$46,5,FALSE)) | J13: =IF(B13="",0,ROUND(H13/I13,0)) -> 0 | U13: =IF(M13="",0,ROUND(S13/T13,0)) -> 0
G14: =IF(B14="","",VLOOKUP(B14,EQUIPOS!$B$7:$F$46,3,FALSE)) | H14: =IF(B14="","",VLOOKUP(B14,EQUIPOS!$B$7:$F$46,5,FALSE))
B15: Subtotal Equipo : | J15: =SUM(J9:J14) -> 116 | M15: Subtotal Equipo : | U15: =SUM(U9:U14) -> 116
B17: Materiales | M17: Materiales
B18: DESCRIPCIÓN MATERIAL | F18: CANTIDAD | G18: UNIDAD | H18: DESPERDICIO (%) | I18: VALOR UNITARIO | J18: VALOR PARCIAL | M18: DESCRIPCIÓN MATERIAL | Q18: CANTIDAD | R18: UNIDAD | S18: DESPERDICIO (%) | T18: VALOR UNITARIO | U18: VALOR PARCIAL
B19: Tubería Presión PVC-P Ø 3/4" RDE 21 | F19: 1 | G19: =IF(F19=0,"",VLOOKUP(B19,'LISTADO DE MATERIALES'!$B$6:$D$311,2,FALSE)) -> m | H19: 0.05 | I19: =IF(F19=0,"",VLOOKUP(B19,'LISTADO DE MATERIALES'!$B$6:$D$311,3,FALSE)) -> 5377 | J19: =IF(I19="",0,ROUND((+F19*I19*(1+H19)),0)) -> 5646 | M19: Tubería Presión PVC-P Ø 3/4" RDE 21 | Q19: 1 | R19: m | S19: 0.05 | T19: 5377 | U19: =IF(T19="",0,ROUND((+Q19*T19*(1+S19)),0)) -> 5646 | W19: =41579/6 -> 6929.8333
B20: Soldadura PVC x 1/4 GL | F20: 0.005 | G20: =IF(F20=0,"",VLOOKUP(B20,'LISTADO DE MATERIALES'!$B$6:$D$311,2,FALSE)) -> und | H20: 0.05 | I20: =IF(F20=0,"",VLOOKUP(B20,'LISTADO DE MATERIALES'!$B$6:$D$311,3,FALSE)) -> 147850 | J20: =IF(I20="",0,ROUND((+F20*I20*(1+H20)),0)) -> 776 | M20: Soldadura PVC x 1/4 GL | Q20: 0.005 | R20: und | T20: 147850 | U20: =IF(T20="",0,ROUND((+Q20*T20*(1+S20)),0)) -> 739
B21: Limpiador PVC x 1/4 GL | F21: =+F20 -> 0.005 | G21: =IF(F21=0,"",VLOOKUP(B21,'LISTADO DE MATERIALES'!$B$6:$D$311,2,FALSE)) -> und | H21: 0.05 | I21: =IF(F21=0,"",VLOOKUP(B21,'LISTADO DE MATERIALES'!$B$6:$D$311,3,FALSE)) -> 71305 | J21: =IF(I21="",0,ROUND((+F21*I21*(1+H21)),0)) -> 374 | M21: Limpiador PVC x 1/4 GL | Q21: =+Q20 -> 0.005 | R21: und | T21: 71305 | U21: =IF(T21="",0,ROUND((+Q21*T21*(1+S21)),0)) -> 357
G22: =IF(F22=0,"",VLOOKUP(B22,'LISTADO DE MATERIALES'!$B$6:$D$311,2,FALSE)) | I22: =IF(F22=0,"",VLOOKUP(B22,'LISTADO DE MATERIALES'!$B$6:$D$311,3,FALSE)) | J22: =IF(I22="",0,ROUND((+F22*I22*(1+H22)),0)) -> 0 | U22: =IF(T22="",0,ROUND((+Q22*T22*(1+S22)),0)) -> 0
G23: =IF(F23=0,"",VLOOKUP(B23,'LISTADO DE MATERIALES'!$B$6:$D$311,2,FALSE)) | I23: =IF(F23=0,"",VLOOKUP(B23,'LISTADO DE MATERIALES'!$B$6:$D$311,3,FALSE)) | J23: =IF(I23="",0,ROUND((+F23*I23*(1+H23)),0)) -> 0 | U23: =IF(T23="",0,ROUND((+Q23*T23*(1+S23)),0)) -> 0
G24: =IF(F24=0,"",VLOOKUP(B24,'LISTADO DE MATERIALES'!$B$6:$D$311,2,FALSE)) | I24: =IF(F24=0,"",VLOOKUP(B24,'LISTADO DE MATERIALES'!$B$6:$D$311,3,FALSE)) | J24: =IF(I24="",0,ROUND((+F24*I24*(1+H24)),0)) -> 0 | U24: =IF(T24="",0,ROUND((+Q24*T24*(1+S24)),0)) -> 0
B25: Subtotal Materiales : | J25: =SUM(J19:J24) -> 6796 | M25: Subtotal Materiales : | U25: =SUM(U19:U24) -> 6742
B27: Transporte | M27: Transporte
B28: DESCRIPCIÓN MATERIAL | G28: M3-Ton | H28: Km | I28: TARIFA | J28: VALOR PARCIAL | M28: DESCRIPCIÓN MATERIAL | R28: M3-Ton | S28: Km | T28: TARIFA | U28: VALOR PARCIAL
J29: =ROUND((I29*H29*G29),0) -> 0 | U29: =ROUND((T29*S29*R29),0) -> 0
J30: 0 | U30: 0
J31: 0 | U31: 0
J32: 0 | U32: 0
B33: Subtotal Transporte : | J33: =SUM(J29:J32) -> 0 | M33: Subtotal Transporte : | U33: =SUM(U29:U32) -> 0
B35: Mano de Obra | M35: Mano de Obra
B36: DESCRIPCIÓN | G36: VALOR INTEGRAL / DIA | H36: CANTIDAD | I36: RENDIMIENTO | J36: VALOR PARCIAL | M36: DESCRIPCIÓN | R36: VALOR INTEGRAL / DIA | S36: CANTIDAD | T36: RENDIMIENTO | U36: VALOR PARCIAL
B37: CUADRILLA INSTALACIONES SANITARIAS | G37: =IF(B37="","",VLOOKUP(B37,CUADRILLAS!$B$87:$C$101,2,FALSE)) -> 628854.93 | H37: 1 | I37: 272 | J37: =ROUND(+IF(I37=0,0,G37*H37/I37),0) -> 2312 | M37: CUADRILLA INSTALACIONES SANITARIAS | R37: 628854.93 | S37: 1 | T37: 272 | U37: =ROUND(+IF(T37=0,0,R37*S37/T37),0) -> 2312
G38: =IF(B38="","",VLOOKUP(B38,CUADRILLAS!$B$87:$C$101,2,FALSE)) | J38: =ROUND(+IF(I38=0,0,G38*H38/I38),0) -> 0 | U38: =ROUND(+IF(T38=0,0,R38*S38/T38),0) -> 0
G39: =IF(B39="","",VLOOKUP(B39,CUADRILLAS!$B$87:$C$101,2,FALSE)) | J39: =+IF(I39=0,0,G39*H39/I39) -> 0 | U39: =+IF(T39=0,0,R39*S39/T39) -> 0
G40: =IF(B40="","",VLOOKUP(B40,CUADRILLAS!$B$87:$C$101,2,FALSE)) | J40: =+IF(I40=0,0,G40*H40/I40) -> 0 | U40: =+IF(T40=0,0,R40*S40/T40) -> 0
B41: Subtotal Mano de Obra : | J41: =SUM(J37:J40) -> 2312 | M41: Subtotal Mano de Obra : | U41: =SUM(U37:U40) -> 2312
B43: Total Costo Directo Item : | J43: =+J41+J33+J15+J25 -> 9224 | M43: Total Costo Directo Item : | U43: =+U41+U33+U15+U25 -> 9170

Sheet 3.04
D1: ='PPTO HOJA'!A4 -> DEPARTAMENTO DE ANTIOQUIA | O1: DEPARTAMENTO DE ANTIOQUIA
D2: ='PPTO HOJA'!A5 -> MUNICIPIO DE ARBOLETES | O2: MUNICIPIO DE ARBOLETES
D3: ='PPTO HOJA'!A7 -> CONSTRUCCION DE OBRAS CIVILES COMPLEMENTARIAS PARA EL CORRECTO FUNCIONAMIENTO DEL PROYECTO DENOMINADO “PARQUE GEOLÓGICO, NATURAL, AMBIENTAL, CULTURAL Y TURÍSTICO, VOLCÁN DE LODO DE ARBOLETES”, QUE SE LLEVARÁ A CABO EN EL MUNICIPIO DE ARBOLETES-ANTIOQUIA | O3: CONSTRUCCION DE OBRAS CIVILES COMPLEMENTARIAS PARA EL CORRECTO FUNCIONAMIENTO DEL PROYECTO DENOMINADO “PARQUE GEOLÓGICO, NATURAL, AMBIENTAL, CULTURAL Y TURÍSTICO, VOLCÁN DE LODO DE ARBOLETES”, QUE SE LLEVARÁ A CABO EN EL MUNICIPIO DE ARBOLETES-ANTIOQUIA
D4: ANALISIS DE PRECIOS UNITARIOS | O4: ANALISIS DE PRECIOS UNITARIOS
A6: III | B6: ÍTEM | C6: =+'PPTO HOJA'!A29 -> 3.04 | E6: =+'PPTO HOJA'!B29 -> S/I Codo 90° PVC-P Ø 1 1/2" | I6: Unidad | J6: ='PPTO HOJA'!C29 -> und | L6: =A6 -> III | M6: ÍTEM | N6: =C6 -> 3.04 | P6: =E6 -> S/I Codo 90° PVC-P Ø 1 1/2" | T6: Unidad | U6: =J6 -> und
B7: . | M7: .
B8: DESCRIPCIÓN EQUIPO | G8: TIPO | H8: TARIFA/DIA | I8: RENDIMIENTO | J8: VALOR PARCIAL | M8: DESCRIPCIÓN EQUIPO | R8: TIPO | S8: TARIFA/DIA | T8: RENDIMIENTO | U8: VALOR PARCIAL
B9: HERRAMIENTAS MENORES | I9: 0.05 | J9: =ROUND(I9*J41,0) -> 63 | M9: HERRAMIENTAS MENORES | T9: 0.05 | U9: =ROUND(T9*U41,0) -> 52
G10: =IF(B10="","",VLOOKUP(B10,EQUIPOS!$B$7:$F$46,3,FALSE)) | H10: =IF(B10="","",VLOOKUP(B10,EQUIPOS!$B$7:$F$46,5,FALSE)) | J10: =IF(B10="",0,ROUND(H10/I10,0)) -> 0 | U10: =IF(M10="",0,ROUND(S10/T10,0)) -> 0
G11: =IF(B11="","",VLOOKUP(B11,EQUIPOS!$B$7:$F$46,3,FALSE)) | H11: =IF(B11="","",VLOOKUP(B11,EQUIPOS!$B$7:$F$46,5,FALSE)) | J11: =IF(B11="",0,ROUND(H11/I11,0)) -> 0 | U11: =IF(M11="",0,ROUND(S11/T11,0)) -> 0
G12: =IF(B12="","",VLOOKUP(B12,EQUIPOS!$B$7:$F$46,3,FALSE)) | H12: =IF(B12="","",VLOOKUP(B12,EQUIPOS!$B$7:$F$46,5,FALSE)) | J12: =IF(B12="",0,ROUND(H12/I12,0)) -> 0 | U12: =IF(M12="",0,ROUND(S12/T12,0)) -> 0
G13: =IF(B13="","",VLOOKUP(B13,EQUIPOS!$B$7:$F$46,3,FALSE)) | H13: =IF(B13="","",VLOOKUP(B13,EQUIPOS!$B$7:$F$46,5,FALSE)) | J13: =IF(B13="",0,ROUND(H13/I13,0)) -> 0 | U13: =IF(M13="",0,ROUND(S13/T13,0)) -> 0
G14: =IF(B14="","",VLOOKUP(B14,EQUIPOS!$B$7:$F$46,3,FALSE)) | H14: =IF(B14="","",VLOOKUP(B14,EQUIPOS!$B$7:$F$46,5,FALSE))
B15: Subtotal Equipo : | J15: =SUM(J9:J14) -> 63 | M15: Subtotal Equipo : | U15: =SUM(U9:U14) -> 52
B17: Materiales | M17: Materiales
B18: DESCRIPCIÓN MATERIAL | F18: CANTIDAD | G18: UNIDAD | H18: DESPERDICIO (%) | I18: VALOR UNITARIO | J18: VALOR PARCIAL | M18: DESCRIPCIÓN MATERIAL | Q18: CANTIDAD | R18: UNIDAD | S18: DESPERDICIO (%) | T18: VALOR UNITARIO | U18: VALOR PARCIAL
B19: Codo 90° PVC-P Ø 1 1/2" | F19: 1 | G19: =IF(F19=0,"",VLOOKUP(B19,'LISTADO DE MATERIALES'!$B$6:$D$311,2,FALSE)) -> und | I19: =IF(F19=0,"",VLOOKUP(B19,'LISTADO DE MATERIALES'!$B$6:$D$311,3,FALSE)) -> 10471.82 | J19: =IF(I19="",0,ROUND((+F19*I19*(1+H19)),0)) -> 10472 | M19: Codo 90° PVC-P Ø 1 1/2" | Q19: 1 | R19: und | T19: 10471.82 | U19: =IF(T19="",0,ROUND((+Q19*T19*(1+S19)),0)) -> 10472 | W19: 9679
B20: Soldadura PVC x 1/4 GL | F20: 0.0045 | G20: =IF(F20=0,"",VLOOKUP(B20,'LISTADO DE MATERIALES'!$B$6:$D$311,2,FALSE)) -> und | H20: 0.05 | I20: =IF(F20=0,"",VLOOKUP(B20,'LISTADO DE MATERIALES'!$B$6:$D$311,3,FALSE)) -> 147850 | J20: =IF(I20="",0,ROUND((+F20*I20*(1+H20)),0)) -> 699 | M20: Soldadura PVC x 1/4 GL | Q20: 0.0045 | R20: und | T20: 147850 | U20: =IF(T20="",0,ROUND((+Q20*T20*(1+S20)),0)) -> 665
B21: Limpiador PVC x 1/4 GL | F21: 0.0045 | G21: =IF(F21=0,"",VLOOKUP(B21,'LISTADO DE MATERIALES'!$B$6:$D$311,2,FALSE)) -> und | H21: 0.05 | I21: =IF(F21=0,"",VLOOKUP(B21,'LISTADO DE MATERIALES'!$B$6:$D$311,3,FALSE)) -> 71305 | J21: =IF(I21="",0,ROUND((+F21*I21*(1+H21)),0)) -> 337 | M21: Limpiador PVC x 1/4 GL | Q21: 0.0045 | R21: und | T21: 71305 | U21: =IF(T21="",0,ROUND((+Q21*T21*(1+S21)),0)) -> 321
G22: =IF(F22=0,"",VLOOKUP(B22,'LISTADO DE MATERIALES'!$B$6:$D$311,2,FALSE)) | I22: =IF(F22=0,"",VLOOKUP(B22,'LISTADO DE MATERIALES'!$B$6:$D$311,3,FALSE)) | J22: =IF(I22="",0,ROUND((+F22*I22*(1+H22)),0)) -> 0 | U22: =IF(T22="",0,ROUND((+Q22*T22*(1+S22)),0)) -> 0
G23: =IF(F23=0,"",VLOOKUP(B23,'LISTADO DE MATERIALES'!$B$6:$D$311,2,FALSE)) | I23: =IF(F23=0,"",VLOOKUP(B23,'LISTADO DE MATERIALES'!$B$6:$D$311,3,FALSE)) | J23: =IF(I23="",0,ROUND((+F23*I23*(1+H23)),0)) -> 0 | U23: =IF(T23="",0,ROUND((+Q23*T23*(1+S23)),0)) -> 0
G24: =IF(F24=0,"",VLOOKUP(B24,'LISTADO DE MATERIALES'!$B$6:$D$311,2,FALSE)) | I24: =IF(F24=0,"",VLOOKUP(B24,'LISTADO DE MATERIALES'!$B$6:$D$311,3,FALSE)) | J24: =IF(I24="",0,ROUND((+F24*I24*(1+H24)),0)) -> 0 | U24: =IF(T24="",0,ROUND((+Q24*T24*(1+S24)),0)) -> 0
B25: Subtotal Materiales : | J25: =SUM(J19:J24) -> 11508 | M25: Subtotal Materiales : | U25: =SUM(U19:U24) -> 11458
B27: Transporte | M27: Transporte
B28: DESCRIPCIÓN MATERIAL | G28: M3-Ton | H28: Km | I28: TARIFA | J28: VALOR PARCIAL | M28: DESCRIPCIÓN MATERIAL | R28: M3-Ton | S28: Km | T28: TARIFA | U28: VALOR PARCIAL
J29: =ROUND((I29*H29*G29),0) -> 0 | U29: =ROUND((T29*S29*R29),0) -> 0
J30: 0 | U30: 0
J31: 0 | U31: 0
J32: 0 | U32: 0
B33: Subtotal Transporte : | J33: =SUM(J29:J32) -> 0 | M33: Subtotal Transporte : | U33: =SUM(U29:U32) -> 0
B35: Mano de Obra | M35: Mano de Obra
B36: DESCRIPCIÓN | G36: VALOR INTEGRAL / DIA | H36: CANTIDAD | I36: RENDIMIENTO | J36: VALOR PARCIAL | M36: DESCRIPCIÓN | R36: VALOR INTEGRAL / DIA | S36: CANTIDAD | T36: RENDIMIENTO | U36: VALOR PARCIAL
B37: CUADRILLA INSTALACIONES SANITARIAS | G37: =IF(B37="","",VLOOKUP(B37,CUADRILLAS!$B$87:$C$101,2,FALSE)) -> 628854.93 | H37: 1 | I37: 500 | J37: =ROUND(+IF(I37=0,0,G37*H37/I37),0) -> 1258 | M37: CUADRILLA INSTALACIONES SANITARIAS | R37: 628854.93 | S37: 1 | T37: 600 | U37: =ROUND(+IF(T37=0,0,R37*S37/T37),0) -> 1048
G38: =IF(B38="","",VLOOKUP(B38,CUADRILLAS!$B$87:$C$101,2,FALSE)) | J38: =ROUND(+IF(I38=0,0,G38*H38/I38),0) -> 0 | U38: =ROUND(+IF(T38=0,0,R38*S38/T38),0) -> 0
G39: =IF(B39="","",VLOOKUP(B39,CUADRILLAS!$B$87:$C$101,2,FALSE)) | J39: =+IF(I39=0,0,G39*H39/I39) -> 0 | U39: =+IF(T39=0,0,R39*S39/T39) -> 0
G40: =IF(B40="","",VLOOKUP(B40,CUADRILLAS!$B$87:$C$101,2,FALSE)) | J40: =+IF(I40=0,0,G40*H40/I40) -> 0 | U40: =+IF(T40=0,0,R40*S40/T40) -> 0
B41: Subtotal Mano de Obra : | J41: =SUM(J37:J40) -> 1258 | M41: Subtotal Mano de Obra : | U41: =SUM(U37:U40) -> 1048
B43: Total Costo Directo Item : | J43: =+J41+J33+J15+J25 -> 12829 | M43: Total Costo Directo Item : | U43: =+U41+U33+U15+U25 -> 12558

Sheet 3.05
D1: ='PPTO HOJA'!A4 -> DEPARTAMENTO DE ANTIOQUIA | O1: DEPARTAMENTO DE ANTIOQUIA
D2: ='PPTO HOJA'!A5 -> MUNICIPIO DE ARBOLETES | O2: MUNICIPIO DE ARBOLETES
D3: ='PPTO HOJA'!A7 -> CONSTRUCCION DE OBRAS CIVILES COMPLEMENTARIAS PARA EL CORRECTO FUNCIONAMIENTO DEL PROYECTO DENOMINADO “PARQUE GEOLÓGICO, NATURAL, AMBIENTAL, CULTURAL Y TURÍSTICO, VOLCÁN DE LODO DE ARBOLETES”, QUE SE LLEVARÁ A CABO EN EL MUNICIPIO DE ARBOLETES-ANTIOQUIA | O3: CONSTRUCCION DE OBRAS CIVILES COMPLEMENTARIAS PARA EL CORRECTO FUNCIONAMIENTO DEL PROYECTO DENOMINADO “PARQUE GEOLÓGICO, NATURAL, AMBIENTAL, CULTURAL Y TURÍSTICO, VOLCÁN DE LODO DE ARBOLETES”, QUE SE LLEVARÁ A CABO EN EL MUNICIPIO DE ARBOLETES-ANTIOQUIA
D4: ANALISIS DE PRECIOS UNITARIOS | O4: ANALISIS DE PRECIOS UNITARIOS
A6: III | B6: ÍTEM | C6: =+'PPTO HOJA'!A30 -> 3.05 | E6: =+'PPTO HOJA'!B30 -> S/I Codo 90° PVC-P Ø 1 1/4" | I6: Unidad | J6: ='PPTO HOJA'!C30 -> und | L6: =A6 -> III | M6: ÍTEM | N6: =C6 -> 3.05 | P6: =E6 -> S/I Codo 90° PVC-P Ø 1 1/4" | T6: Unidad | U6: =J6 -> und
B7: . | M7: .
B8: DESCRIPCIÓN EQUIPO | G8: TIPO | H8: TARIFA/DIA | I8: RENDIMIENTO | J8: VALOR PARCIAL | M8: DESCRIPCIÓN EQUIPO | R8: TIPO | S8: TARIFA/DIA | T8: RENDIMIENTO | U8: VALOR PARCIAL
B9: HERRAMIENTAS MENORES | I9: 0.05 | J9: =ROUND(I9*J41,0) -> 63 | M9: HERRAMIENTAS MENORES | T9: 0.05 | U9: =ROUND(T9*U41,0) -> 48
G10: =IF(B10="","",VLOOKUP(B10,EQUIPOS!$B$7:$F$46,3,FALSE)) | H10: =IF(B10="","",VLOOKUP(B10,EQUIPOS!$B$7:$F$46,5,FALSE)) | J10: =IF(B10="",0,ROUND(H10/I10,0)) -> 0 | U10: =IF(M10="",0,ROUND(S10/T10,0)) -> 0
G11: =IF(B11="","",VLOOKUP(B11,EQUIPOS!$B$7:$F$46,3,FALSE)) | H11: =IF(B11="","",VLOOKUP(B11,EQUIPOS!$B$7:$F$46,5,FALSE)) | J11: =IF(B11="",0,ROUND(H11/I11,0)) -> 0 | U11: =IF(M11="",0,ROUND(S11/T11,0)) -> 0
G12: =IF(B12="","",VLOOKUP(B12,EQUIPOS!$B$7:$F$46,3,FALSE)) | H12: =IF(B12="","",VLOOKUP(B12,EQUIPOS!$B$7:$F$46,5,FALSE)) | J12: =IF(B12="",0,ROUND(H12/I12,0)) -> 0 | U12: =IF(M12="",0,ROUND(S12/T12,0)) -> 0
G13: =IF(B13="","",VLOOKUP(B13,EQUIPOS!$B$7:$F$46,3,FALSE)) | H13: =IF(B13="","",VLOOKUP(B13,EQUIPOS!$B$7:$F$46,5,FALSE)) | J13: =IF(B13="",0,ROUND(H13/I13,0)) -> 0 | U13: =IF(M13="",0,ROUND(S13/T13,0)) -> 0
G14: =IF(B14="","",VLOOKUP(B14,EQUIPOS!$B$7:$F$46,3,FALSE)) | H14: =IF(B14="","",VLOOKUP(B14,EQUIPOS!$B$7:$F$46,5,FALSE))
B15: Subtotal Equipo : | J15: =SUM(J9:J14) -> 63 | M15: Subtotal Equipo : | U15: =SUM(U9:U14) -> 48
B17: Materiales | M17: Materiales
B18: DESCRIPCIÓN MATERIAL | F18: CANTIDAD | G18: UNIDAD | H18: DESPERDICIO (%) | I18: VALOR UNITARIO | J18: VALOR PARCIAL | M18: DESCRIPCIÓN MATERIAL | Q18: CANTIDAD | R18: UNIDAD | S18: DESPERDICIO (%) | T18: VALOR UNITARIO | U18: VALOR PARCIAL
B19: Codo 90° PVC-P Ø 1 1/4" | F19: 1 | G19: =IF(F19=0,"",VLOOKUP(B19,'LISTADO DE MATERIALES'!$B$6:$D$311,2,FALSE)) -> und | I19: =IF(F19=0,"",VLOOKUP(B19,'LISTADO DE MATERIALES'!$B$6:$D$311,3,FALSE)) -> 5609.28 | J19: =IF(I19="",0,ROUND((+F19*I19*(1+H19)),0)) -> 5609 | M19: Codo 90° PVC-P Ø 1 1/4" | Q19: 1 | R19: und | T19: 5609.28 | U19: =IF(T19="",0,ROUND((+Q19*T19*(1+S19)),0)) -> 5609 | W19: 5184
B20: Soldadura PVC x 1/4 GL | F20: 0.0045 | G20: =IF(F20=0,"",VLOOKUP(B20,'LISTADO DE MATERIALES'!$B$6:$D$311,2,FALSE)) -> und | H20: 0.05 | I20: =IF(F20=0,"",VLOOKUP(B20,'LISTADO DE MATERIALES'!$B$6:$D$311,3,FALSE)) -> 147850 | J20: =IF(I20="",0,ROUND((+F20*I20*(1+H20)),0)) -> 699 | M20: Soldadura PVC x 1/4 GL | Q20: 0.0045 | R20: und | T20: 147850 | U20: =IF(T20="",0,ROUND((+Q20*T20*(1+S20)),0)) -> 665
B21: Limpiador PVC x 1/4 GL | F21: 0.0045 | G21: =IF(F21=0,"",VLOOKUP(B21,'LISTADO DE MATERIALES'!$B$6:$D$311,2,FALSE)) -> und | H21: 0.05 | I21: =IF(F21=0,"",VLOOKUP(B21,'LISTADO DE MATERIALES'!$B$6:$D$311,3,FALSE)) -> 71305 | J21: =IF(I21="",0,ROUND((+F21*I21*(1+H21)),0)) -> 337 | M21: Limpiador PVC x 1/4 GL | Q21: 0.0045 | R21: und | T21: 71305 | U21: =IF(T21="",0,ROUND((+Q21*T21*(1+S21)),0)) -> 321
G22: =IF(F22=0,"",VLOOKUP(B22,'LISTADO DE MATERIALES'!$B$6:$D$311,2,FALSE)) | I22: =IF(F22=0,"",VLOOKUP(B22,'LISTADO DE MATERIALES'!$B$6:$D$311,3,FALSE)) | J22: =IF(I22="",0,ROUND((+F22*I22*(1+H22)),0)) -> 0 | U22: =IF(T22="",0,ROUND((+Q22*T22*(1+S22)),0)) -> 0
G23: =IF(F23=0,"",VLOOKUP(B23,'LISTADO DE MATERIALES'!$B$6:$D$311,2,FALSE)) | I23: =IF(F23=0,"",VLOOKUP(B23,'LISTADO DE MATERIALES'!$B$6:$D$311,3,FALSE)) | J23: =IF(I23="",0,ROUND((+F23*I23*(1+H23)),0)) -> 0 | U23: =IF(T23="",0,ROUND((+Q23*T23*(1+S23)),0)) -> 0
G24: =IF(F24=0,"",VLOOKUP(B24,'LISTADO DE MATERIALES'!$B$6:$D$311,2,FALSE)) | I24: =IF(F24=0,"",VLOOKUP(B24,'LISTADO DE MATERIALES'!$B$6:$D$311,3,FALSE)) | J24: =IF(I24="",0,ROUND((+F24*I24*(1+H24)),0)) -> 0 | U24: =IF(T24="",0,ROUND((+Q24*T24*(1+S24)),0)) -> 0
B25: Subtotal Materiales : | J25: =SUM(J19:J24) -> 6645 | M25: Subtotal Materiales : | U25: =SUM(U19:U24) -> 6595
B27: Transporte | M27: Transporte
B28: DESCRIPCIÓN MATERIAL | G28: M3-Ton | H28: Km | I28: TARIFA | J28: VALOR PARCIAL | M28: DESCRIPCIÓN MATERIAL | R28: M3-Ton | S28: Km | T28: TARIFA | U28: VALOR PARCIAL
J29: =ROUND((I29*H29*G29),0) -> 0 | U29: =ROUND((T29*S29*R29),0) -> 0
J30: 0 | U30: 0
J31: 0 | U31: 0
J32: 0 | U32: 0
B33: Subtotal Transporte : | J33: =SUM(J29:J32) -> 0 | M33: Subtotal Transporte : | U33: =SUM(U29:U32) -> 0
B35: Mano de Obra | M35: Mano de Obra
B36: DESCRIPCIÓN | G36: VALOR INTEGRAL / DIA | H36: CANTIDAD | I36: RENDIMIENTO | J36: VALOR PARCIAL | M36: DESCRIPCIÓN | R36: VALOR INTEGRAL / DIA | S36: CANTIDAD | T36: RENDIMIENTO | U36: VALOR PARCIAL
B37: CUADRILLA INSTALACIONES SANITARIAS | G37: =IF(B37="","",VLOOKUP(B37,CUADRILLAS!$B$87:$C$101,2,FALSE)) -> 628854.93 | H37: 1 | I37: 500 | J37: =ROUND(+IF(I37=0,0,G37*H37/I37),0) -> 1258 | M37: CUADRILLA INSTALACIONES SANITARIAS | R37: 628854.93 | S37: 1 | T37: 650 | U37: =ROUND(+IF(T37=0,0,R37*S37/T37),0) -> 967
G38: =IF(B38="","",VLOOKUP(B38,CUADRILLAS!$B$87:$C$101,2,FALSE)) | J38: =ROUND(+IF(I38=0,0,G38*H38/I38),0) -> 0 | U38: =ROUND(+IF(T38=0,0,R38*S38/T38),0) -> 0
G39: =IF(B39="","",VLOOKUP(B39,CUADRILLAS!$B$87:$C$101,2,FALSE)) | J39: =+IF(I39=0,0,G39*H39/I39) -> 0 | U39: =+IF(T39=0,0,R39*S39/T39) -> 0
G40: =IF(B40="","",VLOOKUP(B40,CUADRILLAS!$B$87:$C$101,2,FALSE)) | J40: =+IF(I40=0,0,G40*H40/I40) -> 0 | U40: =+IF(T40=0,0,R40*S40/T40) -> 0
B41: Subtotal Mano de Obra : | J41: =SUM(J37:J40) -> 1258 | M41: Subtotal Mano de Obra : | U41: =SUM(U37:U40) -> 967
B43: Total Costo Directo Item : | J43: =+J41+J33+J15+J25 -> 7966 | M43: Total Costo Directo Item : | U43: =+U41+U33+U15+U25 -> 7610

Sheet 3.06
D1: ='PPTO HOJA'!A4 -> DEPARTAMENTO DE ANTIOQUIA | O1: DEPARTAMENTO DE ANTIOQUIA
D2: ='PPTO HOJA'!A5 -> MUNICIPIO DE ARBOLETES | O2: MUNICIPIO DE ARBOLETES
D3: ='PPTO HOJA'!A7 -> CONSTRUCCION DE OBRAS CIVILES COMPLEMENTARIAS PARA EL CORRECTO FUNCIONAMIENTO DEL PROYECTO DENOMINADO “PARQUE GEOLÓGICO, NATURAL, AMBIENTAL, CULTURAL Y TURÍSTICO, VOLCÁN DE LODO DE ARBOLETES”, QUE SE LLEVARÁ A CABO EN EL MUNICIPIO DE ARBOLETES-ANTIOQUIA | O3: CONSTRUCCION DE OBRAS CIVILES COMPLEMENTARIAS PARA EL CORRECTO FUNCIONAMIENTO DEL PROYECTO DENOMINADO “PARQUE GEOLÓGICO, NATURAL, AMBIENTAL, CULTURAL Y TURÍSTICO, VOLCÁN DE LODO DE ARBOLETES”, QUE SE LLEVARÁ A CABO EN EL MUNICIPIO DE ARBOLETES-ANTIOQUIA
D4: ANALISIS DE PRECIOS UNITARIOS | O4: ANALISIS DE PRECIOS UNITARIOS
A6: III | B6: ÍTEM | C6: =+'PPTO HOJA'!A31 -> 3.06 | E6: =+'PPTO HOJA'!B31 -> S/I Codo 90° PVC-P Ø 3/4" | I6: Unidad | J6: ='PPTO HOJA'!C31 -> und | L6: =A6 -> III | M6: ÍTEM | N6: =C6 -> 3.06 | P6: =E6 -> S/I Codo 90° PVC-P Ø 3/4" | T6: Unidad | U6: =J6 -> und
B7: . | M7: .
B8: DESCRIPCIÓN EQUIPO | G8: TIPO | H8: TARIFA/DIA | I8: RENDIMIENTO | J8: VALOR PARCIAL | M8: DESCRIPCIÓN EQUIPO | R8: TIPO | S8: TARIFA/DIA | T8: RENDIMIENTO | U8: VALOR PARCIAL
B9: HERRAMIENTAS MENORES | I9: 0.05 | J9: =ROUND(I9*J41,0) -> 63 | M9: HERRAMIENTAS MENORES | T9: 0.05 | U9: =ROUND(T9*U41,0) -> 45
G10: =IF(B10="","",VLOOKUP(B10,EQUIPOS!$B$7:$F$46,3,FALSE)) | H10: =IF(B10="","",VLOOKUP(B10,EQUIPOS!$B$7:$F$46,5,FALSE)) | J10: =IF(B10="",0,ROUND(H10/I10,0)) -> 0 | U10: =IF(M10="",0,ROUND(S10/T10,0)) -> 0
G11: =IF(B11="","",VLOOKUP(B11,EQUIPOS!$B$7:$F$46,3,FALSE)) | H11: =IF(B11="","",VLOOKUP(B11,EQUIPOS!$B$7:$F$46,5,FALSE)) | J11: =IF(B11="",0,ROUND(H11/I11,0)) -> 0 | U11: =IF(M11="",0,ROUND(S11/T11,0)) -> 0
G12: =IF(B12="","",VLOOKUP(B12,EQUIPOS!$B$7:$F$46,3,FALSE)) | H12: =IF(B12="","",VLOOKUP(B12,EQUIPOS!$B$7:$F$46,5,FALSE)) | J12: =IF(B12="",0,ROUND(H12/I12,0)) -> 0 | U12: =IF(M12="",0,ROUND(S12/T12,0)) -> 0
G13: =IF(B13="","",VLOOKUP(B13,EQUIPOS!$B$7:$F$46,3,FALSE)) | H13: =IF(B13="","",VLOOKUP(B13,EQUIPOS!$B$7:$F$46,5,FALSE)) | J13: =IF(B13="",0,ROUND(H13/I13,0)) -> 0 | U13: =IF(M13="",0,ROUND(S13/T13,0)) -> 0
G14: =IF(B14="","",VLOOKUP(B14,EQUIPOS!$B$7:$F$46,3,FALSE)) | H14: =IF(B14="","",VLOOKUP(B14,EQUIPOS!$B$7:$F$46,5,FALSE))
B15: Subtotal Equipo : | J15: =SUM(J9:J14) -> 63 | M15: Subtotal Equipo : | U15: =SUM(U9:U14) -> 45
B17: Materiales | M17: Materiales
B18: DESCRIPCIÓN MATERIAL | F18: CANTIDAD | G18: UNIDAD | H18: DESPERDICIO (%) | I18: VALOR UNITARIO | J18: VALOR PARCIAL | M18: DESCRIPCIÓN MATERIAL | Q18: CANTIDAD | R18: UNIDAD | S18: DESPERDICIO (%) | T18: VALOR UNITARIO | U18: VALOR PARCIAL
B19: Codo 90° PVC-P Ø 3/4" | F19: 1 | G19: =IF(F19=0,"",VLOOKUP(B19,'LISTADO DE MATERIALES'!$B$6:$D$311,2,FALSE)) -> und | I19: =IF(F19=0,"",VLOOKUP(B19,'LISTADO DE MATERIALES'!$B$6:$D$311,3,FALSE)) -> 1593.46 | J19: =IF(I19="",0,ROUND((+F19*I19*(1+H19)),0)) -> 1593 | M19: Codo 90° PVC-P Ø 3/4" | Q19: 1 | R19: und | T19: 1593.46 | U19: =IF(T19="",0,ROUND((+Q19*T19*(1+S19)),0)) -> 1593 | W19: 1138
B20: Soldadura PVC x 1/4 GL | F20: 0.0042 | G20: =IF(F20=0,"",VLOOKUP(B20,'LISTADO DE MATERIALES'!$B$6:$D$311,2,FALSE)) -> und | H20: 0.05 | I20: =IF(F20=0,"",VLOOKUP(B20,'LISTADO DE MATERIALES'!$B$6:$D$311,3,FALSE)) -> 147850 | J20: =IF(I20="",0,ROUND((+F20*I20*(1+H20)),0)) -> 652 | M20: Soldadura PVC x 1/4 GL | Q20: 0.0042 | R20: und | T20: 147850 | U20: =IF(T20="",0,ROUND((+Q20*T20*(1+S20)),0)) -> 621
B21: Limpiador PVC x 1/4 GL | F21: 0.0042 | G21: =IF(F21=0,"",VLOOKUP(B21,'LISTADO DE MATERIALES'!$B$6:$D$311,2,FALSE)) -> und | H21: 0.05 | I21: =IF(F21=0,"",VLOOKUP(B21,'LISTADO DE MATERIALES'!$B$6:$D$311,3,FALSE)) -> 71305 | J21: =IF(I21="",0,ROUND((+F21*I21*(1+H21)),0)) -> 314 | M21: Limpiador PVC x 1/4 GL | Q21: 0.0042 | R21: und | T21: 71305 | U21: =IF(T21="",0,ROUND((+Q21*T21*(1+S21)),0)) -> 299
G22: =IF(F22=0,"",VLOOKUP(B22,'LISTADO DE MATERIALES'!$B$6:$D$311,2,FALSE)) | I22: =IF(F22=0,"",VLOOKUP(B22,'LISTADO DE MATERIALES'!$B$6:$D$311,3,FALSE)) | J22: =IF(I22="",0,ROUND((+F22*I22*(1+H22)),0)) -> 0 | U22: =IF(T22="",0,ROUND((+Q22*T22*(1+S22)),0)) -> 0
G23: =IF(F23=0,"",VLOOKUP(B23,'LISTADO DE MATERIALES'!$B$6:$D$311,2,FALSE)) | I23: =IF(F23=0,"",VLOOKUP(B23,'LISTADO DE MATERIALES'!$B$6:$D$311,3,FALSE)) | J23: =IF(I23="",0,ROUND((+F23*I23*(1+H23)),0)) -> 0 | U23: =IF(T23="",0,ROUND((+Q23*T23*(1+S23)),0)) -> 0
G24: =IF(F24=0,"",VLOOKUP(B24,'LISTADO DE MATERIALES'!$B$6:$D$311,2,FALSE)) | I24: =IF(F24=0,"",VLOOKUP(B24,'LISTADO DE MATERIALES'!$B$6:$D$311,3,FALSE)) | J24: =IF(I24="",0,ROUND((+F24*I24*(1+H24)),0)) -> 0 | U24: =IF(T24="",0,ROUND((+Q24*T24*(1+S24)),0)) -> 0
B25: Subtotal Materiales : | J25: =SUM(J19:J24) -> 2559 | M25: Subtotal Materiales : | U25: =SUM(U19:U24) -> 2513
B27: Transporte | M27: Transporte
B28: DESCRIPCIÓN MATERIAL | G28: M3-Ton | H28: Km | I28: TARIFA | J28: VALOR PARCIAL | M28: DESCRIPCIÓN MATERIAL | R28: M3-Ton | S28: Km | T28: TARIFA | U28: VALOR PARCIAL
J29: =ROUND((I29*H29*G29),0) -> 0 | U29: =ROUND((T29*S29*R29),0) -> 0
J30: 0 | U30: 0
J31: 0 | U31: 0
J32: 0 | U32: 0
B33: Subtotal Transporte : | J33: =SUM(J29:J32) -> 0 | M33: Subtotal Transporte : | U33: =SUM(U29:U32) -> 0
B35: Mano de Obra | M35: Mano de Obra
B36: DESCRIPCIÓN | G36: VALOR INTEGRAL / DIA | H36: CANTIDAD | I36: RENDIMIENTO | J36: VALOR PARCIAL | M36: DESCRIPCIÓN | R36: VALOR INTEGRAL / DIA | S36: CANTIDAD | T36: RENDIMIENTO | U36: VALOR PARCIAL
B37: CUADRILLA INSTALACIONES SANITARIAS | G37: =IF(B37="","",VLOOKUP(B37,CUADRILLAS!$B$87:$C$101,2,FALSE)) -> 628854.93 | H37: 1 | I37: 500 | J37: =ROUND(+IF(I37=0,0,G37*H37/I37),0) -> 1258 | M37: CUADRILLA INSTALACIONES SANITARIAS | R37: 628854.93 | S37: 1 | T37: 700 | U37: =ROUND(+IF(T37=0,0,R37*S37/T37),0) -> 898
G38: =IF(B38="","",VLOOKUP(B38,CUADRILLAS!$B$87:$C$101,2,FALSE)) | J38: =ROUND(+IF(I38=0,0,G38*H38/I38),0) -> 0 | U38: =ROUND(+IF(T38=0,0,R38*S38/T38),0) -> 0
G39: =IF(B39="","",VLOOKUP(B39,CUADRILLAS!$B$87:$C$101,2,FALSE)) | J39: =+IF(I39=0,0,G39*H39/I39) -> 0 | U39: =+IF(T39=0,0,R39*S39/T39) -> 0
G40: =IF(B40="","",VLOOKUP(B40,CUADRILLAS!$B$87:$C$101,2,FALSE)) | J40: =+IF(I40=0,0,G40*H40/I40) -> 0 | U40: =+IF(T40=0,0,R40*S40/T40) -> 0
B41: Subtotal Mano de Obra : | J41: =SUM(J37:J40) -> 1258 | M41: Subtotal Mano de Obra : | U41: =SUM(U37:U40) -> 898
B43: Total Costo Directo Item : | J43: =+J41+J33+J15+J25 -> 3880 | M43: Total Costo Directo Item : | U43: =+U41+U33+U15+U25 -> 3456

Sheet 4.01
D1: ='PPTO HOJA'!A4 -> DEPARTAMENTO DE ANTIOQUIA | O1: DEPARTAMENTO DE ANTIOQUIA
D2: ='PPTO HOJA'!A5 -> MUNICIPIO DE ARBOLETES | O2: MUNICIPIO DE ARBOLETES
D3: ='PPTO HOJA'!A7 -> CONSTRUCCION DE OBRAS CIVILES COMPLEMENTARIAS PARA EL CORRECTO FUNCIONAMIENTO DEL PROYECTO DENOMINADO “PARQUE GEOLÓGICO, NATURAL, AMBIENTAL, CULTURAL Y TURÍSTICO, VOLCÁN DE LODO DE ARBOLETES”, QUE SE LLEVARÁ A CABO EN EL MUNICIPIO DE ARBOLETES-ANTIOQUIA | O3: CONSTRUCCION DE OBRAS CIVILES COMPLEMENTARIAS PARA EL CORRECTO FUNCIONAMIENTO DEL PROYECTO DENOMINADO “PARQUE GEOLÓGICO, NATURAL, AMBIENTAL, CULTURAL Y TURÍSTICO, VOLCÁN DE LODO DE ARBOLETES”, QUE SE LLEVARÁ A CABO EN EL MUNICIPIO DE ARBOLETES-ANTIOQUIA
D4: ANALISIS DE PRECIOS UNITARIOS | O4: ANALISIS DE PRECIOS UNITARIOS
A6: IV | B6: ÍTEM | C6: =+'PPTO HOJA'!A33 -> 4.01 | E6: ='PPTO HOJA'!B33 -> S/I Tubería Sanitaria Ø 4" PVC-S | I6: Unidad | J6: ='PPTO HOJA'!C33 -> m | L6: =A6 -> IV | M6: ÍTEM | N6: =C6 -> 4.01 | P6: =E6 -> S/I Tubería Sanitaria Ø 4" PVC-S | T6: Unidad | U6: =J6 -> m
B7: Equipo | M7: Equipo
B8: DESCRIPCIÓN EQUIPO | G8: TIPO | H8: TARIFA/DIA | I8: RENDIMIENTO | J8: VALOR PARCIAL | M8: DESCRIPCIÓN EQUIPO | R8: TIPO | S8: TARIFA/DIA | T8: RENDIMIENTO | U8: VALOR PARCIAL
B9: HERRAMIENTAS MENORES | I9: 0.05 | J9: =ROUND(I9*J41,0) -> 349 | M9: HERRAMIENTAS MENORES | T9: 0.05 | U9: =ROUND(T9*U41,0) -> 314
G10: =IF(B10="","",VLOOKUP(B10,EQUIPOS!$B$7:$F$46,3,FALSE)) | H10: =IF(B10="","",VLOOKUP(B10,EQUIPOS!$B$7:$F$46,5,FALSE)) | J10: =IF(B10="",0,ROUND(H10/I10,0)) -> 0 | U10: =IF(M10="",0,ROUND(S10/T10,0)) -> 0
G11: =IF(B11="","",VLOOKUP(B11,EQUIPOS!$B$7:$F$46,3,FALSE)) | H11: =IF(B11="","",VLOOKUP(B11,EQUIPOS!$B$7:$F$46,5,FALSE)) | J11: =IF(B11="",0,ROUND(H11/I11,0)) -> 0 | U11: =IF(M11="",0,ROUND(S11/T11,0)) -> 0
G12: =IF(B12="","",VLOOKUP(B12,EQUIPOS!$B$7:$F$46,3,FALSE)) | H12: =IF(B12="","",VLOOKUP(B12,EQUIPOS!$B$7:$F$46,5,FALSE)) | J12: =IF(B12="",0,ROUND(H12/I12,0)) -> 0 | U12: =IF(M12="",0,ROUND(S12/T12,0)) -> 0
G13: =IF(B13="","",VLOOKUP(B13,EQUIPOS!$B$7:$F$46,3,FALSE)) | H13: =IF(B13="","",VLOOKUP(B13,EQUIPOS!$B$7:$F$46,5,FALSE)) | J13: =IF(B13="",0,ROUND(H13/I13,0)) -> 0 | U13: =IF(M13="",0,ROUND(S13/T13,0)) -> 0
G14: =IF(B14="","",VLOOKUP(B14,EQUIPOS!$B$7:$F$46,3,FALSE)) | H14: =IF(B14="","",VLOOKUP(B14,EQUIPOS!$B$7:$F$46,5,FALSE))
B15: Subtotal Equipo : | J15: =SUM(J9:J14) -> 349 | M15: Subtotal Equipo : | U15: =SUM(U9:U14) -> 314
B17: Materiales | M17: Materiales
B18: DESCRIPCIÓN MATERIAL | F18: CANTIDAD | G18: UNIDAD | H18: DESPERDICIO (%) | I18: VALOR UNITARIO | J18: VALOR PARCIAL | M18: DESCRIPCIÓN MATERIAL | Q18: CANTIDAD | R18: UNIDAD | S18: DESPERDICIO (%) | T18: VALOR UNITARIO | U18: VALOR PARCIAL
B19: Tubería Sanitaria Ø 4" PVC-S | F19: 1 | G19: =IF(F19=0,"",VLOOKUP(B19,'LISTADO DE MATERIALES'!$B$6:$D$311,2,FALSE)) -> m | H19: 0.05 | I19: =IF(F19=0,"",VLOOKUP(B19,'LISTADO DE MATERIALES'!$B$6:$D$311,3,FALSE)) -> 37800.15 | J19: =IF(I19="",0,ROUND((+F19*I19*(1+H19)),0)) -> 39690 | M19: Tubería Sanitaria Ø 4" PVC-S | Q19: 1 | R19: m | S19: 0.05 | T19: 37800.15 | U19: =IF(T19="",0,ROUND((+Q19*T19*(1+S19)),0)) -> 39690 | W19: =209648/6 -> 34941.333
B20: Soldadura PVC x 1/4 GL | F20: 0.015 | G20: =IF(F20=0,"",VLOOKUP(B20,'LISTADO DE MATERIALES'!$B$6:$D$311,2,FALSE)) -> und | H20: 0.05 | I20: =IF(F20=0,"",VLOOKUP(B20,'LISTADO DE MATERIALES'!$B$6:$D$311,3,FALSE)) -> 147850 | J20: =IF(I20="",0,ROUND((+F20*I20*(1+H20)),0)) -> 2329 | M20: Soldadura PVC x 1/4 GL | Q20: 0.015 | R20: und | T20: 147850 | U20: =IF(T20="",0,ROUND((+Q20*T20*(1+S20)),0)) -> 2218
B21: Limpiador PVC x 1/4 GL | F21: =F20 -> 0.015 | G21: =IF(F21=0,"",VLOOKUP(B21,'LISTADO DE MATERIALES'!$B$6:$D$311,2,FALSE)) -> und | H21: 0.05 | I21: =IF(F21=0,"",VLOOKUP(B21,'LISTADO DE MATERIALES'!$B$6:$D$311,3,FALSE)) -> 71305 | J21: =IF(I21="",0,ROUND((+F21*I21*(1+H21)),0)) -> 1123 | M21: Limpiador PVC x 1/4 GL | Q21: =Q20 -> 0.015 | R21: und | T21: 71305 | U21: =IF(T21="",0,ROUND((+Q21*T21*(1+S21)),0)) -> 1070
G22: =IF(F22=0,"",VLOOKUP(B22,'LISTADO DE MATERIALES'!$B$6:$D$311,2,FALSE)) | I22: =IF(F22=0,"",VLOOKUP(B22,'LISTADO DE MATERIALES'!$B$6:$D$311,3,FALSE)) | J22: =IF(I22="",0,ROUND((+F22*I22*(1+H22)),0)) -> 0 | U22: =IF(T22="",0,ROUND((+Q22*T22*(1+S22)),0)) -> 0
G23: =IF(F23=0,"",VLOOKUP(B23,'LISTADO DE MATERIALES'!$B$6:$D$311,2,FALSE)) | I23: =IF(F23=0,"",VLOOKUP(B23,'LISTADO DE MATERIALES'!$B$6:$D$311,3,FALSE)) | J23: =IF(I23="",0,ROUND((+F23*I23*(1+H23)),0)) -> 0 | U23: =IF(T23="",0,ROUND((+Q23*T23*(1+S23)),0)) -> 0
G24: =IF(F24=0,"",VLOOKUP(B24,'LISTADO DE MATERIALES'!$B$6:$D$311,2,FALSE)) | I24: =IF(F24=0,"",VLOOKUP(B24,'LISTADO DE MATERIALES'!$B$6:$D$311,3,FALSE)) | J24: =IF(I24="",0,ROUND((+F24*I24*(1+H24)),0)) -> 0 | U24: =IF(T24="",0,ROUND((+Q24*T24*(1+S24)),0)) -> 0
B25: Subtotal Materiales : | J25: =SUM(J19:J24) -> 43142 | M25: Subtotal Materiales : | U25: =SUM(U19:U24) -> 42978
B27: Transporte | M27: Transporte
B28: DESCRIPCIÓN MATERIAL | G28: M3-Ton | H28: Km | I28: TARIFA | J28: VALOR PARCIAL | M28: DESCRIPCIÓN MATERIAL | R28: M3-Ton | S28: Km | T28: TARIFA | U28: VALOR PARCIAL
J29: =ROUND((I29*H29*G29),0) -> 0 | U29: =ROUND((T29*S29*R29),0) -> 0
J30: 0 | U30: 0
J31: 0 | U31: 0
J32: 0 | U32: 0
B33: Subtotal Transporte : | J33: =SUM(J29:J32) -> 0 | M33: Subtotal Transporte : | U33: =SUM(U29:U32) -> 0
B35: Mano de Obra | M35: Mano de Obra
B36: DESCRIPCIÓN | G36: VALOR INTEGRAL / DIA | H36: CANTIDAD | I36: RENDIMIENTO | J36: VALOR PARCIAL | M36: DESCRIPCIÓN | R36: VALOR INTEGRAL / DIA | S36: CANTIDAD | T36: RENDIMIENTO | U36: VALOR PARCIAL
B37: CUADRILLA INSTALACIONES SANITARIAS | G37: =IF(B37="","",VLOOKUP(B37,CUADRILLAS!$B$87:$C$101,2,FALSE)) -> 628854.93 | H37: 1 | I37: 90 | J37: =ROUND(+IF(I37=0,0,G37*H37/I37),0) -> 6987 | M37: CUADRILLA INSTALACIONES SANITARIAS | R37: 628854.93 | S37: 1 | T37: 100 | U37: =ROUND(+IF(T37=0,0,R37*S37/T37),0) -> 6289
G38: =IF(B38="","",VLOOKUP(B38,CUADRILLAS!$B$87:$C$101,2,FALSE)) | J38: =ROUND(+IF(I38=0,0,G38*H38/I38),0) -> 0 | U38: =ROUND(+IF(T38=0,0,R38*S38/T38),0) -> 0
G39: =IF(B39="","",VLOOKUP(B39,CUADRILLAS!$B$87:$C$101,2,FALSE)) | J39: =+IF(I39=0,0,G39*H39/I39) -> 0 | U39: =+IF(T39=0,0,R39*S39/T39) -> 0
G40: =IF(B40="","",VLOOKUP(B40,CUADRILLAS!$B$87:$C$101,2,FALSE)) | J40: =+IF(I40=0,0,G40*H40/I40) -> 0 | U40: =+IF(T40=0,0,R40*S40/T40) -> 0
B41: Subtotal Mano de Obra : | J41: =SUM(J37:J40) -> 6987 | M41: Subtotal Mano de Obra : | U41: =SUM(U37:U40) -> 6289
B43: Total Costo Directo Item : | J43: =+J41+J33+J15+J25 -> 50478 | M43: Total Costo Directo Item : | U43: =+U41+U33+U15+U25 -> 49581

Sheet 4.02
D1: ='PPTO HOJA'!A4 -> DEPARTAMENTO DE ANTIOQUIA | O1: DEPARTAMENTO DE ANTIOQUIA
D2: ='PPTO HOJA'!A5 -> MUNICIPIO DE ARBOLETES | O2: MUNICIPIO DE ARBOLETES
D3: ='PPTO HOJA'!A7 -> CONSTRUCCION DE OBRAS CIVILES COMPLEMENTARIAS PARA EL CORRECTO FUNCIONAMIENTO DEL PROYECTO DENOMINADO “PARQUE GEOLÓGICO, NATURAL, AMBIENTAL, CULTURAL Y TURÍSTICO, VOLCÁN DE LODO DE ARBOLETES”, QUE SE LLEVARÁ A CABO EN EL MUNICIPIO DE ARBOLETES-ANTIOQUIA | O3: CONSTRUCCION DE OBRAS CIVILES COMPLEMENTARIAS PARA EL CORRECTO FUNCIONAMIENTO DEL PROYECTO DENOMINADO “PARQUE GEOLÓGICO, NATURAL, AMBIENTAL, CULTURAL Y TURÍSTICO, VOLCÁN DE LODO DE ARBOLETES”, QUE SE LLEVARÁ A CABO EN EL MUNICIPIO DE ARBOLETES-ANTIOQUIA
D4: ANALISIS DE PRECIOS UNITARIOS | O4: ANALISIS DE PRECIOS UNITARIOS
A6: IV | B6: ÍTEM | C6: =+'PPTO HOJA'!A34 -> 4.02 | E6: ='PPTO HOJA'!B34 -> S/I Tubería Sanitaria Corrugada Ø 160mm PVC-S8 | I6: Unidad | J6: ='PPTO HOJA'!C34 -> m | L6: =A6 -> IV | M6: ÍTEM | N6: =C6 -> 4.02 | P6: =E6 -> S/I Tubería Sanitaria Corrugada Ø 160mm PVC-S8 | T6: Unidad | U6: =J6 -> m
B7: Equipo | M7: Equipo
B8: DESCRIPCIÓN EQUIPO | G8: TIPO | H8: TARIFA/DIA | I8: RENDIMIENTO | J8: VALOR PARCIAL | M8: DESCRIPCIÓN EQUIPO | R8: TIPO | S8: TARIFA/DIA | T8: RENDIMIENTO | U8: VALOR PARCIAL
B9: HERRAMIENTAS MENORES | I9: 0.05 | J9: =ROUND(I9*J41,0) -> 629 | M9: HERRAMIENTAS MENORES | T9: 0.05 | U9: =ROUND(T9*U41,0) -> 524
G10: =IF(B10="","",VLOOKUP(B10,EQUIPOS!$B$7:$F$46,3,FALSE)) | H10: =IF(B10="","",VLOOKUP(B10,EQUIPOS!$B$7:$F$46,5,FALSE)) | J10: =IF(B10="",0,ROUND(H10/I10,0)) -> 0 | U10: =IF(M10="",0,ROUND(S10/T10,0)) -> 0
G11: =IF(B11="","",VLOOKUP(B11,EQUIPOS!$B$7:$F$46,3,FALSE)) | H11: =IF(B11="","",VLOOKUP(B11,EQUIPOS!$B$7:$F$46,5,FALSE)) | J11: =IF(B11="",0,ROUND(H11/I11,0)) -> 0 | U11: =IF(M11="",0,ROUND(S11/T11,0)) -> 0
G12: =IF(B12="","",VLOOKUP(B12,EQUIPOS!$B$7:$F$46,3,FALSE)) | H12: =IF(B12="","",VLOOKUP(B12,EQUIPOS!$B$7:$F$46,5,FALSE)) | J12: =IF(B12="",0,ROUND(H12/I12,0)) -> 0 | U12: =IF(M12="",0,ROUND(S12/T12,0)) -> 0
G13: =IF(B13="","",VLOOKUP(B13,EQUIPOS!$B$7:$F$46,3,FALSE)) | H13: =IF(B13="","",VLOOKUP(B13,EQUIPOS!$B$7:$F$46,5,FALSE)) | J13: =IF(B13="",0,ROUND(H13/I13,0)) -> 0 | U13: =IF(M13="",0,ROUND(S13/T13,0)) -> 0
G14: =IF(B14="","",VLOOKUP(B14,EQUIPOS!$B$7:$F$46,3,FALSE)) | H14: =IF(B14="","",VLOOKUP(B14,EQUIPOS!$B$7:$F$46,5,FALSE))
B15: Subtotal Equipo : | J15: =SUM(J9:J14) -> 629 | M15: Subtotal Equipo : | U15: =SUM(U9:U14) -> 524
B17: Materiales | M17: Materiales
B18: DESCRIPCIÓN MATERIAL | F18: CANTIDAD | G18: UNIDAD | H18: DESPERDICIO (%) | I18: VALOR UNITARIO | J18: VALOR PARCIAL | M18: DESCRIPCIÓN MATERIAL | Q18: CANTIDAD | R18: UNIDAD | S18: DESPERDICIO (%) | T18: VALOR UNITARIO | U18: VALOR PARCIAL
B19: Tubería Sanitaria Corrugada Ø 160mm PVC-S8 | F19: 1 | G19: =IF(F19=0,"",VLOOKUP(B19,'LISTADO DE MATERIALES'!$B$6:$D$311,2,FALSE)) -> m | H19: 0.05 | I19: =IF(F19=0,"",VLOOKUP(B19,'LISTADO DE MATERIALES'!$B$6:$D$311,3,FALSE)) -> 50773 | J19: =IF(I19="",0,ROUND((+F19*I19*(1+H19)),0)) -> 53312 | M19: Tubería Sanitaria Corrugada Ø 160mm PVC-S8 | Q19: 1 | R19: m | S19: 0.05 | T19: 50773 | U19: =IF(T19="",0,ROUND((+Q19*T19*(1+S19)),0)) -> 53312 | W19: =281608/6 -> 46934.667
B20: Lubricante x 500 gr | F20: 0.1 | G20: =IF(F20=0,"",VLOOKUP(B20,'LISTADO DE MATERIALES'!$B$6:$D$311,2,FALSE)) -> und | H20: 0.05 | I20: =IF(F20=0,"",VLOOKUP(B20,'LISTADO DE MATERIALES'!$B$6:$D$311,3,FALSE)) -> 33517 | J20: =IF(I20="",0,ROUND((+F20*I20*(1+H20)),0)) -> 3519 | M20: Lubricante x 500 gr | Q20: 0.1 | R20: und | T20: 33517 | U20: =IF(T20="",0,ROUND((+Q20*T20*(1+S20)),0)) -> 3352 | W20: 30983
G21: =IF(F21=0,"",VLOOKUP(B21,'LISTADO DE MATERIALES'!$B$6:$D$311,2,FALSE)) | I21: =IF(F21=0,"",VLOOKUP(B21,'LISTADO DE MATERIALES'!$B$6:$D$311,3,FALSE)) | J21: =IF(I21="",0,ROUND((+F21*I21*(1+H21)),0)) -> 0 | U21: =IF(T21="",0,ROUND((+Q21*T21*(1+S21)),0)) -> 0
G22: =IF(F22=0,"",VLOOKUP(B22,'LISTADO DE MATERIALES'!$B$6:$D$311,2,FALSE)) | I22: =IF(F22=0,"",VLOOKUP(B22,'LISTADO DE MATERIALES'!$B$6:$D$311,3,FALSE)) | J22: =IF(I22="",0,ROUND((+F22*I22*(1+H22)),0)) -> 0 | U22: =IF(T22="",0,ROUND((+Q22*T22*(1+S22)),0)) -> 0
G23: =IF(F23=0,"",VLOOKUP(B23,'LISTADO DE MATERIALES'!$B$6:$D$311,2,FALSE)) | I23: =IF(F23=0,"",VLOOKUP(B23,'LISTADO DE MATERIALES'!$B$6:$D$311,3,FALSE)) | J23: =IF(I23="",0,ROUND((+F23*I23*(1+H23)),0)) -> 0 | U23: =IF(T23="",0,ROUND((+Q23*T23*(1+S23)),0)) -> 0
G24: =IF(F24=0,"",VLOOKUP(B24,'LISTADO DE MATERIALES'!$B$6:$D$311,2,FALSE)) | I24: =IF(F24=0,"",VLOOKUP(B24,'LISTADO DE MATERIALES'!$B$6:$D$311,3,FALSE)) | J24: =IF(I24="",0,ROUND((+F24*I24*(1+H24)),0)) -> 0 | U24: =IF(T24="",0,ROUND((+Q24*T24*(1+S24)),0)) -> 0
B25: Subtotal Materiales : | J25: =SUM(J19:J24) -> 56831 | M25: Subtotal Materiales : | U25: =SUM(U19:U24) -> 56664
B27: Transporte | M27: Transporte
B28: DESCRIPCIÓN MATERIAL | G28: M3-Ton | H28: Km | I28: TARIFA | J28: VALOR PARCIAL | M28: DESCRIPCIÓN MATERIAL | R28: M3-Ton | S28: Km | T28: TARIFA | U28: VALOR PARCIAL
J29: =ROUND((I29*H29*G29),0) -> 0 | U29: =ROUND((T29*S29*R29),0) -> 0
J30: 0 | U30: 0
J31: 0 | U31: 0
J32: 0 | U32: 0
B33: Subtotal Transporte : | J33: =SUM(J29:J32) -> 0 | M33: Subtotal Transporte : | U33: =SUM(U29:U32) -> 0
B35: Mano de Obra | M35: Mano de Obra
B36: DESCRIPCIÓN | G36: VALOR INTEGRAL / DIA | H36: CANTIDAD | I36: RENDIMIENTO | J36: VALOR PARCIAL | M36: DESCRIPCIÓN | R36: VALOR INTEGRAL / DIA | S36: CANTIDAD | T36: RENDIMIENTO | U36: VALOR PARCIAL
B37: CUADRILLA INSTALACIONES SANITARIAS | G37: =IF(B37="","",VLOOKUP(B37,CUADRILLAS!$B$87:$C$101,2,FALSE)) -> 628854.93 | H37: 1 | I37: 50 | J37: =ROUND(+IF(I37=0,0,G37*H37/I37),0) -> 12577 | M37: CUADRILLA INSTALACIONES SANITARIAS | R37: 628854.93 | S37: 1 | T37: 60 | U37: =ROUND(+IF(T37=0,0,R37*S37/T37),0) -> 10481
G38: =IF(B38="","",VLOOKUP(B38,CUADRILLAS!$B$87:$C$101,2,FALSE)) | J38: =ROUND(+IF(I38=0,0,G38*H38/I38),0) -> 0 | U38: =ROUND(+IF(T38=0,0,R38*S38/T38),0) -> 0
G39: =IF(B39="","",VLOOKUP(B39,CUADRILLAS!$B$87:$C$101,2,FALSE)) | J39: =+IF(I39=0,0,G39*H39/I39) -> 0 | U39: =+IF(T39=0,0,R39*S39/T39) -> 0
G40: =IF(B40="","",VLOOKUP(B40,CUADRILLAS!$B$87:$C$101,2,FALSE)) | J40: =+IF(I40=0,0,G40*H40/I40) -> 0 | U40: =+IF(T40=0,0,R40*S40/T40) -> 0
B41: Subtotal Mano de Obra : | J41: =SUM(J37:J40) -> 12577 | M41: Subtotal Mano de Obra : | U41: =SUM(U37:U40) -> 10481
B43: Total Costo Directo Item : | J43: =+J41+J33+J15+J25 -> 70037 | M43: Total Costo Directo Item : | U43: =+U41+U33+U15+U25 -> 67669

Sheet 4.03
D1: ='PPTO HOJA'!A4 -> DEPARTAMENTO DE ANTIOQUIA | O1: DEPARTAMENTO DE ANTIOQUIA
D2: ='PPTO HOJA'!A5 -> MUNICIPIO DE ARBOLETES | O2: MUNICIPIO DE ARBOLETES
D3: ='PPTO HOJA'!A7 -> CONSTRUCCION DE OBRAS CIVILES COMPLEMENTARIAS PARA EL CORRECTO FUNCIONAMIENTO DEL PROYECTO DENOMINADO “PARQUE GEOLÓGICO, NATURAL, AMBIENTAL, CULTURAL Y TURÍSTICO, VOLCÁN DE LODO DE ARBOLETES”, QUE SE LLEVARÁ A CABO EN EL MUNICIPIO DE ARBOLETES-ANTIOQUIA | O3: CONSTRUCCION DE OBRAS CIVILES COMPLEMENTARIAS PARA EL CORRECTO FUNCIONAMIENTO DEL PROYECTO DENOMINADO “PARQUE GEOLÓGICO, NATURAL, AMBIENTAL, CULTURAL Y TURÍSTICO, VOLCÁN DE LODO DE ARBOLETES”, QUE SE LLEVARÁ A CABO EN EL MUNICIPIO DE ARBOLETES-ANTIOQUIA
D4: ANALISIS DE PRECIOS UNITARIOS | O4: ANALISIS DE PRECIOS UNITARIOS
A6: IV | B6: ÍTEM | C6: =+'PPTO HOJA'!A35 -> 4.03 | E6: ='PPTO HOJA'!B35 -> S/I Yee Sanitaria CC 4" x 4" PVC - S | I6: Unidad | J6: ='PPTO HOJA'!C35 -> und | L6: =A6 -> IV | M6: ÍTEM | N6: =C6 -> 4.03 | P6: =E6 -> S/I Yee Sanitaria CC 4" x 4" PVC - S | T6: Unidad | U6: =J6 -> und
B7: Equipo | M7: Equipo
B8: DESCRIPCIÓN EQUIPO | G8: TIPO | H8: TARIFA/DIA | I8: RENDIMIENTO | J8: VALOR PARCIAL | M8: DESCRIPCIÓN EQUIPO | R8: TIPO | S8: TARIFA/DIA | T8: RENDIMIENTO | U8: VALOR PARCIAL
B9: HERRAMIENTAS MENORES | I9: 0.05 | J9: =ROUND(I9*J41,0) -> 63 | M9: HERRAMIENTAS MENORES | T9: 0.05 | U9: =ROUND(T9*U41,0) -> 52
G10: =IF(B10="","",VLOOKUP(B10,EQUIPOS!$B$7:$F$46,3,FALSE)) | H10: =IF(B10="","",VLOOKUP(B10,EQUIPOS!$B$7:$F$46,5,FALSE)) | J10: =IF(B10="",0,ROUND(H10/I10,0)) -> 0 | R10: =IF(M10="","",VLOOKUP(M10,EQUIPOS!$B$7:$F$46,3,FALSE)) | S10: =IF(M10="","",VLOOKUP(M10,EQUIPOS!$B$7:$F$46,5,FALSE)) | U10: =IF(M10="",0,ROUND(S10/T10,0)) -> 0
G11: =IF(B11="","",VLOOKUP(B11,EQUIPOS!$B$7:$F$46,3,FALSE)) | H11: =IF(B11="","",VLOOKUP(B11,EQUIPOS!$B$7:$F$46,5,FALSE)) | J11: =IF(B11="",0,ROUND(H11/I11,0)) -> 0 | R11: =IF(M11="","",VLOOKUP(M11,EQUIPOS!$B$7:$F$46,3,FALSE)) | S11: =IF(M11="","",VLOOKUP(M11,EQUIPOS!$B$7:$F$46,5,FALSE)) | U11: =IF(M11="",0,ROUND(S11/T11,0)) -> 0
G12: =IF(B12="","",VLOOKUP(B12,EQUIPOS!$B$7:$F$46,3,FALSE)) | H12: =IF(B12="","",VLOOKUP(B12,EQUIPOS!$B$7:$F$46,5,FALSE)) | J12: =IF(B12="",0,ROUND(H12/I12,0)) -> 0 | R12: =IF(M12="","",VLOOKUP(M12,EQUIPOS!$B$7:$F$46,3,FALSE)) | S12: =IF(M12="","",VLOOKUP(M12,EQUIPOS!$B$7:$F$46,5,FALSE)) | U12: =IF(M12="",0,ROUND(S12/T12,0)) -> 0
G13: =IF(B13="","",VLOOKUP(B13,EQUIPOS!$B$7:$F$46,3,FALSE)) | H13: =IF(B13="","",VLOOKUP(B13,EQUIPOS!$B$7:$F$46,5,FALSE)) | J13: =IF(B13="",0,ROUND(H13/I13,0)) -> 0 | R13: =IF(M13="","",VLOOKUP(M13,EQUIPOS!$B$7:$F$46,3,FALSE)) | S13: =IF(M13="","",VLOOKUP(M13,EQUIPOS!$B$7:$F$46,5,FALSE)) | U13: =IF(M13="",0,ROUND(S13/T13,0)) -> 0
G14: =IF(B14="","",VLOOKUP(B14,EQUIPOS!$B$7:$F$46,3,FALSE)) | H14: =IF(B14="","",VLOOKUP(B14,EQUIPOS!$B$7:$F$46,5,FALSE)) | R14: =IF(M14="","",VLOOKUP(M14,EQUIPOS!$B$7:$F$46,3,FALSE)) | S14: =IF(M14="","",VLOOKUP(M14,EQUIPOS!$B$7:$F$46,5,FALSE))
B15: Subtotal Equipo : | J15: =SUM(J9:J14) -> 63 | M15: Subtotal Equipo : | U15: =SUM(U9:U14) -> 52
B17: Materiales | M17: Materiales
B18: DESCRIPCIÓN MATERIAL | F18: CANTIDAD | G18: UNIDAD | H18: DESPERDICIO (%) | I18: VALOR UNITARIO | J18: VALOR PARCIAL | M18: DESCRIPCIÓN MATERIAL | Q18: CANTIDAD | R18: UNIDAD | S18: DESPERDICIO (%) | T18: VALOR UNITARIO | U18: VALOR PARCIAL
B19: Yee Sanitaria Ø 4" x 4" PVC - S | F19: 1 | G19: =IF(F19=0,"",VLOOKUP(B19,'LISTADO DE MATERIALES'!$B$6:$D$311,2,FALSE)) -> und | I19: =IF(F19=0,"",VLOOKUP(B19,'LISTADO DE MATERIALES'!$B$6:$D$311,3,FALSE)) -> 39331.92 | J19: =IF(I19="",0,ROUND((+F19*I19*(1+H19)),0)) -> 39332 | M19: Yee Sanitaria Ø 4" x 4" PVC - S | Q19: 1 | R19: =IF(Q19=0,"",VLOOKUP(M19,'LISTADO DE MATERIALES'!$B$6:$D$311,2,FALSE)) -> und | T19: =IF(Q19=0,"",VLOOKUP(M19,'LISTADO DE MATERIALES'!$B$6:$D$311,3,FALSE)) -> 39331.92 | U19: =IF(T19="",0,ROUND((+Q19*T19*(1+S19)),0)) -> 39332 | W19: 36357
B20: Soldadura PVC x 1/4 GL | F20: 0.007 | G20: =IF(F20=0,"",VLOOKUP(B20,'LISTADO DE MATERIALES'!$B$6:$D$311,2,FALSE)) -> und | H20: 0.05 | I20: =IF(F20=0,"",VLOOKUP(B20,'LISTADO DE MATERIALES'!$B$6:$D$311,3,FALSE)) -> 147850 | J20: =IF(I20="",0,ROUND((+F20*I20*(1+H20)),0)) -> 1087 | M20: Soldadura PVC x 1/4 GL | Q20: 0.007 | R20: =IF(Q20=0,"",VLOOKUP(M20,'LISTADO DE MATERIALES'!$B$6:$D$311,2,FALSE)) -> und | T20: =IF(Q20=0,"",VLOOKUP(M20,'LISTADO DE MATERIALES'!$B$6:$D$311,3,FALSE)) -> 147850 | U20: =IF(T20="",0,ROUND((+Q20*T20*(1+S20)),0)) -> 1035
B21: Limpiador PVC x 1/4 GL | F21: 0.007 | G21: =IF(F21=0,"",VLOOKUP(B21,'LISTADO DE MATERIALES'!$B$6:$D$311,2,FALSE)) -> und | H21: 0.05 | I21: =IF(F21=0,"",VLOOKUP(B21,'LISTADO DE MATERIALES'!$B$6:$D$311,3,FALSE)) -> 71305 | J21: =IF(I21="",0,ROUND((+F21*I21*(1+H21)),0)) -> 524 | M21: Limpiador PVC x 1/4 GL | Q21: 0.007 | R21: =IF(Q21=0,"",VLOOKUP(M21,'LISTADO DE MATERIALES'!$B$6:$D$311,2,FALSE)) -> und | T21: =IF(Q21=0,"",VLOOKUP(M21,'LISTADO DE MATERIALES'!$B$6:$D$311,3,FALSE)) -> 71305 | U21: =IF(T21="",0,ROUND((+Q21*T21*(1+S21)),0)) -> 499
G22: =IF(F22=0,"",VLOOKUP(B22,'LISTADO DE MATERIALES'!$B$6:$D$311,2,FALSE)) | I22: =IF(F22=0,"",VLOOKUP(B22,'LISTADO DE MATERIALES'!$B$6:$D$311,3,FALSE)) | J22: =IF(I22="",0,ROUND((+F22*I22*(1+H22)),0)) -> 0 | R22: =IF(Q22=0,"",VLOOKUP(M22,'LISTADO DE MATERIALES'!$B$6:$D$311,2,FALSE)) | T22: =IF(Q22=0,"",VLOOKUP(M22,'LISTADO DE MATERIALES'!$B$6:$D$311,3,FALSE)) | U22: =IF(T22="",0,ROUND((+Q22*T22*(1+S22)),0)) -> 0
G23: =IF(F23=0,"",VLOOKUP(B23,'LISTADO DE MATERIALES'!$B$6:$D$311,2,FALSE)) | I23: =IF(F23=0,"",VLOOKUP(B23,'LISTADO DE MATERIALES'!$B$6:$D$311,3,FALSE)) | J23: =IF(I23="",0,ROUND((+F23*I23*(1+H23)),0)) -> 0 | R23: =IF(Q23=0,"",VLOOKUP(M23,'LISTADO DE MATERIALES'!$B$6:$D$311,2,FALSE)) | T23: =IF(Q23=0,"",VLOOKUP(M23,'LISTADO DE MATERIALES'!$B$6:$D$311,3,FALSE)) | U23: =IF(T23="",0,ROUND((+Q23*T23*(1+S23)),0)) -> 0
G24: =IF(F24=0,"",VLOOKUP(B24,'LISTADO DE MATERIALES'!$B$6:$D$311,2,FALSE)) | I24: =IF(F24=0,"",VLOOKUP(B24,'LISTADO DE MATERIALES'!$B$6:$D$311,3,FALSE)) | J24: =IF(I24="",0,ROUND((+F24*I24*(1+H24)),0)) -> 0 | R24: =IF(Q24=0,"",VLOOKUP(M24,'LISTADO DE MATERIALES'!$B$6:$D$311,2,FALSE)) | T24: =IF(Q24=0,"",VLOOKUP(M24,'LISTADO DE MATERIALES'!$B$6:$D$311,3,FALSE)) | U24: =IF(T24="",0,ROUND((+Q24*T24*(1+S24)),0)) -> 0
B25: Subtotal Materiales : | J25: =SUM(J19:J24) -> 40943 | M25: Subtotal Materiales : | U25: =SUM(U19:U24) -> 40866
B27: Transporte | M27: Transporte
B28: DESCRIPCIÓN MATERIAL | G28: M3-Ton | H28: Km | I28: TARIFA | J28: VALOR PARCIAL | M28: DESCRIPCIÓN MATERIAL | R28: M3-Ton | S28: Km | T28: TARIFA | U28: VALOR PARCIAL
J29: =ROUND((I29*H29*G29),0) -> 0 | U29: =ROUND((T29*S29*R29),0) -> 0
J30: 0 | U30: 0
J31: 0 | U31: 0
J32: 0 | U32: 0
B33: Subtotal Transporte : | J33: =SUM(J29:J32) -> 0 | M33: Subtotal Transporte : | U33: =SUM(U29:U32) -> 0
B35: Mano de Obra | M35: Mano de Obra
B36: DESCRIPCIÓN | G36: VALOR INTEGRAL / DIA | H36: CANTIDAD | I36: RENDIMIENTO | J36: VALOR PARCIAL | M36: DESCRIPCIÓN | R36: VALOR INTEGRAL / DIA | S36: CANTIDAD | T36: RENDIMIENTO | U36: VALOR PARCIAL
B37: CUADRILLA INSTALACIONES SANITARIAS | G37: =IF(B37="","",VLOOKUP(B37,CUADRILLAS!$B$87:$C$101,2,FALSE)) -> 628854.93 | H37: 1 | I37: 500 | J37: =ROUND(+IF(I37=0,0,G37*H37/I37),0) -> 1258 | M37: CUADRILLA INSTALACIONES SANITARIAS | R37: =IF(M37="","",VLOOKUP(M37,CUADRILLAS!$B$87:$C$101,2,FALSE)) -> 628854.93 | S37: 1 | T37: 600 | U37: =ROUND(+IF(T37=0,0,R37*S37/T37),0) -> 1048
G38: =IF(B38="","",VLOOKUP(B38,CUADRILLAS!$B$87:$C$101,2,FALSE)) | J38: =ROUND(+IF(I38=0,0,G38*H38/I38),0) -> 0 | R38: =IF(M38="","",VLOOKUP(M38,CUADRILLAS!$B$87:$C$101,2,FALSE)) | U38: =ROUND(+IF(T38=0,0,R38*S38/T38),0) -> 0
G39: =IF(B39="","",VLOOKUP(B39,CUADRILLAS!$B$87:$C$101,2,FALSE)) | J39: =+IF(I39=0,0,G39*H39/I39) -> 0 | R39: =IF(M39="","",VLOOKUP(M39,CUADRILLAS!$B$87:$C$101,2,FALSE)) | U39: =+IF(T39=0,0,R39*S39/T39) -> 0
G40: =IF(B40="","",VLOOKUP(B40,CUADRILLAS!$B$87:$C$101,2,FALSE)) | J40: =+IF(I40=0,0,G40*H40/I40) -> 0 | R40: =IF(M40="","",VLOOKUP(M40,CUADRILLAS!$B$87:$C$101,2,FALSE)) | U40: =+IF(T40=0,0,R40*S40/T40) -> 0
B41: Subtotal Mano de Obra : | J41: =SUM(J37:J40) -> 1258 | M41: Subtotal Mano de Obra : | U41: =SUM(U37:U40) -> 1048
B43: Total Costo Directo Item : | J43: =+J41+J33+J15+J25 -> 42264 | M43: Total Costo Directo Item : | U43: =+U41+U33+U15+U25 -> 41966

Sheet 4.04
D1: ='PPTO HOJA'!A4 -> DEPARTAMENTO DE ANTIOQUIA | O1: DEPARTAMENTO DE ANTIOQUIA
D2: ='PPTO HOJA'!A5 -> MUNICIPIO DE ARBOLETES | O2: MUNICIPIO DE ARBOLETES
D3: ='PPTO HOJA'!A7 -> CONSTRUCCION DE OBRAS CIVILES COMPLEMENTARIAS PARA EL CORRECTO FUNCIONAMIENTO DEL PROYECTO DENOMINADO “PARQUE GEOLÓGICO, NATURAL, AMBIENTAL, CULTURAL Y TURÍSTICO, VOLCÁN DE LODO DE ARBOLETES”, QUE SE LLEVARÁ A CABO EN EL MUNICIPIO DE ARBOLETES-ANTIOQUIA | O3: CONSTRUCCION DE OBRAS CIVILES COMPLEMENTARIAS PARA EL CORRECTO FUNCIONAMIENTO DEL PROYECTO DENOMINADO “PARQUE GEOLÓGICO, NATURAL, AMBIENTAL, CULTURAL Y TURÍSTICO, VOLCÁN DE LODO DE ARBOLETES”, QUE SE LLEVARÁ A CABO EN EL MUNICIPIO DE ARBOLETES-ANTIOQUIA
D4: ANALISIS DE PRECIOS UNITARIOS | O4: ANALISIS DE PRECIOS UNITARIOS
A6: IV | B6: ÍTEM | C6: =+'PPTO HOJA'!A36 -> 4.04 | E6: ='PPTO HOJA'!B36 -> S/I Codo 45° Ø 6" PVC - S | I6: Unidad | J6: ='PPTO HOJA'!C36 -> und | L6: =A6 -> IV | M6: ÍTEM | N6: =C6 -> 4.04 | P6: =E6 -> S/I Codo 45° Ø 6" PVC - S | T6: Unidad | U6: =J6 -> und
B7: Equipo | M7: Equipo
B8: DESCRIPCIÓN EQUIPO | G8: TIPO | H8: TARIFA/DIA | I8: RENDIMIENTO | J8: VALOR PARCIAL | M8: DESCRIPCIÓN EQUIPO | R8: TIPO | S8: TARIFA/DIA | T8: RENDIMIENTO | U8: VALOR PARCIAL
B9: HERRAMIENTAS MENORES | I9: 0.05 | J9: =ROUND(I9*J41,0) -> 70 | M9: HERRAMIENTAS MENORES | T9: 0.05 | U9: =ROUND(T9*U41,0) -> 57
G10: =IF(B10="","",VLOOKUP(B10,EQUIPOS!$B$7:$F$46,3,FALSE)) | H10: =IF(B10="","",VLOOKUP(B10,EQUIPOS!$B$7:$F$46,5,FALSE)) | J10: =IF(B10="",0,ROUND(H10/I10,0)) -> 0 | R10: =IF(M10="","",VLOOKUP(M10,EQUIPOS!$B$7:$F$46,3,FALSE)) | S10: =IF(M10="","",VLOOKUP(M10,EQUIPOS!$B$7:$F$46,5,FALSE)) | U10: =IF(M10="",0,ROUND(S10/T10,0)) -> 0
G11: =IF(B11="","",VLOOKUP(B11,EQUIPOS!$B$7:$F$46,3,FALSE)) | H11: =IF(B11="","",VLOOKUP(B11,EQUIPOS!$B$7:$F$46,5,FALSE)) | J11: =IF(B11="",0,ROUND(H11/I11,0)) -> 0 | R11: =IF(M11="","",VLOOKUP(M11,EQUIPOS!$B$7:$F$46,3,FALSE)) | S11: =IF(M11="","",VLOOKUP(M11,EQUIPOS!$B$7:$F$46,5,FALSE)) | U11: =IF(M11="",0,ROUND(S11/T11,0)) -> 0
G12: =IF(B12="","",VLOOKUP(B12,EQUIPOS!$B$7:$F$46,3,FALSE)) | H12: =IF(B12="","",VLOOKUP(B12,EQUIPOS!$B$7:$F$46,5,FALSE)) | J12: =IF(B12="",0,ROUND(H12/I12,0)) -> 0 | R12: =IF(M12="","",VLOOKUP(M12,EQUIPOS!$B$7:$F$46,3,FALSE)) | S12: =IF(M12="","",VLOOKUP(M12,EQUIPOS!$B$7:$F$46,5,FALSE)) | U12: =IF(M12="",0,ROUND(S12/T12,0)) -> 0
G13: =IF(B13="","",VLOOKUP(B13,EQUIPOS!$B$7:$F$46,3,FALSE)) | H13: =IF(B13="","",VLOOKUP(B13,EQUIPOS!$B$7:$F$46,5,FALSE)) | J13: =IF(B13="",0,ROUND(H13/I13,0)) -> 0 | R13: =IF(M13="","",VLOOKUP(M13,EQUIPOS!$B$7:$F$46,3,FALSE)) | S13: =IF(M13="","",VLOOKUP(M13,EQUIPOS!$B$7:$F$46,5,FALSE)) | U13: =IF(M13="",0,ROUND(S13/T13,0)) -> 0
G14: =IF(B14="","",VLOOKUP(B14,EQUIPOS!$B$7:$F$46,3,FALSE)) | H14: =IF(B14="","",VLOOKUP(B14,EQUIPOS!$B$7:$F$46,5,FALSE)) | R14: =IF(M14="","",VLOOKUP(M14,EQUIPOS!$B$7:$F$46,3,FALSE)) | S14: =IF(M14="","",VLOOKUP(M14,EQUIPOS!$B$7:$F$46,5,FALSE))
B15: Subtotal Equipo : | J15: =SUM(J9:J14) -> 70 | M15: Subtotal Equipo : | U15: =SUM(U9:U14) -> 57
B17: Materiales | M17: Materiales
B18: DESCRIPCIÓN MATERIAL | F18: CANTIDAD | G18: UNIDAD | H18: DESPERDICIO (%) | I18: VALOR UNITARIO | J18: VALOR PARCIAL | M18: DESCRIPCIÓN MATERIAL | Q18: CANTIDAD | R18: UNIDAD | S18: DESPERDICIO (%) | T18: VALOR UNITARIO | U18: VALOR PARCIAL
B19: Codo 45° Ø 6" PVC - S | F19: 1 | G19: =IF(F19=0,"",VLOOKUP(B19,'LISTADO DE MATERIALES'!$B$6:$D$311,2,FALSE)) -> und | I19: =IF(F19=0,"",VLOOKUP(B19,'LISTADO DE MATERIALES'!$B$6:$D$311,3,FALSE)) -> 80735.55 | J19: =IF(I19="",0,ROUND((+F19*I19*(1+H19)),0)) -> 80736 | M19: Codo 45° Ø 6" PVC - S | Q19: 1 | R19: =IF(Q19=0,"",VLOOKUP(M19,'LISTADO DE MATERIALES'!$B$6:$D$311,2,FALSE)) -> und | T19: =IF(Q19=0,"",VLOOKUP(M19,'LISTADO DE MATERIALES'!$B$6:$D$311,3,FALSE)) -> 80735.55 | U19: =IF(T19="",0,ROUND((+Q19*T19*(1+S19)),0)) -> 80736 | W19: 73064
B20: Soldadura PVC x 1/4 GL | F20: 0.007 | G20: =IF(F20=0,"",VLOOKUP(B20,'LISTADO DE MATERIALES'!$B$6:$D$311,2,FALSE)) -> und | H20: 0.05 | I20: =IF(F20=0,"",VLOOKUP(B20,'LISTADO DE MATERIALES'!$B$6:$D$311,3,FALSE)) -> 147850 | J20: =IF(I20="",0,ROUND((+F20*I20*(1+H20)),0)) -> 1087 | M20: Soldadura PVC x 1/4 GL | Q20: 0.007 | R20: =IF(Q20=0,"",VLOOKUP(M20,'LISTADO DE MATERIALES'!$B$6:$D$311,2,FALSE)) -> und | T20: =IF(Q20=0,"",VLOOKUP(M20,'LISTADO DE MATERIALES'!$B$6:$D$311,3,FALSE)) -> 147850 | U20: =IF(T20="",0,ROUND((+Q20*T20*(1+S20)),0)) -> 1035
B21: Limpiador PVC x 1/4 GL | F21: 0.007 | G21: =IF(F21=0,"",VLOOKUP(B21,'LISTADO DE MATERIALES'!$B$6:$D$311,2,FALSE)) -> und | H21: 0.05 | I21: =IF(F21=0,"",VLOOKUP(B21,'LISTADO DE MATERIALES'!$B$6:$D$311,3,FALSE)) -> 71305 | J21: =IF(I21="",0,ROUND((+F21*I21*(1+H21)),0)) -> 524 | M21: Limpiador PVC x 1/4 GL | Q21: 0.007 | R21: =IF(Q21=0,"",VLOOKUP(M21,'LISTADO DE MATERIALES'!$B$6:$D$311,2,FALSE)) -> und | T21: =IF(Q21=0,"",VLOOKUP(M21,'LISTADO DE MATERIALES'!$B$6:$D$311,3,FALSE)) -> 71305 | U21: =IF(T21="",0,ROUND((+Q21*T21*(1+S21)),0)) -> 499
G22: =IF(F22=0,"",VLOOKUP(B22,'LISTADO DE MATERIALES'!$B$6:$D$311,2,FALSE)) | I22: =IF(F22=0,"",VLOOKUP(B22,'LISTADO DE MATERIALES'!$B$6:$D$311,3,FALSE)) | J22: =IF(I22="",0,ROUND((+F22*I22*(1+H22)),0)) -> 0 | R22: =IF(Q22=0,"",VLOOKUP(M22,'LISTADO DE MATERIALES'!$B$6:$D$311,2,FALSE)) | T22: =IF(Q22=0,"",VLOOKUP(M22,'LISTADO DE MATERIALES'!$B$6:$D$311,3,FALSE)) | U22: =IF(T22="",0,ROUND((+Q22*T22*(1+S22)),0)) -> 0
G23: =IF(F23=0,"",VLOOKUP(B23,'LISTADO DE MATERIALES'!$B$6:$D$311,2,FALSE)) | I23: =IF(F23=0,"",VLOOKUP(B23,'LISTADO DE MATERIALES'!$B$6:$D$311,3,FALSE)) | J23: =IF(I23="",0,ROUND((+F23*I23*(1+H23)),0)) -> 0 | R23: =IF(Q23=0,"",VLOOKUP(M23,'LISTADO DE MATERIALES'!$B$6:$D$311,2,FALSE)) | T23: =IF(Q23=0,"",VLOOKUP(M23,'LISTADO DE MATERIALES'!$B$6:$D$311,3,FALSE)) | U23: =IF(T23="",0,ROUND((+Q23*T23*(1+S23)),0)) -> 0
G24: =IF(F24=0,"",VLOOKUP(B24,'LISTADO DE MATERIALES'!$B$6:$D$311,2,FALSE)) | I24: =IF(F24=0,"",VLOOKUP(B24,'LISTADO DE MATERIALES'!$B$6:$D$311,3,FALSE)) | J24: =IF(I24="",0,ROUND((+F24*I24*(1+H24)),0)) -> 0 | R24: =IF(Q24=0,"",VLOOKUP(M24,'LISTADO DE MATERIALES'!$B$6:$D$311,2,FALSE)) | T24: =IF(Q24=0,"",VLOOKUP(M24,'LISTADO DE MATERIALES'!$B$6:$D$311,3,FALSE)) | U24: =IF(T24="",0,ROUND((+Q24*T24*(1+S24)),0)) -> 0
B25: Subtotal Materiales : | J25: =SUM(J19:J24) -> 82347 | M25: Subtotal Materiales : | U25: =SUM(U19:U24) -> 82270
B27: Transporte | M27: Transporte
B28: DESCRIPCIÓN MATERIAL | G28: M3-Ton | H28: Km | I28: TARIFA | J28: VALOR PARCIAL | M28: DESCRIPCIÓN MATERIAL | R28: M3-Ton | S28: Km | T28: TARIFA | U28: VALOR PARCIAL
J29: =ROUND((I29*H29*G29),0) -> 0 | U29: =ROUND((T29*S29*R29),0) -> 0
J30: 0 | U30: 0
J31: 0 | U31: 0
J32: 0 | U32: 0
B33: Subtotal Transporte : | J33: =SUM(J29:J32) -> 0 | M33: Subtotal Transporte : | U33: =SUM(U29:U32) -> 0
B35: Mano de Obra | M35: Mano de Obra
B36: DESCRIPCIÓN | G36: VALOR INTEGRAL / DIA | H36: CANTIDAD | I36: RENDIMIENTO | J36: VALOR PARCIAL | M36: DESCRIPCIÓN | R36: VALOR INTEGRAL / DIA | S36: CANTIDAD | T36: RENDIMIENTO | U36: VALOR PARCIAL
B37: CUADRILLA INSTALACIONES SANITARIAS | G37: =IF(B37="","",VLOOKUP(B37,CUADRILLAS!$B$87:$C$101,2,FALSE)) -> 628854.93 | H37: 1 | I37: 450 | J37: =ROUND(+IF(I37=0,0,G37*H37/I37),0) -> 1397 | M37: CUADRILLA INSTALACIONES SANITARIAS | R37: =IF(M37="","",VLOOKUP(M37,CUADRILLAS!$B$87:$C$101,2,FALSE)) -> 628854.93 | S37: 1 | T37: 550 | U37: =ROUND(+IF(T37=0,0,R37*S37/T37),0) -> 1143
G38: =IF(B38="","",VLOOKUP(B38,CUADRILLAS!$B$87:$C$101,2,FALSE)) | J38: =ROUND(+IF(I38=0,0,G38*H38/I38),0) -> 0 | R38: =IF(M38="","",VLOOKUP(M38,CUADRILLAS!$B$87:$C$101,2,FALSE)) | U38: =ROUND(+IF(T38=0,0,R38*S38/T38),0) -> 0
G39: =IF(B39="","",VLOOKUP(B39,CUADRILLAS!$B$87:$C$101,2,FALSE)) | J39: =+IF(I39=0,0,G39*H39/I39) -> 0 | R39: =IF(M39="","",VLOOKUP(M39,CUADRILLAS!$B$87:$C$101,2,FALSE)) | U39: =+IF(T39=0,0,R39*S39/T39) -> 0
G40: =IF(B40="","",VLOOKUP(B40,CUADRILLAS!$B$87:$C$101,2,FALSE)) | J40: =+IF(I40=0,0,G40*H40/I40) -> 0 | R40: =IF(M40="","",VLOOKUP(M40,CUADRILLAS!$B$87:$C$101,2,FALSE)) | U40: =+IF(T40=0,0,R40*S40/T40) -> 0
B41: Subtotal Mano de Obra : | J41: =SUM(J37:J40) -> 1397 | M41: Subtotal Mano de Obra : | U41: =SUM(U37:U40) -> 1143
B43: Total Costo Directo Item : | J43: =+J41+J33+J15+J25 -> 83814 | M43: Total Costo Directo Item : | U43: =+U41+U33+U15+U25 -> 83470

Sheet 4.05
D1: ='PPTO HOJA'!A4 -> DEPARTAMENTO DE ANTIOQUIA | O1: DEPARTAMENTO DE ANTIOQUIA
D2: ='PPTO HOJA'!A5 -> MUNICIPIO DE ARBOLETES | O2: MUNICIPIO DE ARBOLETES
D3: ='PPTO HOJA'!A7 -> CONSTRUCCION DE OBRAS CIVILES COMPLEMENTARIAS PARA EL CORRECTO FUNCIONAMIENTO DEL PROYECTO DENOMINADO “PARQUE GEOLÓGICO, NATURAL, AMBIENTAL, CULTURAL Y TURÍSTICO, VOLCÁN DE LODO DE ARBOLETES”, QUE SE LLEVARÁ A CABO EN EL MUNICIPIO DE ARBOLETES-ANTIOQUIA | O3: CONSTRUCCION DE OBRAS CIVILES COMPLEMENTARIAS PARA EL CORRECTO FUNCIONAMIENTO DEL PROYECTO DENOMINADO “PARQUE GEOLÓGICO, NATURAL, AMBIENTAL, CULTURAL Y TURÍSTICO, VOLCÁN DE LODO DE ARBOLETES”, QUE SE LLEVARÁ A CABO EN EL MUNICIPIO DE ARBOLETES-ANTIOQUIA
D4: ANALISIS DE PRECIOS UNITARIOS | O4: ANALISIS DE PRECIOS UNITARIOS
